Workbook
Name _1: '0100'!$A$11
Name _1: '0571'!$A$11
Name _1: '1461'!$A$11
Name _1: '1571'!$A$11
Name _1: '2521'!$A$11
Name _1: '2531'!$A$11
Name _1: '2791'!$A$11
Name _1: '2801'!$A$11
Name _1: '2911'!$A$11
Name _1: '2941'!$A$11
Name _1: '3083'!$A$11
Name _1: '3345'!$A$11
Name _1: '3362'!$A$11
Name _1: '3381'!$A$11
Name _1: '3382'!$A$11
Name _1: '3391'!$A$11
Name _1: '3394'!$A$11
Name _1: '3395'!$A$11
Name _1: '3396'!$A$11
Name _1: '3398'!$A$11
Name _1: '3400'!$A$11
Name _1: '3401'!$A$11
Name _1: '3413'!$A$11
Name _1: '3421'!$A$11
Name _1: '3431'!$A$11
Name _1: '3441'!$A$11
Name _1: '3924'!$A$11
Name _1: '3941'!$A$11
Name _1: '3961'!$A$11
Name _1: '3971'!$A$11
Name _1: '4001'!$A$11
Name _1: '4002'!$A$11
Name _1: '4012'!$A$11
Name _1: '4013'!$A$11
Name _1: '4020'!$A$11
Name _1: '4030'!$A$11
Name _1: '4031'!$A$11
Name _1: '4041'!$A$11
Name _1: '4050'!$A$11
Name _1: '4051'!$A$11
Name _1: '4061'!$A$11
Name _1: '4080'!$A$11
Name _1: '4081'!$A$11
Name _1: '4090'!$A$11
Name _1: '4091'!$A$11
Name _1: '4100'!$A$11
Name _1: '4102'!$A$11
Name _1: '4103'!$A$11
Name _1: '4111'!$A$11
Name _1: '4131'!$A$11
Name _1: '0040'!$A$11
Name _1.__2009_10_FEFP_State_and_Local_Funding: '0100'!$A$5
Name _1.__2009_10_FEFP_State_and_Local_Funding: '0571'!$A$5
Name _1.__2009_10_FEFP_State_and_Local_Funding: '1461'!$A$5
Name _1.__2009_10_FEFP_State_and_Local_Funding: '1571'!$A$5
Name _1.__2009_10_FEFP_State_and_Local_Funding: '2521'!$A$5
Name _1.__2009_10_FEFP_State_and_Local_Funding: '2531'!$A$5
Name _1.__2009_10_FEFP_State_and_Local_Funding: '2791'!$A$5
Name _1.__2009_10_FEFP_State_and_Local_Funding: '2801'!$A$5
Name _1.__2009_10_FEFP_State_and_Local_Funding: '2911'!$A$5

Sheet Net Payment
B1: May 2026 - FY 2026 Charter School FTE Payment
B2: =Based_on_the_Second_Calculation_of_the_FEFP_2010_11 -> Based on the 2025-26 Third Calculation Worksheet
B4: School # | C4: School Name | D4: Description | E4: FTE | F4: Adjustments | G4: Net | I4: NOTES TO ALL CHARTER SCHOOLS
A5: 1 | B5: 0040 | C5: Palm Beach Preparatory Middle School | D5: FTE May 2026 | E5: ='0040'!$J$124 -> 6720.22 | G5: =SUBTOTAL(109,E5:F7) -> 6720.22
D6: PY Final FEFP
I7: Please go to the bottom of the page.
A8: 2 | B8: 0571 | C8: Palmetto Park | D8: =D5 -> FTE May 2026 | E8: ='0571'!$J$124 -> 264162.62 | G8: =SUBTOTAL(109,E8:F8) -> 264162.62
A10: 3 | B10: 0100 | C10: The Learning Center High School | D10: =D5 -> FTE May 2026 | E10: ='0100'!$J$124 -> 153765.41 | G10: =SUBTOTAL(109,E10:F12) -> 153765.41
D11: PY Final FEFP
A14: 4 | B14: 1461 | C14: Inlet Grove Community High School | D14: =D5 -> FTE May 2026 | E14: ='1461'!$J$124 -> 587865.11 | G14: =SUBTOTAL(109,E14:F55) -> 474263.41
D15: PY Final FEFP | I15: Please go to the bottom of the page.
D16: Sep Teacher Supplies Retract
D17: PY Digital C/R
D18: PY Dig C/R A/R
D19: PY Class Size Cat.
D20: Class Size Cat.
D21: Transportation | F21: -97617.78
D22: School Police | F22: -14222.22
D23: AT&T | F23: -264.72
D24: Avaya Maintenance | F24: -94.48
D25: LAN & Internet | F25: -90
C26: Ends June 2022 | D26: SWA Fees
D27: FY21 TSIA
D30: WPB-248085
D31: WPB-248086
D32: WPB-248087
D33: WPB-249234
D36: WPB-297918
D37: WPB-303998
D39: WPB-303276
D40: WPB-310033
D41: WPB-310034
D42: WPB-310035
D43: WPB-310036
... D50: WPB-310490
D51: WPB-314561 | F51: -337.5
D52: WPB-316028 | F52: -225
D53: WPB-316029 | F53: -225
D54: WPB-316030 | F54: -262.5
D55: WPB-316031 | F55: -262.5
A56: =1+A14 -> 5 | B56: 1571 | C56: South Tech Charter Academy | D56: =$D$14 -> FTE May 2026 | E56: ='1571'!$J$124 -> 831353.2 | G56: =SUBTOTAL(109,E56:F73) -> 816589.42
D57: PY Final FEFP
D58: Sep Teacher Supplies Retract
D59: FY21 CSTAG Training
D60: PY Digital C/R | K60: 44630
D61: PY Dig C/R A/R | K61: =K60-60 -> 44570
D62: PY Class Size Cat.
D63: Class Size Cat.
D64: School Police | F64: -14222.22
D65: AT&T | F65: -282.08
D66: Avaya Maintenance | F66: -94.48
D67: LAN & Internet | F67: -90
D68: FEFP Adj
D69: WPB-316044 | F69: -75
D70: WPB-
D71: WPB-
D72: WPB-
D73: WPB-
A74: =1+A56 -> 6 | B74: 2521 | C74: Ed Venture | D74: =$D$14 -> FTE May 2026 | E74: ='2521'!$J$124 -> 109669.4 | G74: =SUBTOTAL(109,E74:F80) -> 109669.4
D75: PY Final FEFP
D76: PY Digital C/R
D77: PY Dig C/R A/R
D78: PY Class Size Cat.
D79: Class Size Cat.
D80: WPB-
A81: =1+A74 -> 7 | B81: 2531 | C81: Bodwell Academy | D81: =$D$14 -> FTE May 2026 | E81: ='2531'!$J$124 -> 105445.2 | G81: =SUBTOTAL(109,E81:F92) -> 105445.2
D82: PY Final FEFP
D83: PY Final FEFP
D84: Unused FY21 TSIA Funds
D85: FY21 CSTAG Training
D86: PY Digital C/R
D87: PY Dig C/R A/R
D88: PY Class Size Cat.
D89: Class Size Cat.
D90: FL AG - FY18
D91: FY21 TSIA
D92: WPB-
A93: =1+A81 -> 8 | B93: 2791 | C93: The Learning Center at The Els Center of Excellence | D93: =$D$14 -> FTE May 2026 | E93: ='2791'!$J$124 -> 661778.35 | G93: =SUBTOTAL(109,E93:F100) -> 661778.35
D94: PY Final FEFP
D95: Sep Teacher Supplies Retract
D96: PY Digital C/R
D97: PY Dig C/R A/R
D99: Class Size Cat.
D100: WPB-
A101: =A93+1 -> 9 | B101: 2801 | C101: Palm Beach Maritime Academy Elementary | D101: =$D$14 -> FTE May 2026 | E101: ='2801'!$J$124 -> 381923.19 | G101: =SUBTOTAL(109,E101:F110) -> 381923.19
D102: PY Final FEFP
D103: Sep Teacher Supplies Retract
D104: PY Digital C/R
D105: PY Safe Schl Alloc
D106: PY Class Size Cat.
D107: Class Size Cat.
D108: MS Course Recovery
D109: FL AG - FY18
D110: WPB-255421
A111: =A101+1 -> 10 | B111: 2911 | C111: Western Academy Charter School | D111: =$D$14 -> FTE May 2026 | E111: ='2911'!$J$124 -> 640427.29 | G111: =SUBTOTAL(109,E111:F121) -> 640427.29
D112: PY Final FEFP
D113: FY21 CSTAG Training
D114: PY Digital C/R
D115: PY Dig C/R A/R
D116: PY Class Size Cat.
...

Sheet Annual Rev & Fees
E4: 0.75 | F4: Admin | G4: Fee % | I4: Annual | M4: Current | Q4: Sec 1 Rev/Fee per FTE | U4: Net Rev Per Sec 1 FTE
D5: H/P | E5: ESE | F5: Fee % | G5: W/O TSIA | I5: Revenue | J5: Rev - TSIA | K5: Admin Fee | L5: Net Revenue | M5: Mth's Pmt | O5: Sec 1 FTE | Q5: Rev | R5: Fee | S5: Net Rev | U5: H/P | V5: 75% ESE | W5: Other
A6: 1 | B6: 0040 | C6: Palm Beach Preparatory Middle School | D6: 0 | F6: =-K6/I6 -> 0.046450547 | G6: =-K6/J6 -> 0.050000021 | I6: ='0040'!$J$107 -> 208074.62 | J6: ='0040'!$J$109 -> 193303.52 | K6: ='0040'!$J$114 -> -9665.18 | L6: ='0040'!$J$116 -> 198409.44 | M6: ='0040'!$J$124 -> 6720.22 | O6: {='0040'!E28:F28} -> 23.72 | P6: 0 | Q6: =I6/O6 -> 8772.1172 | R6: =K6/O6 -> -407.46965 | S6: =L6/O6 -> 8364.6476 | U6: =IF(D6="H",S6,0) -> 0 | V6: =ROUND(IF(E6=1,S6,0),2) -> 0 | W6: =IF(AND(U6=0,V6=0),S6,) -> 8364.6476
A7: 2 | B7: 0571 | C7: Palmetto Park | F7: =-K7/I7 -> 0.049024595 | G7: =-K7/J7 -> 0.050000002 | I7: ='0571'!$J$107 -> 1042137.3 | J7: ='0571'!$J$109 -> 1021807.1 | K7: ='0571'!$J$114 -> -51090.36 | L7: ='0571'!$J$116 -> 991046.95 | M7: ='0571'!$J$124 -> 264162.62 | O7: {='0571'!E28:F28} -> 126 | P7: 0 | Q7: =I7/O7 -> 8270.931 | R7: =K7/O7 -> -405.47905 | S7: =L7/O7 -> 7865.452 | U7: =IF(D7="H",S7,0) -> 0 | V7: =ROUND(IF(E7=1,S7,0),2) -> 0 | W7: =IF(AND(U7=0,V7=0),S7,) -> 7865.452
A8: 3 | B8: 0100 | C8: The Learning Center Highschool | D8: 0 | E8: 1 | F8: =-K8/I8 -> 0.011451321 | G8: =-K8/J8 -> 0.011630443 | I8: ='0100'!$J$107 -> 896580.44 | J8: ='0100'!$J$109 -> 882772.03 | K8: ='0100'!$J$114 -> -10267.03 | L8: ='0100'!$J$116 -> 886313.41 | M8: ='0100'!$J$124 -> 153765.41 | O8: {='0100'!E28:F28} -> 27 | P8: 0 | Q8: =I8/O8 -> 33206.683 | R8: =K8/O8 -> -380.26037 | S8: =L8/O8 -> 32826.423 | U8: =IF(D8="H",S8,0) -> 0 | V8: =ROUND(IF(E8=1,S8,0),2) -> 32826.42 | W8: =IF(AND(U8=0,V8=0),S8,) -> 0
A9: 4 | B9: 1461 | C9: Inlet Grove Community High School | D9: H | F9: =-K9/I9 -> 0.0057957156 | G9: =-K9/J9 -> 0.0060212667 | I9: ='1461'!$J$107 -> 7476950.8 | J9: ='1461'!$J$109 -> 7196871.1 | K9: ='1461'!$J$114 -> -43334.28 | L9: ='1461'!$J$116 -> 7433616.5 | M9: ='1461'!$J$124 -> 587865.11 | O9: {='1461'!E28:F28} -> 830.39 | P9: 0 | Q9: =I9/O9 -> 9004.1435 | R9: =K9/O9 -> -52.185455 | S9: =L9/O9 -> 8951.9581 | U9: =IF(D9="H",S9,0) -> 8951.9581 | V9: =ROUND(IF(E9=1,S9,0),2) -> 0 | W9: =IF(AND(U9=0,V9=0),S9,) -> 0
A10: 5 | B10: 1571 | C10: South Tech Charter Academy | D10: H | F10: =-K10/I10 -> 0.0043364055 | G10: =-K10/J10 -> 0.004532064 | I10: ='1571'!$J$107 -> 10320107 | J10: ='1571'!$J$109 -> 9874567 | K10: ='1571'!$J$114 -> -44752.17 | L10: ='1571'!$J$116 -> 10275355 | M10: ='1571'!$J$124 -> 831353.2 | O10: {='1571'!E28:F28} -> 1103.25 | P10: 0 | Q10: =I10/O10 -> 9354.2781 | R10: =K10/O10 -> -40.563943 | S10: =L10/O10 -> 9313.7142 | U10: =IF(D10="H",S10,0) -> 9313.7142 | V10: =ROUND(IF(E10=1,S10,0),2) -> 0 | W10: =IF(AND(U10=0,V10=0),S10,) -> 0
A11: 6 | B11: 2521 | C11: Ed Venture | D11: 0 | E11: 1 | F11: =-K11/I11 -> 0.021244065 | G11: =-K11/J11 -> 0.022070175 | I11: ='2521'!$J$107 -> 1361926.7 | J11: ='2521'!$J$109 -> 1310948.4 | K11: ='2521'!$J$114 -> -28932.86 | L11: ='2521'!$J$116 -> 1332993.9 | M11: ='2521'!$J$124 -> 109669.4 | O11: {='2521'!E28:F28} -> 73.6 | P11: 0 | Q11: =I11/O11 -> 18504.439 | R11: =K11/O11 -> -393.10951 | S11: =L11/O11 -> 18111.33 | U11: =IF(D11="H",S11,0) -> 0 | V11: =ROUND(IF(E11=1,S11,0),2) -> 18111.33 | W11: =IF(AND(U11=0,V11=0),S11,) -> 0
A12: 7 | B12: 2531 | C12: Bodwell Academy | D12: 0 | E12: 1 | F12: =-K12/I12 -> 0.011367849 | G12: =-K12/J12 -> 0.011984459 | I12: ='2531'!$J$107 -> 1466548.4 | J12: ='2531'!$J$109 -> 1391093.3 | K12: ='2531'!$J$114 -> -16671.5 | L12: ='2531'!$J$116 -> 1449876.9 | M12: ='2531'!$J$124 -> 105445.2 | O12: {='2531'!E28:F28} -> 48.5 | P12: 0 | Q12: =I12/O12 -> 30238.111 | R12: =K12/O12 -> -343.74227 | S12: =L12/O12 -> 29894.369 | U12: =IF(D12="H",S12,0) -> 0 | V12: =ROUND(IF(E12=1,S12,0),2) -> 29894.37 | W12: =IF(AND(U12=0,V12=0),S12,) -> 0
A13: 8 | B13: 2791 | C13: The Learning Center @ The Els Center of Excl | D13: 0 | E13: 1 | F13: =-K13/I13 -> 0.0095066978 | G13: =-K13/J13 -> 0.0099708204 | I13: ='2791'!$J$107 -> 5965981.2 | J13: ='2791'!$J$109 -> 5688276.2 | K13: ='2791'!$J$114 -> -56716.78 | L13: ='2791'!$J$116 -> 5909264.4 | M13: ='2791'!$J$124 -> 661778.35 | O13: {='2791'!E28:F28} -> 173.06 | P13: 0 | Q13: =I13/O13 -> 34473.484 | R13: =K13/O13 -> -327.729 | S13: =L13/O13 -> 34145.755 | U13: =IF(D13="H",S13,0) -> 0 | V13: =ROUND(IF(E13=1,S13,0),2) -> 34145.76 | W13: =IF(AND(U13=0,V13=0),S13,) -> 0
A14: 9 | B14: 2801 | C14: Palm Beach Maritime Academy Elementary | D14: 0 | F14: =-K14/I14 -> 0.021391984 | G14: =-K14/J14 -> 0.022502656 | I14: ='2801'!$J$107 -> 5154030.7 | J14: ='2801'!$J$109 -> 4899641.1 | K14: ='2801'!$J$114 -> -110254.94 | L14: ='2801'!$J$116 -> 5043775.7 | M14: ='2801'!$J$124 -> 381923.19 | O14: {='2801'!E28:F28} -> 555.49 | P14: 0 | Q14: =I14/O14 -> 9278.35 | R14: =K14/O14 -> -198.48231 | S14: =L14/O14 -> 9079.8677 | U14: =IF(D14="H",S14,0) -> 0 | V14: =ROUND(IF(E14=1,S14,0),2) -> 0 | W14: =IF(AND(U14=0,V14=0),S14,) -> 9079.8677
A15: 10 | B15: 2911 | C15: Western Academy Charter School | D15: H | F15: =-K15/I15 -> 0.0061439412 | G15: =-K15/J15 -> 0.00642236 | I15: ='2911'!$J$107 -> 6869406.5 | J15: ='2911'!$J$109 -> 6571607.6 | K15: ='2911'!$J$114 -> -42205.23 | L15: ='2911'!$J$116 -> 6827201.3 | M15: ='2911'!$J$124 -> 640427.29 | O15: {='2911'!E28:F28} -> 778.53 | P15: 0 | Q15: =I15/O15 -> 8823.5605 | R15: =K15/O15 -> -54.211437 | S15: =L15/O15 -> 8769.349 | U15: =IF(D15="H",S15,0) -> 8769.349 | V15: =ROUND(IF(E15=1,S15,0),2) -> 0 | W15: =IF(AND(U15=0,V15=0),S15,) -> 0
A16: 11 | B16: 2941 | C16: Palm Beach School for Autism | D16: 0 | E16: 1 | F16: =-K16/I16 -> 0.0074828791 | G16: =-K16/J16 -> 0.0078283449 | I16: ='2941'!$J$107 -> 11359910 | J16: ='2941'!$J$109 -> 10858595 | K16: ='2941'!$J$114 -> -85004.83 | L16: ='2941'!$J$116 -> 11274905 | M16: ='2941'!$J$124 -> 1041964.5 | O16: {='2941'!E28:F28} -> 380.17 | P16: 0 | Q16: =I16/O16 -> 29881.131 | R16: =K16/O16 -> -223.59689 | S16: =L16/O16 -> 29657.534 | U16: =IF(D16="H",S16,0) -> 0 | V16: =ROUND(IF(E16=1,S16,0),2) -> 29657.53 | W16: =IF(AND(U16=0,V16=0),S16,) -> 0
A17: 12 | B17: 3083 | C17: The Learning Academy @ The Els Center of Excl | D17: 0 | E17: 1 | F17: =-K17/I17 -> 0.0085354534 | G17: =-K17/J17 -> 0.0089434929 | I17: ='3083'!$J$107 -> 6734393.3 | J17: ='3083'!$J$109 -> 6427142.1 | K17: ='3083'!$J$114 -> -57481.1 | L17: ='3083'!$J$116 -> 6676912.2 | M17: ='3083'!$J$124 -> 668299.76 | O17: {='3083'!E28:F28} -> 179.39 | P17: 0 | Q17: =I17/O17 -> 37540.517 | R17: =K17/O17 -> -320.42533 | S17: =L17/O17 -> 37220.091 | U17: =IF(D17="H",S17,0) -> 0 | V17: =ROUND(IF(E17=1,S17,0),2) -> 37220.09 | W17: =IF(AND(U17=0,V17=0),S17,) -> 0
A18: 13 | B18: 3345 | C18: Career Academy of the Palm Beaches | D18: 0 | E18: 1 | F18: =-K18/I18 -> 0.029579053 | G18: =-K18/J18 -> 0.030424256 | I18: ='3345'!$J$107 -> 1156801.4 | J18: ='3345'!$J$109 -> 1124664.8 | K18: ='3345'!$J$114 -> -34217.09 | L18: ='3345'!$J$116 -> 1122584.3 | M18: ='3345'!$J$124 -> 100422.83 | O18: {='3345'!E28:F28} -> 83 | P18: 0 | Q18: =I18/O18 -> 13937.366 | R18: =K18/O18 -> -412.2541 | S18: =L18/O18 -> 13525.112 | U18: =IF(D18="H",S18,0) -> 0 | V18: =ROUND(IF(E18=1,S18,0),2) -> 13525.11 | W18: =IF(AND(U18=0,V18=0),S18,) -> 0
A19: 14 | B19: 3362 | C19: Somerset Avenir | F19: =-K19/I19 -> 0.049528813 | G19: =-K19/J19 -> 0.049999997 | I19: ='3362'!$J$107 -> 1465288.1 | J19: ='3362'!$J$109 -> 1451479.7 | K19: ='3362'!$J$114 -> -72573.98 | L19: ='3362'!$J$116 -> 1392714.1 | M19: ='3362'!$J$124 -> 159135.13 | O19: {='3362'!E28:F28} -> 160.99 | P19: 0 | Q19: =I19/O19 -> 9101.7336 | R19: =K19/O19 -> -450.79806 | S19: =L19/O19 -> 8650.9356 | U19: =IF(D19="H",S19,0) -> 0 | V19: =ROUND(IF(E19=1,S19,0),2) -> 0 | W19: =IF(AND(U19=0,V19=0),S19,) -> 8650.9356
A20: 15 | B20: 3381 | C20: Imagine Schools - Chancellor Campus | D20: H | F20: =-K20/I20 -> 0.0045352604 | G20: =-K20/J20 -> 0.0047626304 | I20: ='3381'!$J$107 -> 9256859.9 | J20: ='3381'!$J$109 -> 8814933.4 | K20: ='3381'!$J$114 -> -41982.27 | L20: ='3381'!$J$116 -> 9214877.7 | M20: ='3381'!$J$124 -> 780619.56 | O20: {='3381'!E28:F28} -> 1049.84 | P20: 0 | Q20: =I20/O20 -> 8817.4007 | R20: =K20/O20 -> -39.989208 | S20: =L20/O20 -> 8777.4115 | U20: =IF(D20="H",S20,0) -> 8777.4115 | V20: =ROUND(IF(E20=1,S20,0),2) -> 0 | W20: =IF(AND(U20=0,V20=0),S20,) -> 0
A21: 16 | B21: 3382 | C21: Glades Academy | D21: 0 | F21: =-K21/I21 -> 0.045510863 | G21: =-K21/J21 -> 0.047762793 | I21: ='3382'!$J$107 -> 2430609.6 | J21: ='3382'!$J$109 -> 2316010.7 | K21: ='3382'!$J$114 -> -110619.14 | L21: ='3382'!$J$116 -> 2319990.4 | M21: ='3382'!$J$124 -> 159713.42 | O21: {='3382'!E28:F28} -> 261.71 | P21: 0 | Q21: =I21/O21 -> 9287.4158 | R21: =K21/O21 -> -422.67831 | S21: =L21/O21 -> 8864.7375 | U21: =IF(D21="H",S21,0) -> 0 | V21: =ROUND(IF(E21=1,S21,0),2) -> 0 | W21: =IF(AND(U21=0,V21=0),S21,) -> 8864.7375
A22: 17 | B22: 3391 | C22: Seagull Academy for Independent Living | D22: 0
A23: 18 | B23: 3394 | C23: Montessori Academy of Early Enrichment | D23: 0 | F23: =-K23/I23 -> 0.047586687 | G23: =-K23/J23 -> 0.049999999 | I23: ='3394'!$J$107 -> 1762664.8 | J23: ='3394'!$J$109 -> 1677587.6 | K23: ='3394'!$J$114 -> -83879.38 | L23: ='3394'!$J$116 -> 1678785.5 | M23: ='3394'!$J$124 -> 144035.92 | O23: {='3394'!E28:F28} -> 192.97 | P23: 0 | Q23: =I23/O23 -> 9134.3984 | R23: =K23/O23 -> -434.67575 | S23: =L23/O23 -> 8699.7226 | U23: =IF(D23="H",S23,0) -> 0 | V23: =ROUND(IF(E23=1,S23,0),2) -> 0 | W23: =IF(AND(U23=0,V23=0),S23,) -> 8699.7226
A24: 19 | B24: 3395 | C24: Somerset Academy Charter School | D24: 0 | F24: =-K24/I24 -> 0.022190209 | G24: =-K24/J24 -> 0.023277468 | I24: ='3395'!$J$107 -> 4733496.6 | J24: ='3395'!$J$109 -> 4512401.4 | K24: ='3395'!$J$114 -> -105037.28 | L24: ='3395'!$J$116 -> 4628459.4 | M24: ='3395'!$J$124 -> 400297.65 | O24: {='3395'!E28:F28} -> 537 | P24: 0 | Q24: =I24/O24 -> 8814.7051 | R24: =K24/O24 -> -195.60015 | S24: =L24/O24 -> 8619.105 | U24: =IF(D24="H",S24,0) -> 0 | V24: =ROUND(IF(E24=1,S24,0),2) -> 0 | W24: =IF(AND(U24=0,V24=0),S24,) -> 8619.105
A25: 20 | B25: 3396 | C25: G-Star School of the Arts | D25: H | F25: =-K25/I25 -> 0.0067949796 | G25: =-K25/J25 -> 0.0071146028 | I25: ='3396'!$J$107 -> 6261771.5 | J25: ='3396'!$J$109 -> 5980461.8 | K25: ='3396'!$J$114 -> -42548.61 | L25: ='3396'!$J$116 -> 6219222.9 | M25: ='3396'!$J$124 -> 486738.7 | O25: {='3396'!E28:F28} -> 702.78 | P25: 0 | Q25: =I25/O25 -> 8910.0024 | R25: =K25/O25 -> -60.543285 | S25: =L25/O25 -> 8849.4592 | U25: =IF(D25="H",S25,0) -> 8849.4592 | V25: =ROUND(IF(E25=1,S25,0),2) -> 0 | W25: =IF(AND(U25=0,V25=0),S25,) -> 0
A26: 21 | B26: 3398 | C26: Everglades Preparatory Academy | D26: 0 | F26: =-K26/I26 -> 0.04755848 | G26: =-K26/J26 -> 0.049999997 | I26: ='3398'!$J$107 -> 912191.06 | J26: ='3398'!$J$109 -> 867648.46 | K26: ='3398'!$J$114 -> -43382.42 | L26: ='3398'!$J$116 -> 868808.64 | M26: ='3398'!$J$124 -> 71414.32 | O26: {='3398'!E28:F28} -> 102.32 | P26: 0 | Q26: =I26/O26 -> 8915.0807 | R26: =K26/O26 -> -423.98769 | S26: =L26/O26 -> 8491.093 | U26: =IF(D26="H",S26,0) -> 0 | V26: =ROUND(IF(E26=1,S26,0),2) -> 0 | W26: =IF(AND(U26=0,V26=0),S26,) -> 8491.093
A27: 22 | B27: 3400 | C27: Believers Academy | D27: 0 | E27: 1 | F27: =-K27/I27 -> 0.031457982 | G27: =-K27/J27 -> 0.032507245 | I27: ='3400'!$J$107 -> 1159635.1 | J27: ='3400'!$J$109 -> 1122204.6 | K27: ='3400'!$J$114 -> -36479.78 | L27: ='3400'!$J$116 -> 1123155.3 | M27: ='3400'!$J$124 -> 86497.22 | O27: {='3400'!E28:F28} -> 91.18 | P27: 0 | Q27: =I27/O27 -> 12718.086 | R27: =K27/O27 -> -400.08533 | S27: =L27/O27 -> 12318.001 | U27: =IF(D27="H",S27,0) -> 0 | V27: =ROUND(IF(E27=1,S27,0),2) -> 12318 | W27: =IF(AND(U27=0,V27=0),S27,) -> 0
A28: 23 | B28: 3401 | C28: Quantum High School | D28: 0 | E28: 0 | F28: =-K28/I28 -> 0.030058063 | G28: =-K28/J28 -> 0.031612757 | I28: ='3401'!$J$107 -> 3413641.4 | J28: ='3401'!$J$109 -> 3245760.8 | K28: ='3401'!$J$114 -> -102607.45 | L28: ='3401'!$J$116 -> 3311034 | M28: ='3401'!$J$124 -> 259437.29 | O28: {='3401'!E28:F28} -> 395.41 | P28: 0 | Q28: =I28/O28 -> 8633.1692 | R28: =K28/O28 -> -259.49635 | S28: =L28/O28 -> 8373.6729 | U28: =IF(D28="H",S28,0) -> 0 | V28: =ROUND(IF(E28=1,S28,0),2) -> 0 | W28: =IF(AND(U28=0,V28=0),S28,) -> 8373.6729
A29: 24 | B29: 3413 | C29: Somerset Academy Boca | D29: H | F29: =-K29/I29 -> 0.012151392 | G29: =-K29/J29 -> 0.012760962 | I29: ='3413'!$J$107 -> 3528955.4 | J29: ='3413'!$J$109 -> 3360383 | K29: ='3413'!$J$114 -> -42881.72 | L29: ='3413'!$J$116 -> 3486073.7 | M29: ='3413'!$J$124 -> 297200.24 | O29: {='3413'!E28:F28} -> 391.82 | P29: 0 | Q29: =I29/O29 -> 9006.5729 | R29: =K29/O29 -> -109.4424 | S29: =L29/O29 -> 8897.1305 | U29: =IF(D29="H",S29,0) -> 8897.1305 | V29: =ROUND(IF(E29=1,S29,0),2) -> 0 | W29: =IF(AND(U29=0,V29=0),S29,) -> 0
A30: 25 | B30: 3421 | C30: Worthington High School | D30: 0 | F30: =-K30/I30 -> 0.020132297 | G30: =-K30/J30 -> 0.020921902 | I30: ='3421'!$J$107 -> 4975212.3 | J30: ='3421'!$J$109 -> 4787444.8 | K30: ='3421'!$J$114 -> -100162.45 | L30: ='3421'!$J$116 -> 4875049.9 | M30: ='3421'!$J$124 -> 573403.85 | O30: {='3421'!E28:F28} -> 597.46 | P30: 0 | Q30: =I30/O30 -> 8327.2727 | R30: =K30/O30 -> -167.64712 | S30: =L30/O30 -> 8159.6255 | U30: =IF(D30="H",S30,0) -> 0 | V30: =ROUND(IF(E30=1,S30,0),2) -> 0 | W30: =IF(AND(U30=0,V30=0),S30,) -> 8159.6255
A31: 26 | B31: 3431 | C31: Renaissance Charter School at WPB | D31: H | F31: =-K31/I31 -> 0.0047671927 | G31: =-K31/J31 -> 0.0050130836 | I31: ='3431'!$J$107 -> 8782690.9 | J31: ='3431'!$J$109 -> 8351901.3 | K31: ='3431'!$J$114 -> -41868.78 | L31: ='3431'!$J$116 -> 8740822.1 | M31: ='3431'!$J$124 -> 709458.76 | O31: {='3431'!E28:F28} -> 997.39 | P31: 0 | Q31: =I31/O31 -> 8805.6737 | R31: =K31/O31 -> -41.978343 | S31: =L31/O31 -> 8763.6954 | U31: =IF(D31="H",S31,0) -> 8763.6954 | V31: =ROUND(IF(E31=1,S31,0),2) -> 0 | W31: =IF(AND(U31=0,V31=0),S31,) -> 0
A32: 27 | B32: 3441 | C32: South Tech Preparatory Academy (MS) | D32: H | F32: =-K32/I32 -> 0.0091252851 | G32: =-K32/J32 -> 0.0095642532 | I32: ='3441'!$J$107 -> 4634623.4 | J32: ='3441'!$J$109 -> 4421909.3 | K32: ='3441'!$J$114 -> -42292.26 | L32: ='3441'!$J$116 -> 4592331.2 | M32: ='3441'!$J$124 -> 382032.54 | O32: {='3441'!E28:F28} -> 522.78 | P32: 0 | Q32: =I32/O32 -> 8865.3419 | R32: =K32/O32 -> -80.898772 | S32: =L32/O32 -> 8784.4431 | U32: =IF(D32="H",S32,0) -> 8784.4431 | V32: =ROUND(IF(E32=1,S32,0),2) -> 0 | W32: =IF(AND(U32=0,V32=0),S32,) -> 0
A33: 28 | B33: 3924 | C33: Palm Beach Maritime Academy Secondary | D33: 0 | F33: =-K33/I33 -> 0.02916839 | G33: =-K33/J33 -> 0.030699708 | I33: ='3924'!$J$107 -> 3555476.3 | J33: ='3924'!$J$109 -> 3378127.2 | K33: ='3924'!$J$114 -> -103707.52 | L33: ='3924'!$J$116 -> 3451768.8 | M33: ='3924'!$J$124 -> 254398.21 | O33: {='3924'!E28:F28} -> 407.17 | P33: 0 | Q33: =I33/O33 -> 8732.1667 | R33: =K33/O33 -> -254.70324 | S33: =L33/O33 -> 8477.4635 | U33: =IF(D33="H",S33,0) -> 0 | V33: =ROUND(IF(E33=1,S33,0),2) -> 0 | W33: =IF(AND(U33=0,V33=0),S33,) -> 8477.4635
A34: 29 | B34: 3941 | C34: Ben Gamla Charter School | D34: H | F34: =-K34/I34 -> 0.019015692 | G34: =-K34/J34 -> 0.019999999 | I34: ='3941'!$J$107 -> 2023176.4 | J34: ='3941'!$J$109 -> 1923605.1 | K34: ='3941'!$J$114 -> -38472.1 | L34: ='3941'!$J$116 -> 1984704.3 | M34: ='3941'!$J$124 -> 151856.59 | O34: {='3941'!E28:F28} -> 224.44 | P34: 0 | Q34: =I34/O34 -> 9014.3309 | R34: =K34/O34 -> -171.41374 | S34: =L34/O34 -> 8842.9171 | U34: =IF(D34="H",S34,0) -> 8842.9171 | V34: =ROUND(IF(E34=1,S34,0),2) -> 0 | W34: =IF(AND(U34=0,V34=0),S34,) -> 0
A35: 30 | B35: 3961 | C35: Gardens School of Technology Arts | D35: 0
A36: 31 | B36: 3971 | C36: Palm Beach Preparatory Charter Academy | D36: 0 | F36: =-K36/I36 -> 0.018970266 | G36: =-K36/J36 -> 0.019924446 | I36: ='3971'!$J$107 -> 5243512.1 | J36: ='3971'!$J$109 -> 4992400.7 | K36: ='3971'!$J$114 -> -99470.82 | L36: ='3971'!$J$116 -> 5144041.2 | M36: ='3971'!$J$124 -> 442140.95 | O36: {='3971'!E28:F28} -> 627.37 | P36: 0 | Q36: =I36/O36 -> 8357.9261 | R36: =K36/O36 -> -158.55208 | S36: =L36/O36 -> 8199.374 | U36: =IF(D36="H",S36,0) -> 0 | V36: =ROUND(IF(E36=1,S36,0),2) -> 0 | W36: =IF(AND(U36=0,V36=0),S36,) -> 8199.374
A37: 32 | B37: 4001 | C37: Renaissance Charter School at Wellington | D37: 0 | F37: =-K37/I37 -> 0.01854152 | G37: =-K37/J37 -> 0.019545909 | I37: ='4001'!$J$107 -> 5652151.5 | J37: ='4001'!$J$109 -> 5361709.1 | K37: ='4001'!$J$114 -> -104799.48 | L37: ='4001'!$J$116 -> 5547352 | M37: ='4001'!$J$124 -> 410325.1 | O37: {='4001'!E28:F28} -> 639.52 | P37: 0 | Q37: =I37/O37 -> 8838.1153 | R37: =K37/O37 -> -163.87209 | S37: =L37/O37 -> 8674.2432 | U37: =IF(D37="H",S37,0) -> 0 | V37: =ROUND(IF(E37=1,S37,0),2) -> 0 | W37: =IF(AND(U37=0,V37=0),S37,) -> 8674.2432
A38: 33 | B38: 4002 | C38: Renaissance Charter School at Summit | D38: 0 | F38: =-K38/I38 -> 0.013502894 | G38: =-K38/J38 -> 0.014285388 | I38: ='4002'!$J$107 -> 7761553.8 | J38: ='4002'!$J$109 -> 7336408.5 | K38: ='4002'!$J$114 -> -104803.44 | L38: ='4002'!$J$116 -> 7656750.3 | M38: ='4002'!$J$124 -> 494080.06 | O38: {='4002'!E28:F28} -> 875.02 | P38: 0 | Q38: =I38/O38 -> 8870.1444 | R38: =K38/O38 -> -119.77262 | S38: =L38/O38 -> 8750.3718 | U38: =IF(D38="H",S38,0) -> 0 | V38: =ROUND(IF(E38=1,S38,0),2) -> 0 | W38: =IF(AND(U38=0,V38=0),S38,) -> 8750.3718
A39: 34 | B39: 4012 | C39: Somerset Academy Canyons Middle School | D39: H | F39: =-K39/I39 -> 0.0089137248 | G39: =-K39/J39 -> 0.0094151316 | I39: ='4012'!$J$107 -> 4503928.6 | J39: ='4012'!$J$109 -> 4264070 | K39: ='4012'!$J$114 -> -40146.78 | L39: ='4012'!$J$116 -> 4463781.8 | M39: ='4012'!$J$124 -> 288517.84 | O39: {='4012'!E28:F28} -> 531.06 | P39: 0 | Q39: =I39/O39 -> 8481.0164 | R39: =K39/O39 -> -75.597447 | S39: =L39/O39 -> 8405.419 | U39: =IF(D39="H",S39,0) -> 8405.419 | V39: =ROUND(IF(E39=1,S39,0),2) -> 0 | W39: =IF(AND(U39=0,V39=0),S39,) -> 0
A40: 35 | B40: 4013 | C40: Somerset Academy Canyons High School | D40: H | F40: =-K40/I40 -> 0.0048171477 | G40: =-K40/J40 -> 0.0050415422 | I40: ='4013'!$J$107 -> 9008181.4 | J40: ='4013'!$J$109 -> 8607235.2 | K40: ='4013'!$J$114 -> -43393.74 | L40: ='4013'!$J$116 -> 8964787.6 | M40: ='4013'!$J$124 -> 692428.09 | O40: {='4013'!E28:F28} -> 991.76 | P40: 0 | Q40: =I40/O40 -> 9083.0255 | R40: =K40/O40 -> -43.754275 | S40: =L40/O40 -> 9039.2712 | U40: =IF(D40="H",S40,0) -> 9039.2712 | V40: =ROUND(IF(E40=1,S40,0),2) -> 0 | W40: =IF(AND(U40=0,V40=0),S40,) -> 0
A41: 36 | B41: 4020 | C41: Franklin Academy - Boynton Beach | D41: 0 | F41: =-K41/I41 -> 0.0096289647 | G41: =-K41/J41 -> 0.010116543 | I41: ='4020'!$J$107 -> 10934890 | J41: ='4020'!$J$109 -> 10407871 | K41: ='4020'!$J$114 -> -105291.67 | L41: ='4020'!$J$116 -> 10829598 | M41: ='4020'!$J$124 -> 880883.05 | O41: {='4020'!E28:F28} -> 1235.6 | P41: 0 | Q41: =I41/O41 -> 8849.8624 | R41: =K41/O41 -> -85.215013 | S41: =L41/O41 -> 8764.6474 | U41: =IF(D41="H",S41,0) -> 0 | V41: =ROUND(IF(E41=1,S41,0),2) -> 0 | W41: =IF(AND(U41=0,V41=0),S41,) -> 8764.6474
A42: 37 | B42: 4030 | C42: Olympus International Academy | D42: 0 | F42: =-K42/I42 -> 0.04689789 | G42: =-K42/J42 -> 0.05 | I42: ='4030'!$J$107 -> 2178098.4 | J42: ='4030'!$J$109 -> 2042964.4 | K42: ='4030'!$J$114 -> -102148.22 | L42: ='4030'!$J$116 -> 2075950.2 | M42: ='4030'!$J$124 -> 101024.31 | O42: {='4030'!E28:F28} -> 242.8 | P42: 0 | Q42: =I42/O42 -> 8970.7514 | R42: =K42/O42 -> -420.70931 | S42: =L42/O42 -> 8550.0421 | U42: =IF(D42="H",S42,0) -> 0 | V42: =ROUND(IF(E42=1,S42,0),2) -> 0 | W42: =IF(AND(U42=0,V42=0),S42,) -> 8550.0421
A43: 38 | B43: 4031 | C43: Somerset Academy Wellington | D43: 0 | F43: =-K43/I43 -> 0.029641863 | G43: =-K43/J43 -> 0.031399935 | I43: ='4031'!$J$107 -> 3498747.3 | J43: ='4031'!$J$109 -> 3302853.6 | K43: ='4031'!$J$114 -> -103709.39 | L43: ='4031'!$J$116 -> 3395038 | M43: ='4031'!$J$124 -> 220857.79 | O43: {='4031'!E28:F28} -> 398.09 | P43: 0 | Q43: =I43/O43 -> 8788.835 | R43: =K43/O43 -> -260.51745 | S43: =L43/O43 -> 8528.3176 | U43: =IF(D43="H",S43,0) -> 0 | V43: =ROUND(IF(E43=1,S43,0),2) -> 0 | W43: =IF(AND(U43=0,V43=0),S43,) -> 8528.3176
A44: 39 | B44: 4041 | C44: Somerset Academy Boca Middle School | D44: H | F44: =-K44/I44 -> 0.019049746 | G44: =-K44/J44 -> 0.020000005 | I44: ='4041'!$J$107 -> 802266.35 | J44: ='4041'!$J$109 -> 764148.3 | K44: ='4041'!$J$114 -> -15282.97 | L44: ='4041'!$J$116 -> 786983.38 | M44: ='4041'!$J$124 -> 66728.55 | O44: {='4041'!E28:F28} -> 95.06 | P44: 0 | Q44: =I44/O44 -> 8439.5787 | R44: =K44/O44 -> -160.77183 | S44: =L44/O44 -> 8278.8069 | U44: =IF(D44="H",S44,0) -> 8278.8069 | V44: =ROUND(IF(E44=1,S44,0),2) -> 0 | W44: =IF(AND(U44=0,V44=0),S44,) -> 0
A45: 40 | B45: 4050 | C45: Renaissance Charter School at Cypress | D45: 0 | F45: =-K45/I45 -> 0.018619073 | G45: =-K45/J45 -> 0.019716088 | I45: ='4050'!$J$107 -> 5568945.2 | J45: ='4050'!$J$109 -> 5259085.9 | K45: ='4050'!$J$114 -> -103688.6 | L45: ='4050'!$J$116 -> 5465256.6 | M45: ='4050'!$J$124 -> 362952.79 | O45: {='4050'!E28:F28} -> 634 | P45: 0 | Q45: =I45/O45 -> 8783.8253 | R45: =K45/O45 -> -163.54669 | S45: =L45/O45 -> 8620.2786 | U45: =IF(D45="H",S45,0) -> 0 | V45: =ROUND(IF(E45=1,S45,0),2) -> 0 | W45: =IF(AND(U45=0,V45=0),S45,) -> 8620.2786
A46: 41 | B46: 4051 | C46: Renaissance Charter School at Central Palm | D46: 0 | F46: =-K46/I46 -> 0.01889542 | G46: =-K46/J46 -> 0.02009065 | I46: ='4051'!$J$107 -> 5489923.6 | J46: ='4051'!$J$109 -> 5163317.8 | K46: ='4051'!$J$114 -> -103734.41 | L46: ='4051'!$J$116 -> 5386189.2 | M46: ='4051'!$J$124 -> 305361.94 | O46: {='4051'!E28:F28} -> 622.18 | P46: 0 | Q46: =I46/O46 -> 8823.6903 | R46: =K46/O46 -> -166.72733 | S46: =L46/O46 -> 8656.9629 | U46: =IF(D46="H",S46,0) -> 0 | V46: =ROUND(IF(E46=1,S46,0),2) -> 0 | W46: =IF(AND(U46=0,V46=0),S46,) -> 8656.9629
A47: 42 | B47: 4061 | C47: Franklin Academy - Palm Beach Gardens | D47: 0 | F47: =-K47/I47 -> 0.012821042 | G47: =-K47/J47 -> 0.013499066 | I47: ='4061'!$J$107 -> 8092727.5 | J47: ='4061'!$J$109 -> 7686250.5 | K47: ='4061'!$J$114 -> -103757.2 | L47: ='4061'!$J$116 -> 7988970.3 | M47: ='4061'!$J$124 -> 588228.61 | O47: {='4061'!E28:F28} -> 925.99 | P47: 0 | Q47: =I47/O47 -> 8739.5409 | R47: =K47/O47 -> -112.05002 | S47: =L47/O47 -> 8627.4909 | U47: =IF(D47="H",S47,0) -> 0 | V47: =ROUND(IF(E47=1,S47,0),2) -> 0 | W47: =IF(AND(U47=0,V47=0),S47,) -> 8627.4909
A48: 43 | B48: 4080 | C48: University Preparatory Academy | D48: 0
A49: 44 | B49: 4081 | C49: Florida Futures Academy - North Campus | D49: 0 | F49: =-K49/I49 -> 0.047548338 | G49: =-K49/J49 -> 0.049999996 | I49: ='4081'!$J$107 -> 1032705.7 | J49: ='4081'!$J$109 -> 982068.87 | K49: ='4081'!$J$114 -> -49103.44 | L49: ='4081'!$J$116 -> 983602.26 | M49: ='4081'!$J$124 -> 85581.35 | O49: {='4081'!E28:F28} -> 123.2 | P49: 0 | Q49: =I49/O49 -> 8382.3515 | R49: =K49/O49 -> -398.56688 | S49: =L49/O49 -> 7983.7846 | U49: =IF(D49="H",S49,0) -> 0 | V49: =ROUND(IF(E49=1,S49,0),2) -> 0 | W49: =IF(AND(U49=0,V49=0),S49,) -> 7983.7846
A50: 45 | B50: 4090 | C50: Sports Leadership Academy (SLAM) | D50: 0 | F50: =-K50/I50 -> 0.037718207 | G50: =-K50/J50 -> 0.039394896 | I50: ='4090'!$J$107 -> 2662396.7 | J50: ='4090'!$J$109 -> 2549082.2 | K50: ='4090'!$J$114 -> -100420.83 | L50: ='4090'!$J$116 -> 2561975.9 | M50: ='4090'!$J$124 -> 251142.5 | O50: {='4090'!E28:F28} -> 317.3 | P50: 0 | Q50: =I50/O50 -> 8390.787 | R50: =K50/O50 -> -316.48544 | S50: =L50/O50 -> 8074.3016 | U50: =IF(D50="H",S50,0) -> 0 | V50: =ROUND(IF(E50=1,S50,0),2) -> 0 | W50: =IF(AND(U50=0,V50=0),S50,) -> 8074.3016
A51: 46 | B51: 4091 | C51: Somerset Academy Lakes | D51: 0 | F51: =-K51/I51 -> 0.030174266 | G51: =-K51/J51 -> 0.031728306 | I51: ='4091'!$J$107 -> 3574202.9 | J51: ='4091'!$J$109 -> 3399139.9 | K51: ='4091'!$J$114 -> -107848.95 | L51: ='4091'!$J$116 -> 3466354 | M51: ='4091'!$J$124 -> 301396.34 | O51: {='4091'!E28:F28} -> 393.97 | P51: 0 | Q51: =I51/O51 -> 9072.2717 | R51: =K51/O51 -> -273.74914 | S51: =L51/O51 -> 8798.5226 | U51: =IF(D51="H",S51,0) -> 0 | V51: =ROUND(IF(E51=1,S51,0),2) -> 0 | W51: =IF(AND(U51=0,V51=0),S51,) -> 8798.5226
A52: 47 | B52: 4100 | C52: Connections Education Center of the PBs | D52: 0 | E52: 1 | F52: =-K52/I52 -> 0.007944264 | G52: =-K52/J52 -> 0.0083603751 | I52: ='4100'!$J$107 -> 3982628.2 | J52: ='4100'!$J$109 -> 3784405.6 | K52: ='4100'!$J$114 -> -31639.05 | L52: ='4100'!$J$116 -> 3950989.2 | M52: ='4100'!$J$124 -> 366027.42 | O52: {='4100'!E28:F28} -> 101.48 | P52: 0 | Q52: =I52/O52 -> 39245.45 | R52: =K52/O52 -> -311.77621 | S52: =L52/O52 -> 38933.673 | U52: =IF(D52="H",S52,0) -> 0 | V52: =ROUND(IF(E52=1,S52,0),2) -> 38933.67 | W52: =IF(AND(U52=0,V52=0),S52,) -> 0
A53: 48 | B53: 4102 | C53: BridgePrep Academy of Palm Beach | D53: 0 | F53: =-K53/I53 -> 0.048103754 | G53: =-K53/J53 -> 0.049999997 | I53: ='4102'!$J$107 -> 1607557.5 | J53: ='4102'!$J$109 -> 1546591.1 | K53: ='4102'!$J$114 -> -77329.55 | L53: ='4102'!$J$116 -> 1530227.9 | M53: ='4102'!$J$124 -> 126926.27 | O53: {='4102'!E28:F28} -> 179.44 | P53: 0 | Q53: 0 | R53: 0 | S53: 0 | U53: =IF(D53="H",S53,0) -> 0 | V53: =ROUND(IF(E53=1,S53,0),2) -> 0 | W53: =IF(AND(U53=0,V53=0),S53,) -> 0
A54: 49 | B54: 4103 | C54: SLAM Boca | D54: 0 | F54: =IF(I54=0,0,-K54/I54) -> 0.012434173 | G54: =-K54/J54 -> 0.013050741 | I54: ='4103'!$J$107 -> 8408286.6 | J54: ='4103'!$J$109 -> 8011046.2 | K54: ='4103'!$J$114 -> -104550.09 | L54: ='4103'!$J$116 -> 8303736.5 | M54: ='4103'!$J$124 -> 678379.32 | O54: {='4103'!E28:F28} -> 957.8 | P54: 0 | Q54: =IF(O54=0,0,I54/O54) -> 8778.7499 | R54: =IF(O54=0,0,K54/O54) -> -109.15649 | S54: =IF(O54=0,0,L54/O54) -> 8669.5934 | U54: =IF(D54="H",S54,0) -> 0 | V54: =ROUND(IF(E54=1,S54,0),2) -> 0 | W54: =IF(AND(U54=0,V54=0),S54,) -> 8669.5934
A55: 50 | B55: 4111 | C55: SLAM HS Palm Beach | D55: 0 | F55: =IF(I55=0,0,-K55/I55) -> 0.036677724 | G55: =-K55/J55 -> 0.038444976 | I55: ='4111'!$J$107 -> 2700718.5 | J55: ='4111'!$J$109 -> 2576571 | K55: ='4111'!$J$114 -> -99056.21 | L55: ='4111'!$J$116 -> 2601662.3 | M55: ='4111'!$J$124 -> 235036.64 | O55: {='4111'!E28:F28} -> 325.14 | P55: 0 | Q55: =IF(O55=0,0,I55/O55) -> 8306.3251 | R55: =IF(O55=0,0,K55/O55) -> -304.6571 | S55: =IF(O55=0,0,L55/O55) -> 8001.668 | U55: =IF(D55="H",S55,0) -> 0 | V55: =ROUND(IF(E55=1,S55,0),2) -> 0 | W55: =IF(AND(U55=0,V55=0),S55,) -> 8001.668
A56: 51 | B56: 4131 | C56: Somerset Academy Wellington HS | D56: 0 | F56: =IF(I56=0,0,-K56/I56) -> 0.04797347 | G56: =-K56/J56 -> 0.049999995 | I56: ='4131'!$J$107 -> 1014625.6 | J56: ='4131'!$J$109 -> 973502.29 | K56: ='4131'!$J$114 -> -48675.11 | L56: ='4131'!$J$116 -> 965950.47 | M56: ='4131'!$J$124 -> 88466.91 | O56: {='4131'!E28:F28} -> 122.12 | P56: 0 | Q56: =IF(O56=0,0,I56/O56) -> 8308.4309 | R56: =IF(O56=0,0,K56/O56) -> -398.58426 | S56: =IF(O56=0,0,L56/O56) -> 7909.8466 | U56: =IF(D56="H",S56,0) -> 0 | V56: =ROUND(IF(E56=1,S56,0),2) -> 0 | W56: =IF(AND(U56=0,V56=0),S56,) -> 7909.8466
D58: =COUNTIF(D6:D57,"H") -> 12 | E58: =SUM(E6:E57) -> 9 | F58: =-K58/I58 -> 0.015275273 | G58: =-K58/J58 -> 0.016026233 | I58: =SUM(I6:I57) -> 2.1262719e+08 | J58: =SUM(J6:J57) -> 2.0266387e+08 | K58: =SUM(K6:K57) -> -3247938.4 | L58: =SUM(L6:L57) -> 2.0937925e+08 | M58: =SUM(M6:M57) -> 17456522 | O58: =SUM(O6:O57) -> 21356.26 | Q58: =SUM(Q6:Q57) -> 583879.14 | R58: =K58/O58 -> -152.08367 | S58: =L58/O58 -> 9804.116 | U58: =AVERAGEIF(U9:U55,"<>0") -> 8806.1313 | V58: =AVERAGEIF(V9:V55,"<>0") -> 26725.732 | W58: =AVERAGEIF(W6:W56,"<>0") -> 8479.068
C60: Consolidated tab totals | I60: =Consolidated!I142 -> 2.1262719e+08 | J60: =Consolidated!I144 -> 2.0266387e+08 | K60: =Consolidated!I155 -> 34913044 | L60: =I60+K60 -> 2.4754023e+08 | M60: =Consolidated!I159 -> 17456522
C62: Difference | I62: =I60-I58 -> 0 | J62: =J60-J58 -> 0 | K62: =K60-K58 -> 38160983 | L62: =L60-L58 -> 38160983 | M62: =M60-M58 -> 0

Sheet Charter Schools
B1: Palm Beach County Charter Schools
B3: Sorted by School Number | E3: Sorted by School Name
B4: Dept # | C4: Charter School Name | E4: Dept # | F4: Charter School Name
A5: 1 | B5: 0040 | C5: PALM BEACH PREPARATORY ACADEMY MS | E5: 3400 | F5: Believers Academy
A6: 2 | B6: 0571 | C6: PALMETTO PARK | E6: 3941 | F6: Ben Gamla Charter School | I6: 3391 Seagull Academy for Independent Living and 2531 Potentials Charter School merged in FY 25 and changed their name to Bodwell Academy
A7: 3 | B7: 0100 | C7: THE LEARNING CENTER HS | E7: 4102 | F7: BridgePrep Academy of PB
A8: 4 | B8: 1461 | C8: Inlet Grove Community High School | E8: 4100 | F8: Connections Education Center of the Palm Beaches
A9: 5 | B9: 1571 | C9: South Tech Charter Academy | E9: 2521 | F9: Ed Venture | I9: 3961 Garden School of Technology is closing for FY 26.
A10: 6 | B10: 2521 | C10: Ed Venture | E10: 3398 | F10: Everglades Preparatory Academy | I10: 4080 University Prep is closed for FY 26
A11: 7 | B11: 2531 | C11: Bodwell Academy (formerly - Potentials Charter School) | E11: 4081 | F11: Florida Futures Academy - North Campus
A12: 8 | B12: 2791 | C12: The Learning Center at The Els Center of Excellence | E12: 4020 | F12: Franklin Academy - Boynton Beach
A13: 9 | B13: 2801 | C13: Palm Beach Maritime Academy Elementary | E13: 4061 | F13: Franklin Academy - Palm Beach Gardens | I13: New Schools
A14: 10 | B14: 2911 | C14: Western Academy Charter School | E14: 3961 | F14: Gardens School of Technology Arts | I14: 0040 | J14: PALM BEACH PREPARATORY ACADEMY MS
A15: 11 | B15: 2941 | C15: Palm Beach School for Autism | E15: 3382 | F15: Glades Academy | I15: 0100 | J15: THE LEARNING CENTER HS
A16: 12 | B16: 3083 | C16: The Learning Academy at The Els Center of Excellence | E16: 3396 | F16: G-Star School of the Arts for Motion Pictures and Television | I16: 3362 | J16: Somserset Avenir
A17: 13 | B17: 3345 | C17: Career Academy of the Palm Beaches | E17: 3345 | F17: Career Academy of the Palm Beaches | I17: 0571 | J17: Palmetto Park High School
A18: 14 | B18: 3362 | C18: Somerset Avenir | E18: 3381 | F18: Imagine Schools - Chancellor Campus
A19: 15 | B19: 3381 | C19: Imagine Schools - Chancellor Campus | E19: 1461 | F19: Inlet Grove Community High School
A20: 16 | B20: 3382 | C20: Glades Academy | E20: 3394 | F20: Montessori Academy of Early Enrichment
A21: 17 | B21: 3391 | C21: Seagull Academy for Independent Living | E21: 4030 | F21: Olympus International Academy
A22: 18 | B22: 3394 | C22: Montessori Academy of Early Enrichment | E22: 2801 | F22: Palm Beach Maritime Academy Elementary
A23: 19 | B23: 3395 | C23: Somerset Academy JFK Charter School | E23: 3924 | F23: Palm Beach Maritime Academy Secondary
A24: 20 | B24: 3396 | C24: G-Star School of the Arts for Motion Pictures and Television | E24: 3971 | F24: Palm Beach Preparatory Charter Academy
A25: 21 | B25: 3398 | C25: Everglades Preparatory Academy | E25: 0040 | F25: PALM BEACH PREPARATORY ACADEMY MS
A26: 22 | B26: 3400 | C26: Believers Academy | E26: 2941 | F26: Palm Beach School for Autism
A27: 23 | B27: 3401 | C27: Quantum High School | E27: 2531 | F27: Potentials Charter School
A28: 24 | B28: 3413 | C28: Somerset Academy Boca | E28: 3401 | F28: Quantum High School
A29: 25 | B29: 3421 | C29: Worthington High School | E29: 4051 | F29: Renaissance Charter School at Central Palm
A30: 26 | B30: 3431 | C30: Renaissance Charter School at WPB | E30: 4050 | F30: Renaissance Charter School at Cypress
... A34: 30 | B34: 3961 | C34: Gardens School of Technology Arts | E34: 3391 | F34: Seagull Academy for Independent Living
A35: 31 | B35: 3971 | C35: Palm Beach Preparatory Charter Academy | E35: 4111 | F35: SLAM HS Palm Beach
A36: 32 | B36: 4001 | C36: Renaissance Charter School at Wellington | E36: 3362 | F36: Somerset Avenir
A37: 33 | B37: 4002 | C37: Renaissance Charter School at Summit | E37: 3413 | F37: Somerset Academy Boca
A38: 34 | B38: 4012 | C38: Somerset Academy Canyons Middle School | E38: 4041 | F38: Somerset Academy Boca Middle School
A39: 35 | B39: 4013 | C39: Somerset Academy Canyons High School | E39: 4013 | F39: Somerset Academy Canyons High School
A40: 36 | B40: 4020 | C40: Franklin Academy - Boynton Beach | E40: 4012 | F40: Somerset Academy Canyons Middle School
A41: 37 | B41: 4030 | C41: Olympus International Academy | E41: 3395 | F41: Somerset Academy JFK Charter School
A42: 38 | B42: 4031 | C42: Somerset Academy Wellington | E42: 4091 | F42: Somerset Academy Lakes
A43: 39 | B43: 4041 | C43: Somerset Academy Boca Middle School | E43: 4031 | F43: Somerset Academy Wellington
A44: 40 | B44: 4050 | C44: Renaissance Charter School at Cypress | E44: 4131 | F44: Somerset Academy Wellington HS
A45: 41 | B45: 4051 | C45: Renaissance Charter School at Central Palm | E45: 1571 | F45: South Tech Charter Academy
A46: 42 | B46: 4061 | C46: Franklin Academy - Palm Beach Gardens | E46: 3441 | F46: South Tech Preparatory Academy (Middle School)
A47: 43 | B47: 4080 | C47: University Prep Palm Beach | E47: 4090 | F47: Sports Leadership & Management (SLAM) MS
A48: 44 | B48: 4081 | C48: Florida Futures Academy - North Campus | E48: 4103 | F48: Sports Leadership Arts Management (SLAM) Acdemy MHS (Boca)
A49: 45 | B49: 4090 | C49: Sports Leadership & Management (SLAM) MS | E49: 3083 | F49: The Learning Academy at The Els Center of Excellence
A50: 46 | B50: 4091 | C50: Somerset Academy Lakes | E50: 0100 | F50: The Learning Center High School
A51: 47 | B51: 4100 | C51: Connections Education Center of the Palm Beaches | E51: 2791 | F51: The Learning Center at The Els Center of Excellence
A52: 48 | B52: 4102 | C52: BridgePrep Academy of PB | E52: 4080 | F52: University Prep Palm Beach
A53: 49 | B53: 4103 | C53: Sports Leadership Arts Management (SLAM) Acdemy MHS (Boca) | E53: 2911 | F53: Western Academy Charter School
A54: 50 | B54: 4111 | C54: SLAM HS Palm Beach | E54: 3421 | F54: Worthington High School
A55: 51 | B55: 4131 | C55: Somerset Academy Wellington HS | E55: 0571 | F55: PALMETTO PARK

Sheet Cumulative Payments
A1: Cumulative Payments
D4: Net Revenue | E4: July | F4: August | G4: Sept | H4: Oct | I4: Nov | J4: Dec | K4: Jan | L4: Feb | M4: March | N4: April | O4: May | P4: June | Q4: Total | R4: Payments excluding current month
A5: 1 | B5: 0040 | C5: Palm Beach Preparatory Middle School | D5: ='Annual Rev & Fees'!L6 -> 198409.44 | E5: 24451.48 | F5: 24870.66 | G5: 24870.66 | H5: 24538.62 | I5: 24538.63 | J5: 24538.62 | K5: 24538.63 | L5: 4207.23 | M5: 4207.23 | N5: 4207.24 | O5: 6720.22 | Q5: =SUM(E5:P5) -> 191689.22 | R5: 0
A6: 2 | B6: 0571 | C6: Palmetto Park | D6: ='Annual Rev & Fees'!L7 -> 991046.95 | H6: 43342.64 | I6: 43342.64 | J6: 43342.64 | K6: 43342.64 | L6: 96450.38 | M6: 96450.39 | N6: 96450.38 | O6: 264162.62 | Q6: =SUM(E6:P6) -> 726884.33
A7: 3 | B7: 0100 | C7: The Learning Center Highschool | D7: ='Annual Rev & Fees'!L8 -> 886313.41 | E7: 22293.06 | F7: 22269.68 | G7: 22269.68 | H7: 26670.77 | I7: 26670.78 | J7: 26737.89 | K7: 28707.39 | L7: 134387.78 | M7: 134387.78 | N7: 134387.78 | O7: 153765.41 | Q7: =SUM(E7:P7) -> 732548 | R7: 0
A8: 4 | B8: 1461 | C8: Inlet Grove Community High School | D8: ='Annual Rev & Fees'!L9 -> 7433616.5 | E8: 485398.34 | F8: 492757.49 | G8: 662254.39 | H8: 675822.09 | I8: 659372.2 | J8: 659372.2 | K8: 659372.2 | L8: 654512.45 | M8: 654512.45 | N8: 654512.45 | O8: 587865.11 | Q8: =SUM(E8:P8) -> 6845751.4 | R8: 0
A9: 5 | B9: 1571 | C9: South Tech Charter Academy | D9: ='Annual Rev & Fees'!L10 -> 10275355 | E9: 795164.86 | F9: 808415.92 | G9: 876352.53 | H9: 860836.4 | I9: 860836.4 | J9: 860836.4 | K9: 860836.4 | L9: 896456.63 | M9: 896456.63 | N9: 896456.62 | O9: 831353.2 | Q9: =SUM(E9:P9) -> 9444002 | R9: 0
A10: 6 | B10: 2521 | C10: Ed Venture | D10: ='Annual Rev & Fees'!L11 -> 1332993.9 | E10: 112200.54 | F10: 112562.16 | G10: 112694.4 | H10: 109553.39 | I10: 109553.39 | J10: 109705.04 | K10: 109705.05 | L10: 112560.37 | M10: 112560.37 | N10: 112560.37 | O10: 109669.4 | Q10: =SUM(E10:P10) -> 1223324.5 | R10: 0
A11: 7 | B11: 2531 | C11: Bodwell Academy | D11: ='Annual Rev & Fees'!L12 -> 1449876.9 | E11: 128465.38 | F11: 132295.12 | G11: 132295.12 | H11: 136643.49 | I11: 136643.49 | J11: 137042.07 | K11: 136859.32 | L11: 99580.83 | M11: 99580.83 | N11: 99580.83 | O11: 105445.2 | Q11: =SUM(E11:P11) -> 1344431.7 | R11: 0
A12: 8 | B12: 2791 | C12: The Learning Center @ The Els Center of Excl | D12: ='Annual Rev & Fees'!L13 -> 5909264.4 | E12: 440248.86 | F12: 446019.94 | G12: 446019.95 | H12: 454340.22 | I12: 454340.22 | J12: 455853.95 | K12: 455853.95 | L12: 477676.86 | M12: 477676.86 | N12: 477676.86 | O12: 661778.35 | Q12: =SUM(E12:P12) -> 5247486 | R12: 0
A13: 9 | B13: 2801 | C13: Palm Beach Maritime Academy Elementary | D13: ='Annual Rev & Fees'!L14 -> 5043775.7 | E13: 433777.9 | F13: 438326.62 | G13: 438326.62 | H13: 441316.79 | I13: 441316.79 | J13: 441316.79 | K13: 441316.79 | L13: 401410.35 | M13: 401410.35 | N13: 401410.34 | O13: 381923.19 | Q13: =SUM(E13:P13) -> 4661852.5 | R13: 0
A14: 10 | B14: 2911 | C14: Western Academy Charter School | D14: ='Annual Rev & Fees'!L15 -> 6827201.3 | E14: 505265.93 | F14: 513425.85 | G14: 513425.85 | H14: 511868.89 | I14: 511868.89 | J14: 511868.89 | K14: 511868.9 | L14: 655584.5 | M14: 655584.5 | N14: 655584.5 | O14: 640427.29 | Q14: =SUM(E14:P14) -> 6186774 | R14: 0
A15: 11 | B15: 2941 | C15: Palm Beach School for Autism | D15: ='Annual Rev & Fees'!L16 -> 11274905 | E15: 858865.25 | F15: 869504.11 | G15: 869504.11 | H15: 890806.34 | I15: 890806.34 | J15: 892399.18 | K15: 892467.27 | L15: 1008874.4 | M15: 1008874.4 | N15: 1008874.4 | O15: 1041964.5 | Q15: =SUM(E15:P15) -> 10232940 | R15: 0
A16: 12 | B16: 3083 | C16: The Learning Academy @ The Els Center of Excl | D16: ='Annual Rev & Fees'!L17 -> 6676912.2 | E16: 484859.99 | F16: 497059.68 | G16: 497059.68 | H16: 504701.18 | I16: 504701.18 | J16: 506490.84 | K16: 505938.1 | L16: 613167.34 | M16: 613167.34 | N16: 613167.33 | O16: 668299.76 | Q16: =SUM(E16:P16) -> 6008612.4 | R16: 0
A17: 13 | B17: 3345 | C17: Career Academy of the Palm Beaches | D17: ='Annual Rev & Fees'!L18 -> 1122584.3 | E17: 90419.86 | F17: 91364.55 | G17: 91364.55 | H17: 93532.75 | I17: 93532.75 | J17: 93541.68 | K17: 93541.68 | L17: 91480.28 | M17: 91480.28 | N17: 91480.28 | O17: 100422.83 | Q17: =SUM(E17:P17) -> 1022161.5 | R17: 0
A18: 14 | B18: 3362 | C18: Somerset Avenir | D18: ='Annual Rev & Fees'!L19 -> 1392714.1 | H18: 152593 | I18: 152593 | J18: 152593 | K18: 152593 | L18: 154690.62 | M18: 154690.63 | N18: 154690.62 | O18: 159135.13 | Q18: =SUM(E18:P18) -> 1233579
A19: 15 | B19: 3381 | C19: Imagine Schools - Chancellor Campus | D19: ='Annual Rev & Fees'!L20 -> 9214877.7 | E19: 750894 | F19: 762872.3 | G19: 762872.3 | H19: 765891.06 | I19: 765891.07 | J19: 765891.06 | K19: 765891.07 | L19: 771145.22 | M19: 771145.23 | N19: 771145.22 | O19: 780619.56 | Q19: =SUM(E19:P19) -> 8434258.1 | R19: 0
A20: 16 | B20: 3382 | C20: Glades Academy | D20: ='Annual Rev & Fees'!L21 -> 2319990.4 | E20: 199480.37 | F20: 202508.28 | G20: 202508.28 | H20: 198960.42 | I20: 198960.42 | J20: 198960.42 | K20: 198960.42 | L20: 200075 | M20: 200075 | N20: 200075 | O20: 159713.42 | Q20: =SUM(E20:P20) -> 2160277 | R20: 0
A21: 17 | B21: 3391 | C21: Seagull Academy for Independent Living | D21: ='Annual Rev & Fees'!L22 -> 0 | F21: 0 | Q21: =SUM(E21:P21) -> 0 | R21: 0
A22: 18 | B22: 3394 | C22: Montessori Academy of Early Enrichment | D22: ='Annual Rev & Fees'!L23 -> 1678785.5 | E22: 136646.84 | F22: 137857.37 | G22: 137857.37 | H22: 136608.8 | I22: 136608.8 | J22: 136608.79 | K22: 136608.8 | L22: 143972.29 | M22: 143972.29 | N22: 143972.29 | O22: 144035.92 | Q22: =SUM(E22:P22) -> 1534749.6 | R22: 0
A23: 19 | B23: 3395 | C23: Somerset Academy Charter School | D23: ='Annual Rev & Fees'!L24 -> 4628459.4 | E23: 363962.87 | F23: 368541.43 | G23: 368541.43 | H23: 366702.21 | I23: 366702.21 | J23: 366702.21 | K23: 366702.22 | L23: 420003.16 | M23: 420003.16 | N23: 420003.16 | O23: 400297.65 | Q23: =SUM(E23:P23) -> 4228161.7 | R23: 0
A24: 20 | B24: 3396 | C24: G-Star School of the Arts | D24: ='Annual Rev & Fees'!L25 -> 6219222.9 | E24: 481353.82 | F24: 489623.72 | G24: 533385.66 | H24: 524600.61 | I24: 524600.61 | J24: 524600.6 | K24: 524600.61 | L24: 547659.96 | M24: 547659.97 | N24: 547659.96 | O24: 486738.7 | Q24: =SUM(E24:P24) -> 5732484.2 | R24: 0
A25: 21 | B25: 3398 | C25: Everglades Preparatory Academy | D25: ='Annual Rev & Fees'!L26 -> 868808.64 | E25: 75370.15 | F25: 76763.56 | G25: 76763.56 | H25: 78174.02 | I25: 78174.02 | J25: 78174.02 | K25: 78174.02 | L25: 61462.22 | M25: 61462.22 | N25: 61462.22 | O25: 71414.32 | Q25: =SUM(E25:P25) -> 797394.33 | R25: 0
A26: 22 | B26: 3400 | C26: Believers Academy | D26: ='Annual Rev & Fees'!L27 -> 1123155.3 | E26: 93540.76 | F26: 94458.1 | G26: 94458.1 | H26: 100055.2 | I26: 100055.2 | J26: 100047.91 | K26: 100047.91 | L26: 89165.9 | M26: 89165.91 | N26: 89165.9 | O26: 86497.22 | Q26: =SUM(E26:P26) -> 1036658.1 | R26: 0
A27: 23 | B27: 3401 | C27: Quantum High School | D27: ='Annual Rev & Fees'!L28 -> 3311034 | E27: 291401.55 | F27: 296284.6 | G27: 298028.7 | H27: 307696.18 | I27: 307696.18 | J27: 307696.17 | K27: 307696.18 | L27: 225219.95 | M27: 225219.95 | N27: 225219.95 | O27: 259437.29 | Q27: =SUM(E27:P27) -> 3051596.7 | R27: 0
A28: 24 | B28: 3413 | C28: Somerset Academy Boca | D28: ='Annual Rev & Fees'!L29 -> 3486073.7 | E28: 282765.64 | F28: 286550.08 | G28: 286550.08 | H28: 287180.12 | I28: 287180.12 | J28: 287180.12 | K28: 287180.12 | L28: 295695.63 | M28: 295695.64 | N28: 295695.63 | O28: 297200.24 | Q28: =SUM(E28:P28) -> 3188873.4 | R28: 0
A29: 25 | B29: 3421 | C29: Worthington High School | D29: ='Annual Rev & Fees'!L30 -> 4875049.9 | E29: 318686.65 | F29: 320269.78 | G29: 322019.77 | H29: 365620.49 | I29: 365620.49 | J29: 365620.49 | K29: 365620.49 | L29: 434928.01 | M29: 434928.01 | N29: 434928.01 | O29: 573403.85 | Q29: =SUM(E29:P29) -> 4301646 | R29: 0
A30: 26 | B30: 3431 | C30: Renaissance Charter School at WPB | D30: ='Annual Rev & Fees'!L31 -> 8740822.1 | E30: 727291.13 | F30: 737684.93 | G30: 737684.93 | H30: 725549.97 | I30: 725549.97 | J30: 725549.97 | K30: 725549.97 | L30: 739014.58 | M30: 739014.59 | N30: 739014.58 | O30: 709458.76 | Q30: =SUM(E30:P30) -> 8031363.4 | R30: 0
A31: 27 | B31: 3441 | C31: South Tech Preparatory Academy (MS) | D31: ='Annual Rev & Fees'!L32 -> 4592331.2 | E31: 365051.77 | F31: 372113.82 | G31: 380953.21 | H31: 387823.98 | I31: 387823.98 | J31: 387823.98 | K31: 387823.98 | L31: 386283.79 | M31: 386283.8 | N31: 386283.79 | O31: 382032.54 | Q31: =SUM(E31:P31) -> 4210298.6 | R31: 0
A32: 28 | B32: 3924 | C32: Palm Beach Maritime Academy Secondary | D32: ='Annual Rev & Fees'!L33 -> 3451768.8 | E32: 303122.37 | F32: 308213.52 | G32: 309424.3 | H32: 306743.77 | I32: 306743.77 | J32: 306743.77 | K32: 306743.77 | L32: 265079.04 | M32: 265079.04 | N32: 265079.04 | O32: 254398.21 | Q32: =SUM(E32:P32) -> 3197370.6 | R32: 0
A33: 29 | B33: 3941 | C33: Ben Gamla Charter School | D33: ='Annual Rev & Fees'!L34 -> 1984704.3 | E33: 166503.7 | F33: 168521.9 | G33: 168521.9 | H33: 168880.64 | I33: 168880.64 | J33: 168880.64 | K33: 168880.64 | L33: 167307.03 | M33: 167307.03 | N33: 167307.02 | O33: 151856.59 | Q33: =SUM(E33:P33) -> 1832847.7 | R33: 0
A34: 30 | B34: 3961 | C34: Gardens School of Technology Arts | D34: ='Annual Rev & Fees'!L35 -> 0 | F34: 0 | Q34: =SUM(E34:P34) -> 0 | R34: 0
A35: 31 | B35: 3971 | C35: Palm Beach Perparatory Charter Academy | D35: ='Annual Rev & Fees'!L36 -> 5144041.2 | E35: 418200.93 | F35: 425546.45 | G35: 426358.86 | H35: 468192.65 | I35: 468192.65 | J35: 468192.64 | K35: 468192.65 | L35: 372294.18 | M35: 372294.18 | N35: 372294.17 | O35: 442140.95 | Q35: =SUM(E35:P35) -> 4701900.3 | R35: 0
A36: 32 | B36: 4001 | C36: Renaissance Charter School at Wellington | D36: ='Annual Rev & Fees'!L37 -> 5547352 | E36: 486040.8 | F36: 493503.39 | G36: 493503.4 | H36: 492923.41 | I36: 492923.41 | J36: 492923.41 | K36: 492923.41 | L36: 427320.19 | M36: 427320.19 | N36: 427320.19 | O36: 410325.1 | Q36: =SUM(E36:P36) -> 5137026.9 | R36: 0
A37: 33 | B37: 4002 | C37: Renaissance Charter School at Summit | D37: ='Annual Rev & Fees'!L38 -> 7656750.3 | E37: 707326.89 | F37: 715174.9 | G37: 715174.91 | H37: 708965.29 | I37: 708965.29 | J37: 708965.29 | K37: 708965.29 | L37: 565017.45 | M37: 565017.45 | N37: 565017.44 | O37: 494080.06 | Q37: =SUM(E37:P37) -> 7162670.3 | R37: 0
A38: 34 | B38: 4012 | C38: Somerset Academy Canyons Middle School | D38: ='Annual Rev & Fees'!L39 -> 4463781.8 | E38: 401311.12 | F38: 409405.4 | G38: 417398.36 | H38: 416469.55 | I38: 416469.55 | J38: 416469.55 | K38: 416469.55 | L38: 330917.68 | M38: 330917.68 | N38: 330917.68 | O38: 288517.84 | Q38: =SUM(E38:P38) -> 4175264 | R38: 0
A39: 35 | B39: 4013 | C39: Somerset Academy Canyons High School | D39: ='Annual Rev & Fees'!L40 -> 8964787.6 | E39: 667648.91 | F39: 677472.72 | G39: 795258.27 | H39: 786596.81 | I39: 786596.81 | J39: 786596.81 | K39: 786596.81 | L39: 764388.1 | M39: 764388.1 | N39: 764388.1 | O39: 692428.09 | Q39: =SUM(E39:P39) -> 8272359.5 | R39: 0
A40: 36 | B40: 4020 | C40: Franklin Academy - Boynton Beach | D40: ='Annual Rev & Fees'!L41 -> 10829598 | E40: 892802.19 | F40: 906770.45 | G40: 906770.45 | H40: 899763.33 | I40: 899763.33 | J40: 899763.33 | K40: 899763.33 | L40: 920811.93 | M40: 920811.93 | N40: 920811.93 | O40: 880883.05 | Q40: =SUM(E40:P40) -> 9948715.2 | R40: 0
A41: 37 | B41: 4030 | C41: Olympus International Academy | D41: ='Annual Rev & Fees'!L42 -> 2075950.2 | E41: 216879.02 | F41: 218407.85 | G41: 218407.85 | H41: 217485.59 | I41: 217485.59 | J41: 217485.59 | K41: 217485.59 | L41: 116754.84 | M41: 116754.84 | N41: 116754.84 | O41: 101024.31 | Q41: =SUM(E41:P41) -> 1974925.9 | R41: 0
A42: 38 | B42: 4031 | C42: Somerset Academy Wellington | D42: ='Annual Rev & Fees'!L43 -> 3395038 | E42: 322483.34 | F42: 326575.68 | G42: 326575.68 | H42: 319995.16 | I42: 319995.16 | J42: 319995.16 | K42: 319995.16 | L42: 232569.01 | M42: 232569.02 | N42: 232569.01 | O42: 220857.79 | Q42: =SUM(E42:P42) -> 3174180.2 | R42: 0
A43: 39 | B43: 4041 | C43: Somerset Academy Boca Middle School | D43: ='Annual Rev & Fees'!L44 -> 786983.38 | E43: 63488.77 | F43: 64770.19 | G43: 64770.19 | H43: 64613.31 | I43: 64613.31 | J43: 64613.31 | K43: 64613.31 | L43: 67347.96 | M43: 67347.97 | N43: 67347.96 | O43: 66728.55 | Q43: =SUM(E43:P43) -> 720254.83 | R43: 0
A44: 40 | B44: 4050 | C44: Renaissance Charter School at Cypress | D44: ='Annual Rev & Fees'!L45 -> 5465256.6 | E44: 512294.34 | F44: 519597.92 | G44: 519597.92 | H44: 511250.04 | I44: 511250.04 | J44: 511250.04 | K44: 511250.04 | L44: 380953.57 | M44: 380953.57 | N44: 380953.57 | O44: 362952.79 | Q44: =SUM(E44:P44) -> 5102303.8 | R44: 0
A45: 41 | B45: 4051 | C45: Renaissance Charter School at Central Palm | D45: ='Annual Rev & Fees'!L46 -> 5386189.2 | E45: 541173.16 | F45: 548429.27 | G45: 548429.27 | H45: 533809.2 | I45: 533809.2 | J45: 533809.2 | K45: 533809.2 | L45: 334065.61 | M45: 334065.61 | N45: 334065.6 | O45: 305361.94 | Q45: =SUM(E45:P45) -> 5080827.3 | R45: 0
A46: 42 | B46: 4061 | C46: Franklin Academy - Palm Beach Gardens | D46: ='Annual Rev & Fees'!L47 -> 7988970.3 | E46: 686342 | F46: 697323.13 | G46: 697323.13 | H46: 697798.89 | I46: 697798.89 | J46: 697798.89 | K46: 697798.89 | L46: 646776.42 | M46: 646776.42 | N46: 646776.42 | O46: 588228.61 | Q46: =SUM(E46:P46) -> 7400741.7 | R46: 0
A47: 43 | B47: 4080 | C47: University Preparatory Academy | D47: ='Annual Rev & Fees'!L48 -> 0 | E47: 166059.87 | F47: -166059.87 | Q47: =SUM(E47:P47) -> 0 | R47: 0
A48: 44 | B48: 4081 | C48: Florida Futures Academy - North Campus | D48: ='Annual Rev & Fees'!L49 -> 983602.26 | E48: 83555.86 | F48: 84667.61 | G48: 84667.61 | H48: 86139.09 | I48: 86139.09 | J48: 86139.09 | K48: 86139.09 | L48: 71664.04 | M48: 71664.05 | N48: 71664.04 | O48: 85581.35 | Q48: =SUM(E48:P48) -> 898020.92 | R48: 0
A49: 45 | B49: 4090 | C49: Sports Leadership Academy (SLAM) | D49: ='Annual Rev & Fees'!L50 -> 2561975.9 | E49: 182095.15 | F49: 185341.43 | G49: 185341.43 | H49: 209719.73 | I49: 209719.73 | J49: 209719.73 | K49: 209719.73 | L49: 222677.99 | M49: 222677.99 | N49: 222677.99 | O49: 251142.5 | Q49: =SUM(E49:P49) -> 2310833.4 | R49: 0
A50: 46 | B50: 4091 | C50: Somerset Academy Lakes | D50: ='Annual Rev & Fees'!L51 -> 3466354 | E50: 285991.1 | F50: 288895.8 | G50: 288895.8 | H50: 283969.88 | I50: 283969.88 | J50: 283969.88 | K50: 283969.88 | L50: 287966.35 | M50: 287966.35 | N50: 287966.35 | O50: 301396.34 | Q50: =SUM(E50:P50) -> 3164957.6 | R50: 0
A51: 47 | B51: 4100 | C51: Connections Education Center of the PBs | D51: ='Annual Rev & Fees'!L52 -> 3950989.2 | E51: 312807.54 | F51: 321124.13 | G51: 321124.13 | H51: 321124.13 | I51: 321189.65 | J51: 322316.15 | K51: 322228.79 | L51: 325673.27 | M51: 325673.27 | N51: 325673.27 | O51: 366027.42 | Q51: =SUM(E51:P51) -> 3584961.8 | R51: 0
A52: 48 | B52: 4102 | C52: BridgePrep Academy of Palm Beach | D52: ='Annual Rev & Fees'!L53 -> 1530227.9 | E52: 95722.88 | F52: 97565.26 | G52: 129838.42 | H52: 129838.42 | I52: 129838.42 | J52: 129838.41 | K52: 129838.42 | L52: 144631.73 | M52: 144631.73 | N52: 144631.72 | O52: 126926.27 | Q52: =SUM(E52:P52) -> 1403301.7 | R52: 0
A53: 49 | B53: 4103 | C53: SLAM Boca | D53: ='Annual Rev & Fees'!L54 -> 8303736.5 | E53: 660664.69 | F53: 670046.88 | G53: 702200.36 | H53: 698845.87 | I53: 698845.87 | J53: 698845.86 | K53: 698845.87 | L53: 706227.5 | M53: 706227.5 | N53: 706227.5 | O53: 678379.32 | Q53: =SUM(E53:P53) -> 7625357.2 | R53: 0
A54: 50 | B54: 4111 | C54: SLAM HS Palm Beach | D54: ='Annual Rev & Fees'!L55 -> 2601662.3 | E54: 200228.99 | F54: 202649.33 | G54: 205064.94 | H54: 205425.31 | I54: 205425.31 | J54: 205425.31 | K54: 205425.31 | L54: 233981.52 | M54: 233981.52 | N54: 233981.52 | O54: 235036.64 | Q54: =SUM(E54:P54) -> 2366625.7 | R54: 0
A55: 51 | B55: 4131 | C55: Somerset Academy Wellington HS | D55: ='Annual Rev & Fees'!L56 -> 965950.47 | E55: 66112.4 | F55: 67065.63 | G55: 67991.27 | H55: 67799.25 | I55: 67799.25 | J55: 67799.24 | K55: 67799.25 | L55: 105550.12 | M55: 105550.12 | N55: 105550.12 | O55: 88466.91 | Q55: =SUM(E55:P55) -> 877483.56 | R55: 0
R56: =SUM(E56:E56) -> 0
D57: =SUM(D5:D56) -> 2.0937925e+08 | E57: =SUM(E5:E56) -> 16906713 | F57: =SUM(F5:F56) -> 16825409 | G57: =SUM(G5:G56) -> 17480699 | H57: =SUM(H5:H56) -> 17767779 | I57: =SUM(I5:I56) -> 17751395 | J57: =SUM(J5:J56) -> 17758036 | K57: =SUM(K5:K56) -> 17759251 | ... Q57: =SUM(Q5:Q56) -> 1.9192273e+08 | R57: =SUM(E57:E57) -> 16906713
B59: 166059.87 | C59: Related to first payment (July 2025) to 4080 University Prep | I59: Net Revenue | J59: ='Annual Rev & Fees'!L58 -> 2.0937925e+08
I60: Net Revenue - Previous Pmts | J60: =D57-E57-F57-G57-H57-I57-J57-K57-L57-M57-N57 -> 34913044
I61: Calculated Current Payment | J61: =J60/Consolidated!I157 -> 17456522
I62: Actual Current Payment | J62: =O57 -> 17456522
J63: =J61-J62 -> -0.087000012 | K63: rounding diff
N69: *Use this for each tab in worksheet, current month is excluded for calc.
D71: Net Revenue | E71: July | F71: August | G71: Sept | H71: Oct | I71: Nov | J71: Dec | K71: Jan | L71: Feb | M71: March | N71: April | O71: May | P71: June | Q71: Total | R71: Payments excluding current month
A72: 1 | B72: 0040 | C72: Palm Beach Preparatory Middle School | D72: 298028.78 | E72: 24451.48 | F72: 24870.66 | G72: 24870.66 | H72: 24538.62 | I72: 24538.63 | J72: 24538.62 | K72: 24538.63 | L72: 4207.23 | M72: 4207.23 | N72: 4207.24 | Q72: =SUM(E72:P72) -> 184969 | R72: =SUM(E72:P72) -> 184969
A73: 2 | B73: 0571 | C73: Palmetto Park | H73: 43342.64 | I73: 43342.64 | J73: 43342.64 | K73: 43342.64 | L73: 96450.38 | M73: 96450.39 | N73: 96450.38 | Q73: =SUM(E73:P73) -> 462721.71 | R73: =SUM(E73:P73) -> 462721.71
A74: 3 | B74: 0100 | C74: The Learning Center Highschool | D74: 267259.57 | E74: 22293.06 | F74: 22269.68 | G74: 22269.68 | H74: 26670.77 | I74: 26670.78 | J74: 26737.89 | K74: 28707.39 | L74: 134387.78 | M74: 134387.78 | N74: 134387.78 | Q74: =SUM(E74:P74) -> 578782.59 | R74: =SUM(E74:P74) -> 578782.59
A75: 4 | B75: 1461 | C75: Inlet Grove Community High School | D75: 5905730.7 | E75: 485398.34 | F75: 492757.49 | G75: 662254.39 | H75: 675822.09 | I75: 659372.2 | J75: 659372.2 | K75: 659372.2 | L75: 654512.45 | M75: 654512.45 | N75: 654512.45 | Q75: =SUM(E75:P75) -> 6257886.3 | R75: =SUM(E75:P75) -> 6257886.3
A76: 5 | B76: 1571 | C76: South Tech Charter Academy | D76: 9687740 | E76: 795164.86 | F76: 808415.92 | G76: 876352.53 | H76: 860836.4 | I76: 860836.4 | J76: 860836.4 | K76: 860836.4 | L76: 896456.63 | M76: 896456.63 | N76: 896456.62 | Q76: =SUM(E76:P76) -> 8612648.8 | R76: =SUM(E76:P76) -> 8612648.8
A77: 6 | B77: 2521 | C77: Ed Venture | D77: 1350384.3 | E77: 112200.54 | F77: 112562.16 | G77: 112694.4 | H77: 109553.39 | I77: 109553.39 | J77: 109705.04 | K77: 109705.05 | L77: 112560.37 | M77: 112560.37 | N77: 112560.37 | Q77: =SUM(E77:P77) -> 1113655.1 | R77: =SUM(E77:P77) -> 1113655.1
A78: 7 | B78: 2531 | C78: Potentials Charter School | D78: 1583711.7 | E78: 128465.38 | F78: 132295.12 | G78: 132295.12 | H78: 136643.49 | I78: 136643.49 | J78: 137042.07 | K78: 136859.32 | L78: 99580.83 | M78: 99580.83 | N78: 99580.83 | Q78: =SUM(E78:P78) -> 1238986.5 | R78: =SUM(E78:P78) -> 1238986.5
A79: 8 | B79: 2791 | C79: The Learning Center @ The Els Center of Excl | D79: 5346468.2 | E79: 440248.86 | F79: 446019.94 | G79: 446019.95 | H79: 454340.22 | I79: 454340.22 | J79: 455853.95 | K79: 455853.95 | L79: 477676.86 | M79: 477676.86 | N79: 477676.86 | Q79: =SUM(E79:P79) -> 4585707.7 | R79: =SUM(E79:P79) -> 4585707.7
A80: 9 | B80: 2801 | C80: Palm Beach Maritime Academy Elementary | D80: 5255370.8 | E80: 433777.9 | F80: 438326.62 | G80: 438326.62 | H80: 441316.79 | I80: 441316.79 | J80: 441316.79 | K80: 441316.79 | L80: 401410.35 | M80: 401410.35 | N80: 401410.34 | Q80: =SUM(E80:P80) -> 4279929.3 | R80: =SUM(E80:P80) -> 4279929.3
A81: 10 | B81: 2911 | C81: Western Academy Charter School | D81: 6152950.2 | E81: 505265.93 | F81: 513425.85 | G81: 513425.85 | H81: 511868.89 | I81: 511868.89 | J81: 511868.89 | K81: 511868.9 | L81: 655584.5 | M81: 655584.5 | N81: 655584.5 | Q81: =SUM(E81:P81) -> 5546346.7 | R81: =SUM(E81:P81) -> 5546346.7
A82: 11 | B82: 2941 | C82: Palm Beach School for Autism | D82: 10423112 | E82: 858865.25 | F82: 869504.11 | G82: 869504.11 | H82: 890806.34 | I82: 890806.34 | J82: 892399.18 | K82: 892467.27 | L82: 1008874.4 | M82: 1008874.4 | N82: 1008874.4 | Q82: =SUM(E82:P82) -> 9190975.8 | R82: =SUM(E82:P82) -> 9190975.8
A83: 12 | B83: 3083 | C83: The Learning Academy @ The Els Center of Excl | D83: 5952516.4 | E83: 484859.99 | F83: 497059.68 | G83: 497059.68 | H83: 504701.18 | I83: 504701.18 | J83: 506490.84 | K83: 505938.1 | L83: 613167.34 | M83: 613167.34 | N83: 613167.33 | Q83: =SUM(E83:P83) -> 5340312.7 | R83: =SUM(E83:P83) -> 5340312.7
A84: 13 | B84: 3345 | C84: Career Academy of the Palm Beaches | D84: 1095429.9 | E84: 90419.86 | F84: 91364.55 | G84: 91364.55 | H84: 93532.75 | I84: 93532.75 | J84: 93541.68 | K84: 93541.68 | L84: 91480.28 | M84: 91480.28 | N84: 91480.28 | Q84: =SUM(E84:P84) -> 921738.66 | R84: =SUM(E84:P84) -> 921738.66
A85: 14 | B85: 3362 | C85: Somerset Avenir | H85: 152593 | I85: 152593 | J85: 152593 | K85: 152593 | L85: 154690.62 | M85: 154690.63 | N85: 154690.62 | Q85: =SUM(E85:P85) -> 1074443.9 | R85: =SUM(E85:P85) -> 1074443.9
A86: 15 | B86: 3381 | C86: Imagine Schools - Chancellor Campus | D86: 9142489.3 | E86: 750894 | F86: 762872.3 | G86: 762872.3 | H86: 765891.06 | I86: 765891.07 | J86: 765891.06 | K86: 765891.07 | L86: 771145.22 | M86: 771145.23 | N86: 771145.22 | Q86: =SUM(E86:P86) -> 7653638.5 | R86: =SUM(E86:P86) -> 7653638.5
A87: 16 | B87: 3382 | C87: Glades Academy | D87: 2427071.4 | E87: 199480.37 | F87: 202508.28 | G87: 202508.28 | H87: 198960.42 | I87: 198960.42 | J87: 198960.42 | K87: 198960.42 | L87: 200075 | M87: 200075 | N87: 200075 | Q87: =SUM(E87:P87) -> 2000563.6 | R87: =SUM(E87:P87) -> 2000563.6
A88: 17 | B88: 3391 | C88: Seagull Academy for Independent Living | D88: 0 | F88: 0 | Q88: =SUM(E88:P88) -> 0 | R88: =SUM(E88:P88) -> 0
A89: 18 | B89: 3394 | C89: Montessori Academy of Early Enrichment | D89: 1653077.9 | E89: 136646.84 | F89: 137857.37 | G89: 137857.37 | H89: 136608.8 | I89: 136608.8 | J89: 136608.79 | K89: 136608.8 | L89: 143972.29 | M89: 143972.29 | N89: 143972.29 | Q89: =SUM(E89:P89) -> 1390713.6 | R89: =SUM(E89:P89) -> 1390713.6
A90: 19 | B90: 3395 | C90: Somerset Academy Charter School | D90: 4417918.6 | E90: 363962.87 | F90: 368541.43 | G90: 368541.43 | H90: 366702.21 | I90: 366702.21 | J90: 366702.21 | K90: 366702.22 | L90: 420003.16 | M90: 420003.16 | N90: 420003.16 | Q90: =SUM(E90:P90) -> 3827864.1 | R90: =SUM(E90:P90) -> 3827864.1
A91: 20 | B91: 3396 | C91: G-Star School of the Arts | D91: 5867214.7 | E91: 481353.82 | F91: 489623.72 | G91: 533385.66 | H91: 524600.61 | I91: 524600.61 | J91: 524600.6 | K91: 524600.61 | L91: 547659.96 | M91: 547659.97 | N91: 547659.96 | Q91: =SUM(E91:P91) -> 5245745.5 | R91: =SUM(E91:P91) -> 5245745.5
A92: 21 | B92: 3398 | C92: Everglades Preparatory Academy | D92: 919769.33 | E92: 75370.15 | F92: 76763.56 | G92: 76763.56 | H92: 78174.02 | I92: 78174.02 | J92: 78174.02 | K92: 78174.02 | L92: 61462.22 | M92: 61462.22 | N92: 61462.22 | Q92: =SUM(E92:P92) -> 725980.01 | R92: =SUM(E92:P92) -> 725980.01
A93: 22 | B93: 3400 | C93: Believers Academy | D93: 1132579.8 | E93: 93540.76 | F93: 94458.1 | G93: 94458.1 | H93: 100055.2 | I93: 100055.2 | J93: 100047.91 | K93: 100047.91 | L93: 89165.9 | M93: 89165.91 | N93: 89165.9 | Q93: =SUM(E93:P93) -> 950160.89 | R93: =SUM(E93:P93) -> 950160.89
A94: 23 | B94: 3401 | C94: Quantum High School | D94: 3550532.2 | E94: 291401.55 | F94: 296284.6 | G94: 298028.7 | H94: 307696.18 | I94: 307696.18 | J94: 307696.17 | K94: 307696.18 | L94: 225219.95 | M94: 225219.95 | N94: 225219.95 | Q94: =SUM(E94:P94) -> 2792159.4 | R94: =SUM(E94:P94) -> 2792159.4
A95: 24 | B95: 3413 | C95: Somerset Academy Boca | D95: 3434816.5 | E95: 282765.64 | F95: 286550.08 | G95: 286550.08 | H95: 287180.12 | I95: 287180.12 | J95: 287180.12 | K95: 287180.12 | L95: 295695.63 | M95: 295695.64 | N95: 295695.63 | Q95: =SUM(E95:P95) -> 2891673.2 | R95: =SUM(E95:P95) -> 2891673.2
A96: 25 | B96: 3421 | C96: Worthington High School | D96: 3841654.3 | E96: 318686.65 | F96: 320269.78 | G96: 322019.77 | H96: 365620.49 | I96: 365620.49 | J96: 365620.49 | K96: 365620.49 | L96: 434928.01 | M96: 434928.01 | N96: 434928.01 | Q96: =SUM(E96:P96) -> 3728242.2 | R96: =SUM(E96:P96) -> 3728242.2
A97: 26 | B97: 3431 | C97: Renaissance Charter School at WPB | D97: 8841825.3 | E97: 727291.13 | F97: 737684.93 | G97: 737684.93 | H97: 725549.97 | I97: 725549.97 | J97: 725549.97 | K97: 725549.97 | L97: 739014.58 | M97: 739014.59 | N97: 739014.58 | Q97: =SUM(E97:P97) -> 7321904.6 | R97: =SUM(E97:P97) -> 7321904.6
A98: 27 | B98: 3441 | C98: South Tech Preparatory Academy (MS) | D98: 4458303.8 | E98: 365051.77 | F98: 372113.82 | G98: 380953.21 | H98: 387823.98 | I98: 387823.98 | J98: 387823.98 | K98: 387823.98 | L98: 386283.79 | M98: 386283.8 | N98: 386283.79 | Q98: =SUM(E98:P98) -> 3828266.1 | R98: =SUM(E98:P98) -> 3828266.1
A99: 28 | B99: 3924 | C99: Palm Beach Maritime Academy Secondary | D99: 3693471.1 | E99: 303122.37 | F99: 308213.52 | G99: 309424.3 | H99: 306743.77 | I99: 306743.77 | J99: 306743.77 | K99: 306743.77 | L99: 265079.04 | M99: 265079.04 | N99: 265079.04 | Q99: =SUM(E99:P99) -> 2942972.4 | R99: =SUM(E99:P99) -> 2942972.4
A100: 29 | B100: 3941 | C100: Ben Gamla Charter School | D100: 2020244.6 | E100: 166503.7 | F100: 168521.9 | G100: 168521.9 | H100: 168880.64 | I100: 168880.64 | J100: 168880.64 | K100: 168880.64 | L100: 167307.03 | M100: 167307.03 | N100: 167307.02 | Q100: =SUM(E100:P100) -> 1680991.1 | R100: =SUM(E100:P100) -> 1680991.1
A101: 30 | B101: 3961 | C101: Gardens School of Technology Arts | D101: 0 | F101: 0 | Q101: =SUM(E101:P101) -> 0 | R101: =SUM(E101:P101) -> 0
A102: 31 | B102: 3971 | C102: Palm Beach Perparatory Charter Academy | D102: 5099211.8 | E102: 418200.93 | F102: 425546.45 | G102: 426358.86 | H102: 468192.65 | I102: 468192.65 | J102: 468192.64 | K102: 468192.65 | L102: 372294.18 | M102: 372294.18 | N102: 372294.17 | Q102: =SUM(E102:P102) -> 4259759.4 | R102: =SUM(E102:P102) -> 4259759.4
A103: 32 | B103: 4001 | C103: Renaissance Charter School at Wellington | D103: 5914578.1 | E103: 486040.8 | F103: 493503.39 | G103: 493503.4 | H103: 492923.41 | I103: 492923.41 | J103: 492923.41 | K103: 492923.41 | L103: 427320.19 | M103: 427320.19 | N103: 427320.19 | Q103: =SUM(E103:P103) -> 4726701.8 | R103: =SUM(E103:P103) -> 4726701.8
A104: 33 | B104: 4002 | C104: Renaissance Charter School at Summit | D104: 8574250.8 | E104: 707326.89 | F104: 715174.9 | G104: 715174.91 | H104: 708965.29 | I104: 708965.29 | J104: 708965.29 | K104: 708965.29 | L104: 565017.45 | M104: 565017.45 | N104: 565017.44 | Q104: =SUM(E104:P104) -> 6668590.2 | R104: =SUM(E104:P104) -> 6668590.2
A105: 34 | B105: 4012 | C105: Somerset Academy Canyons Middle School | D105: 4904770.5 | E105: 401311.12 | F105: 409405.4 | G105: 417398.36 | H105: 416469.55 | I105: 416469.55 | J105: 416469.55 | K105: 416469.55 | L105: 330917.68 | M105: 330917.68 | N105: 330917.68 | Q105: =SUM(E105:P105) -> 3886746.1 | R105: =SUM(E105:P105) -> 3886746.1
A106: 35 | B106: 4013 | C106: Somerset Academy Canyons High School | D106: 8119848.9 | E106: 667648.91 | F106: 677472.72 | G106: 795258.27 | H106: 786596.81 | I106: 786596.81 | J106: 786596.81 | K106: 786596.81 | L106: 764388.1 | M106: 764388.1 | N106: 764388.1 | Q106: =SUM(E106:P106) -> 7579931.4 | R106: =SUM(E106:P106) -> 7579931.4
A107: 36 | B107: 4020 | C107: Franklin Academy - Boynton Beach | D107: 10867277 | E107: 892802.19 | F107: 906770.45 | G107: 906770.45 | H107: 899763.33 | I107: 899763.33 | J107: 899763.33 | K107: 899763.33 | L107: 920811.93 | M107: 920811.93 | N107: 920811.93 | Q107: =SUM(E107:P107) -> 9067832.2 | R107: =SUM(E107:P107) -> 9067832.2
A108: 37 | B108: 4030 | C108: Olympus International Academy | D108: 2619365.4 | E108: 216879.02 | F108: 218407.85 | G108: 218407.85 | H108: 217485.59 | I108: 217485.59 | J108: 217485.59 | K108: 217485.59 | L108: 116754.84 | M108: 116754.84 | N108: 116754.84 | Q108: =SUM(E108:P108) -> 1873901.6 | R108: =SUM(E108:P108) -> 1873901.6
A109: 38 | B109: 4031 | C109: Somerset Academy Wellington | D109: 3914815.9 | E109: 322483.34 | F109: 326575.68 | G109: 326575.68 | H109: 319995.16 | I109: 319995.16 | J109: 319995.16 | K109: 319995.16 | L109: 232569.01 | M109: 232569.02 | N109: 232569.01 | Q109: =SUM(E109:P109) -> 2953322.4 | R109: =SUM(E109:P109) -> 2953322.4
...

Sheet Consolidated
B1: (Insert district number in cell A1, enter, then strike F9. Your district data then pulls from Calculation Detail Sheets) | K1: v:\Charter Schools\!!FEFP\FY 26 - FEFP Funding\!Payments 2025-26\2025-09\01 - 2025-08 - FEFP CS Pmt Calc - Old.xlsx
A2: Revenue Estimate Worksheet: All Charter Schools (Consolidated Tab)
A3: Based on the 2025-26 Third Calculation Worksheet
A4: School District: | C4: Palm Beach | H4: 46143
A7: 1A. 2025-26 FEFP State and Local Funding
B8: Base Student Allocation: | C8: 5372.6 | G8: District Cost Differential: | H8: 1.0355
G9: Small District Factor: | H9: 1
I10: 2025-26
C11: Oct 2025 | D11: Feb 2026 | E11: Total | F11: Program | H11: Weighted FTE | I11: Base Funding
A12: Program | C12: FTE | D12: FTE | E12: FTE | F12: Cost Factor | H12: (2) x (3) | I12: (WFTE x BSA x CWF x SDF)
A13: (1) | E13: (2) | F13: (3) | H13: (4) | I13: (5)
A14: 101 Basic K-3 | C14: =SUM('0040:4131'!C12) -> 1961.52 | D14: =SUM('0040:4131'!D12) -> 1892.41 | E14: =SUM('0040:4131'!E12) -> 3853.93 | F14: 1.108 | H14: =SUM('0040:4131'!I12) -> 4270.1543 | I14: =SUM('0040:4131'!J12) -> 23756266
A15: 111 Basic K-3 with ESE Services | C15: =SUM('0040:4131'!C13) -> 307.92 | D15: =SUM('0040:4131'!D13) -> 334.33 | E15: =SUM('0040:4131'!E13) -> 642.25 | F15: 1.108 | H15: =SUM('0040:4131'!I13) -> 711.6131 | I15: =SUM('0040:4131'!J13) -> 3958936.6
A16: 102 Basic 4-8 | C16: =SUM('0040:4131'!C14) -> 3270.78 | D16: =SUM('0040:4131'!D14) -> 3223.35 | E16: =SUM('0040:4131'!E14) -> 6494.13 | F16: 1 | H16: =SUM('0040:4131'!I14) -> 6494.13 | I16: =SUM('0040:4131'!J14) -> 36128971
A17: 112 Basic 4-8 with ESE Services | C17: =SUM('0040:4131'!C15) -> 645.83 | D17: =SUM('0040:4131'!D15) -> 633.13 | E17: =SUM('0040:4131'!E15) -> 1278.96 | F17: 1 | H17: =SUM('0040:4131'!I15) -> 1278.96 | I17: =SUM('0040:4131'!J15) -> 7115273.1
A18: 103 Basic 9-12 | C18: =SUM('0040:4131'!C16) -> 2170.35 | D18: =SUM('0040:4131'!D16) -> 2195.32 | E18: =SUM('0040:4131'!E16) -> 4365.67 | F18: 0.972 | H18: =SUM('0040:4131'!I16) -> 4243.4314 | I18: =SUM('0040:4131'!J16) -> 23607598
A19: 113 Basic 9-12 with ESE Services | C19: =SUM('0040:4131'!C17) -> 655.13 | D19: =SUM('0040:4131'!D17) -> 669 | E19: =SUM('0040:4131'!E17) -> 1324.13 | F19: 0.972 | H19: =SUM('0040:4131'!I17) -> 1287.0544 | I19: =SUM('0040:4131'!J17) -> 7160304.9
A20: 254 ESE Level 4 (Grade Level PK-3) | C20: =SUM('0040:4131'!C18) -> 77.98 | D20: =SUM('0040:4131'!D18) -> 64.02 | E20: =SUM('0040:4131'!E18) -> 142 | F20: 3.609 | H20: =SUM('0040:4131'!I18) -> 512.478 | I20: =SUM('0040:4131'!J18) -> 2851082.8
A21: 254 ESE Level 4 (Grade Level 4-8) | C21: =SUM('0040:4131'!C19) -> 0 | D21: =SUM('0040:4131'!D19) -> 0 | E21: =SUM('0040:4131'!E19) -> 0 | F21: 3.609 | H21: =SUM('0040:4131'!I19) -> 0 | I21: =SUM('0040:4131'!J19) -> 0
A22: 254 ESE Level 4 (Grade Level 9-12) | C22: =SUM('0040:4131'!C20) -> 163.84 | D22: =SUM('0040:4131'!D20) -> 158.83 | E22: =SUM('0040:4131'!E20) -> 322.67 | F22: 3.609 | H22: =SUM('0040:4131'!I20) -> 1164.516 | I22: =SUM('0040:4131'!J20) -> 6478583.7
A23: 255 ESE Level 5 (Grade Level PK-3) | C23: =SUM('0040:4131'!C21) -> 51.5 | D23: =SUM('0040:4131'!D21) -> 69.5 | E23: =SUM('0040:4131'!E21) -> 121 | F23: 6.064 | H23: =SUM('0040:4131'!I21) -> 733.744 | I23: =SUM('0040:4131'!J21) -> 4082058
A24: 255 ESE Level 5 (Grade Level 4-8) | C24: =SUM('0040:4131'!C22) -> 0 | D24: =SUM('0040:4131'!D22) -> 0 | E24: =SUM('0040:4131'!E22) -> 0 | F24: 6.064 | H24: =SUM('0040:4131'!I22) -> 0 | I24: =SUM('0040:4131'!J22) -> 0
A25: 255 ESE Level 5 (Grade Level 9-12) | C25: =SUM('0040:4131'!C23) -> 102.91 | D25: =SUM('0040:4131'!D23) -> 112.52 | E25: =SUM('0040:4131'!E23) -> 215.43 | F25: 6.064 | H25: =SUM('0040:4131'!I23) -> 1306.3675 | I25: =SUM('0040:4131'!J23) -> 7267750
... A29: 300 Career Education (Grades 9-12) | C29: =SUM('0040:4131'!C27) -> 310.24 | D29: =SUM('0040:4131'!D27) -> 298.26 | E29: =SUM('0040:4131'!E27) -> 608.5 | F29: 1.081 | H29: =SUM('0040:4131'!I27) -> 657.7887 | I29: =SUM('0040:4131'!J27) -> 3659493.9
A30: Totals non-virtual schools | C30: =SUM(C14:C29) -> 10709.4 | D30: =SUM(D14:D29) -> 10646.86 | E30: =SUM(E14:E29) -> 21356.26 | H30: =SUM('0040:4131'!I28) -> 24975.781 | I30: =SUM('0040:4131'!J28) -> 1.3894844e+08 | K30: 1.3894844e+08
A31: Virtual schools ($5,476.28/FTE) | C31: =SUM('0040:4131'!C29) -> 0 | D31: =SUM('0040:4131'!D29) -> 0 | E31: =IF(D$30=0,C31*2,C31+D31) -> 0 | F31: 0 | H31: =ROUND(E31*F31,4) -> 0
A32: Totals all schools | C32: =SUM(C30:C31) -> 10709.4 | D32: =SUM(D30:D31) -> 10646.86 | E32: =SUM(E30:E31) -> 21356.26 | I32: =SUM('0040:4131'!J30) -> 0
A34: Letters in Parentheses Refer to Notes at Bottom of Worksheet:
I36: 2018-19
C37: =C11 -> Oct 2025 | D37: =D11 -> Feb 2026 | E37: Total | I37: Base Funding
A38: Additional FTE (a) | C38: FTE | D38: FTE | E38: FTE | I38: (WFTE x BSA x DCD)
A39: Advanced Placement | C39: 0 | D39: 0 | E39: =+C39+D39 -> 0
A40: International Baccalaureate | C40: 0 | D40: 0 | E40: =+C40+D40 -> 0
A41: Advanced International Certificate | C41: 0 | D41: 0 | E41: =+C41+D41 -> 0
A42: Industry Certified Career Education | C42: 0 | D42: 0 | E42: =+C42+D42 -> 0
A43: Early High School Graduation | C43: 0 | D43: 0 | E43: =+C43+D43 -> 0
A44: Small District ESE Supplement | C44: 0 | D44: 0 | E44: =+C44+D44 -> 0
B45: Total Additional FTE | C45: =SUM(C39:C44) -> 0 | D45: =SUM(D39:D44) -> 0 | E45: =SUM(E39:E44) -> 0 | H45: Additional Base Funds | I45: =SUM(I39:I44) -> 0
B47: Total Funded Weighted FTE | E47: =H30+E45 -> 24975.781 | H47: Total Base Funding | I47: =SUM(I45,I32) -> 0
A50: 1B. Classroom Teacher & Other Instructional Personnel Salary Increase
A51: Maintenance and Growth Portions of the Salary Increase funds are part of the total Base Funding and are not treated as a separate allocation.
A52: Amounts are split out here for informative purposes and for the purposes of providing a total that may be used for calculating the adminstrative fee.
B53: Maintenance Portion (6.67% of Conference Funding) | E53: (g) (k) | F53: =SUM('0040:4131'!G36) -> 1.3818749e+08 | G53: x | H53: 0.0667 | I53: =SUM('0040:4131'!J36) -> 9217105.6 | K53: =F53*H53 -> 9217105.6
B54: Growth Portion (0.54% of Conference Funding) | E54: (g) (k) | F54: =SUM('0040:4131'!G37) -> 1.3818749e+08 | G54: x | H54: 0.0054 | I54: =SUM('0040:4131'!J37) -> 746212.42 | K54: =F54*0.0054 -> 746212.45
B55: Total Salary Increase | I55: =SUM(I53:I54) -> 9963318
C57: =C11 -> Oct 2025 | D57: =D11 -> Feb 2026 | E57: Total | F57: Grade | G57: Matrix | H57: Guarantee
A58: 2. ESE Guaranteed Allocation: | C58: =C12 -> FTE | D58: =D12 -> FTE | E58: FTE | F58: Level | G58: Level | H58: Per Student
A59: Additional Funding from the ESE Guaranteed Allocation. Enter the FTE from 111,112 and 113 by grade and matrix level. Students who do not have a matrix level should be considered 251. This total should equal all FTE from programs 111, 112 and 113 above. | C59: =SUM('0040:4131'!C41) -> 248.33 | D59: =SUM('0040:4131'!D41) -> 0 | E59: =SUM('0040:4131'!E41) -> 496.66 | F59: PK-3 | G59: 251 | H59: 1047 | I59: =SUM('0040:4131'!J41) -> 520003.02
C60: =SUM('0040:4131'!C42) -> 47.5 | D60: =SUM('0040:4131'!D42) -> 0 | E60: =SUM('0040:4131'!E42) -> 95 | F60: PK-3 | G60: 252 | H60: 3380 | I60: =SUM('0040:4131'!J42) -> 321100
C61: =SUM('0040:4131'!C43) -> 11.67 | D61: =SUM('0040:4131'!D43) -> 0 | E61: =SUM('0040:4131'!E43) -> 23.34 | F61: PK-3 | G61: 253 | H61: 6896 | I61: =SUM('0040:4131'!J43) -> 160952.64
C62: =SUM('0040:4131'!C44) -> 561.48 | D62: =SUM('0040:4131'!D44) -> 0 | E62: =SUM('0040:4131'!E44) -> 1122.96 | F62: 4-8 | G62: 251 | H62: 1173 | I62: =SUM('0040:4131'!J44) -> 1317232.1
C63: =SUM('0040:4131'!C45) -> 70.38 | D63: =SUM('0040:4131'!D45) -> 0 | E63: =SUM('0040:4131'!E45) -> 140.76 | F63: 4-8 | G63: 252 | H63: 3506 | I63: =SUM('0040:4131'!J45) -> 493504.56
C64: =SUM('0040:4131'!C46) -> 14.01 | D64: =SUM('0040:4131'!D46) -> 0 | E64: =SUM('0040:4131'!E46) -> 28.02 | F64: 4-8 | G64: 253 | H64: 7023 | I64: =SUM('0040:4131'!J46) -> 196784.46
C65: =SUM('0040:4131'!C47) -> 465.38 | D65: =SUM('0040:4131'!D47) -> 0 | E65: =SUM('0040:4131'!E47) -> 930.76 | F65: 9-12 | G65: 251 | H65: 835 | I65: =SUM('0040:4131'!J47) -> 777184.6
C66: =SUM('0040:4131'!C48) -> 84.21 | D66: =SUM('0040:4131'!D48) -> 0 | E66: =SUM('0040:4131'!E48) -> 168.42 | F66: 9-12 | G66: 252 | H66: 3168 | I66: =SUM('0040:4131'!J48) -> 533554.56
C67: =SUM('0040:4131'!C49) -> 105.26 | D67: =SUM('0040:4131'!D49) -> 0 | E67: =SUM('0040:4131'!E49) -> 210.52 | F67: 9-12 | G67: 253 | H67: 6685 | I67: =SUM('0040:4131'!J49) -> 1407326.2
C68: =SUM(C59:C67) -> 1608.22 | D68: =SUM(D59:D67) -> 0 | E68: =SUM(E59:E67) -> 3216.44 | F68: Total ESE Guarantee | I68: =SUM(I59:I67) -> 5727642.1
A70: 3A. Divide school's Unweighted FTE (UFTE) total computed in Section 1, cell E30 above by the district's total UFTE to obtain school's
A71: UFTE share. CS UFTE: | C71: =SUM('0040:4131'!E53) -> 20188.16 | D71: ÷ District's total UFTE | H71: 207782.75
G72: = | H72: =ROUND(C71/H71,6) -> 0.09716
A73: 3B. Divide school's Weighted FTE (WFTE) total computed in Section 1, cell H30 above by the district's total WFTE to obtain school's
A74: WFTE share. CS WFTE: | C74: =SUM('0040:4131'!E56) -> 23703.719 | D74: ÷ District's total WFTE | H74: 221179.84
G75: = | H75: =ROUND(C74/H74,6) -> 0.107169
A76: 3C. Divide school's Unweighted FTE (UFTE) total computed in Section 1, cell E30 above by the District's total non-scholarship UFTE to obtain school's
A77: UFTE share. CS UFTE: | C77: =SUM('0040:4131'!E59) -> 20188.16 | D77: ÷ District's total non-scholarship UFTE | H77: 178931.75
G78: = | H78: =ROUND(C77/H77,6) -> 0.112826
A79: 3D. Divide school's Unweighted FTE (UFTE) total computed in Section 1, cell E30 above by the District's total non-virtual UFTE to obtain school's
A80: UFTE share. CS UFTE: | C80: =SUM('0040:4131'!E62) -> 20188.16 | D80: ÷ District's total non-virtual UFTE | H80: 207463.82
G81: = | H81: =ROUND(C80/H80,6) -> 0.097309
A82: 3E. Divide school's Unweighted FTE (UFTE) total computed in Section 1, cell E30 above by the district's total non-scholarship/virtual UFTE to obtain
A83: school's UFTE share. CS UFTE: | C83: =SUM('0040:4131'!E65) -> 20188.16 | D83: ÷ Dististict's total non-scholarship/virtual UFTE | H83: 178612.82
G84: = | H84: =ROUND(C83/H83,6) -> 0.113027
A86: 4. Educational Enrichment Share (Non-virtual UFTE share) | E86: (e) | F86: 45629593 | G86: x | H86: =H81 -> 0.097309 | I86: =SUM('0040:4131'!J68) -> 4697110.3 | K86: =F86*H86 -> 4440170.1 | L86: =I86-K86 -> 256940.22
A88: 5. Discretionary Millage Compression Allocation
A89: .748 Mills (UFTE share) | E89: (b) | F89: 0 | G89: x | H89: =H72 -> 0.09716 | I89: =SUM('0040:4131'!J70) -> 0
A91: 6. Safe Schools Allocation (Non-scholarship/virtual UFTE share) | E91: (f) | F91: 18934058 | G91: x | H91: =H84 -> 0.113027 | I91: =SUM('0040:4131'!J71) -> 2263888.5 | K91: =F91*H91 -> 2140059.8 | L91: =I91-K91 -> 123828.73
K92: =F92*H92 -> 0 | L92: =I92-K92 -> 0
A93: 7. Mental Health Assistance Allocation (Non-scholarship UFTE share) | E93: (b) | F93: 11300012 | G93: x | H93: =H78 -> 0.112826 | I93: =SUM('0040:4131'!J72) -> 1348713 | K93: =F93*H93 -> 1274935.2 | L93: =I93-K93 -> 73777.816
A95: 8. Academic Acceleration Options Supplement (Value share) | F95: (g) | R95: Acceleration Value | T95: Acceleration Value Charter schools should contact their school district sponsor regarding eligible value. Please note that “Acceleration Value” is NOT equivalent to number of students enrolled in these courses or programs. Please refer to footnote (a) below.
A96: Acceleration Value | E96: Acceleration Value Charter schools should contact their school district sponsor regarding eligible value. Please note that “Acceleration Value” is NOT equivalent to number of students enrolled in these courses or programs. Please refer to footnote (g) below. | R96: Advanced Placement
A97: Advanced Placement | J97: =SUM('0040:4131'!J75) -> 92 | R97: International Baccalaureate
A98: International Baccalaureate | J98: =SUM('0040:4131'!J76) -> 24.88 | R98: Advanced International Certificate
A99: Advanced International Certificate | J99: =SUM('0040:4131'!J77) -> 200.46 | R99: Industry Certified Career Education
A100: Industry Certified Career Education | J100: =SUM('0040:4131'!J78) -> 249.5 | R100: Early High School Graduation
A101: Early High School Graduation | J101: =SUM('0040:4131'!J79) -> 30.75 | R101: Dual Enrollment
A102: Dual Enrollment | J102: =SUM('0040:4131'!J80) -> 40.96 | X102: School total value | Y102: =SUM(Y96:Y101) -> 0
I103: School total value | J103: =SUM(J97:J102) -> 638.55 | X103: District total value | Y103: =J104 -> 12903.05
I104: District total value | J104: 12903.05
R105: School Academic Acceleration Option Supplement | V105: =F106 -> 58502790 | W105: x | X105: =IFERROR(ROUND(Y102/Y103,6),0) -> 0 | Y105: =ROUND(V105*X105,2) -> 0
A106: School Academic Acceleration Option Supplement | F106: 58502790 | H106: x | I106: =IFERROR(ROUND(J103/J104,6),0) -> 0.049488 | J106: =ROUND(F106*I106,2) -> 2895186.1 | R106: 9. ESE Guaranteed Allocation
A108: 9. Discretionary Local Effort (WFTE share) | E108: (c) | F108: 268816278 | G108: x | H108: =H75 -> 0.107169 | I108: =SUM('0040:4131'!J85) -> 30355003 | K108: =F108*H108 -> 28808772 | L108: =I108-K108 -> 1546231.2
A110: 10. Proration to Funds Available (WFTE share) | E110: (c) | F110: 0 | G110: x | H110: =H75 -> 0.107169 | I110: =SUM('0040:4131'!J86) -> 0
A112: 11. Educational Enrollment Stabilization Program (UFTE Share) | E112: (b) | F112: 0 | G112: x | H112: =H72 -> 0.09716 | I112: =SUM('0040:4131'!J87) -> 0
A115: 12. Class Size Reduction Funds:
C116: Weighted FTE | F116: Allocation
C117: (not including Add-On) | E117: X CWF X | F117: Factors
B118: PK - 3 | C118: =SUM('0040:4131'!B90) -> 6674.837 | E118: =H8 -> 1.0355 | F118: 958.42 | G118: = | H118: =SUM('0040:4131'!I90) -> 6624401.3
B119: 4-8 | C119: =SUM('0040:4131'!B91) -> 9211.1201 | E119: =H8 -> 1.0355 | F119: 915.09 | G119: = | H119: =SUM('0040:4131'!I91) -> 8728233.6
B120: 9-12 | C120: =SUM('0040:4131'!B92) -> 9089.8238 | E120: =H8 -> 1.0355 | F120: 917.3 | G120: = | H120: =SUM('0040:4131'!I92) -> 8634097.8
B121: Total * | C121: =SUM('0040:4131'!B93) -> 24975.781 | H121: Total Class Size Reduction Funds | I121: =SUM('0040:4131'!J93) -> 23986733
...

Sheet CountData
A1: Sch No | B1: Sch (0000) | C1: Prog | D1: Count 2 Unwtd | G1: Sch No | H1: Sch (0000) | I1: Prog | J1: Count 3 Unwtd | L1: Sch (0000) | M1: FTE
A2: 11 | B2: =TEXT(A2,"0000") -> 0011 | C2: 101 | D2: 126.5 | G2: 11 | H2: =TEXT(G2,"0000") -> 0011 | I2: 101 | J2: 123.96 | L2: 0040 | M2: =SUMIF(B:B,L2,D:D)+SUMIF(H:H,L2,J:J) -> 23.72
A3: 11 | B3: =TEXT(A3,"0000") -> 0011 | C3: 102 | D3: 148.52 | G3: 11 | H3: =TEXT(G3,"0000") -> 0011 | I3: 102 | J3: 147.49 | L3: 0571 | M3: =SUMIF(B:B,L3,D:D)+SUMIF(H:H,L3,J:J) -> 126
A4: 11 | B4: =TEXT(A4,"0000") -> 0011 | C4: 111 | D4: 60.45 | G4: 11 | H4: =TEXT(G4,"0000") -> 0011 | I4: 111 | J4: 63.55 | L4: 0100 | M4: =SUMIF(B:B,L4,D:D)+SUMIF(H:H,L4,J:J) -> 27
A5: 11 | B5: =TEXT(A5,"0000") -> 0011 | C5: 112 | D5: 50.5 | G5: 11 | H5: =TEXT(G5,"0000") -> 0011 | I5: 112 | J5: 50.23 | L5: 1461 | M5: =SUMIF(B:B,L5,D:D)+SUMIF(H:H,L5,J:J) -> 830.39
A6: 11 | B6: =TEXT(A6,"0000") -> 0011 | C6: 130 | D6: 37.63 | G6: 11 | H6: =TEXT(G6,"0000") -> 0011 | I6: 130 | J6: 34.42 | L6: 1571 | M6: =SUMIF(B:B,L6,D:D)+SUMIF(H:H,L6,J:J) -> 1103.25
A7: 11 | B7: =TEXT(A7,"0000") -> 0011 | C7: 254 | D7: 1 | G7: 11 | H7: =TEXT(G7,"0000") -> 0011 | I7: 254 | J7: 1 | L7: 2521 | M7: =SUMIF(B:B,L7,D:D)+SUMIF(H:H,L7,J:J) -> 73.6
A8: 11 | B8: =TEXT(A8,"0000") -> 0011 | C8: 255 | D8: 0.48 | G8: 12 | H8: =TEXT(G8,"0000") -> 0012 | I8: 101 | J8: 118.16 | L8: 2531 | M8: =SUMIF(B:B,L8,D:D)+SUMIF(H:H,L8,J:J) -> 48.5
A9: 12 | B9: =TEXT(A9,"0000") -> 0012 | C9: 101 | D9: 118.76 | G9: 12 | H9: =TEXT(G9,"0000") -> 0012 | I9: 102 | J9: 49.82 | L9: 2791 | M9: =SUMIF(B:B,L9,D:D)+SUMIF(H:H,L9,J:J) -> 173.06
A10: 12 | B10: =TEXT(A10,"0000") -> 0012 | C10: 102 | D10: 51.34 | G10: 12 | H10: =TEXT(G10,"0000") -> 0012 | I10: 111 | J10: 30.09 | L10: 2801 | M10: =SUMIF(B:B,L10,D:D)+SUMIF(H:H,L10,J:J) -> 555.49
A11: 12 | B11: =TEXT(A11,"0000") -> 0012 | C11: 111 | D11: 31.52 | G11: 12 | H11: =TEXT(G11,"0000") -> 0012 | I11: 112 | J11: 10.5 | L11: 2911 | M11: =SUMIF(B:B,L11,D:D)+SUMIF(H:H,L11,J:J) -> 778.53
A12: 12 | B12: =TEXT(A12,"0000") -> 0012 | C12: 112 | D12: 11.74 | G12: 12 | H12: =TEXT(G12,"0000") -> 0012 | I12: 130 | J12: 107.54 | L12: 2941 | M12: =SUMIF(B:B,L12,D:D)+SUMIF(H:H,L12,J:J) -> 380.17
A13: 12 | B13: =TEXT(A13,"0000") -> 0012 | C13: 130 | D13: 109.08 | G13: 12 | H13: =TEXT(G13,"0000") -> 0012 | I13: 254 | J13: 0.54 | L13: 3083 | M13: =SUMIF(B:B,L13,D:D)+SUMIF(H:H,L13,J:J) -> 179.39
A14: 12 | B14: =TEXT(A14,"0000") -> 0012 | C14: 254 | D14: 0.29 | G14: 21 | H14: =TEXT(G14,"0000") -> 0021 | I14: 102 | J14: 373.67 | L14: 3345 | M14: =SUMIF(B:B,L14,D:D)+SUMIF(H:H,L14,J:J) -> 83
A15: 21 | B15: =TEXT(A15,"0000") -> 0021 | C15: 102 | D15: 377.79 | G15: 21 | H15: =TEXT(G15,"0000") -> 0021 | I15: 112 | J15: 121.95 | L15: 3362 | M15: =SUMIF(B:B,L15,D:D)+SUMIF(H:H,L15,J:J) -> 160.99
A16: 21 | B16: =TEXT(A16,"0000") -> 0021 | C16: 112 | D16: 124.47 | G16: 21 | H16: =TEXT(G16,"0000") -> 0021 | I16: 130 | J16: 80.44 | L16: 3381 | M16: =SUMIF(B:B,L16,D:D)+SUMIF(H:H,L16,J:J) -> 1049.84
A17: 21 | B17: =TEXT(A17,"0000") -> 0021 | C17: 130 | D17: 82.3 | G17: 21 | H17: =TEXT(G17,"0000") -> 0021 | I17: 254 | J17: 1 | L17: 3382 | M17: =SUMIF(B:B,L17,D:D)+SUMIF(H:H,L17,J:J) -> 261.71
A18: 21 | B18: =TEXT(A18,"0000") -> 0021 | C18: 254 | D18: 1 | G18: 31 | H18: =TEXT(G18,"0000") -> 0031 | I18: 101 | J18: 105.44 | L18: 3391 | M18: =SUMIF(B:B,L18,D:D)+SUMIF(H:H,L18,J:J) -> 0
A19: 31 | B19: =TEXT(A19,"0000") -> 0031 | C19: 101 | D19: 123.31 | G19: 31 | H19: =TEXT(G19,"0000") -> 0031 | I19: 102 | J19: 60.95 | L19: 3394 | M19: =SUMIF(B:B,L19,D:D)+SUMIF(H:H,L19,J:J) -> 192.97
A20: 31 | B20: =TEXT(A20,"0000") -> 0031 | C20: 102 | D20: 62.45 | G20: 31 | H20: =TEXT(G20,"0000") -> 0031 | I20: 111 | J20: 108.3 | L20: 3395 | M20: =SUMIF(B:B,L20,D:D)+SUMIF(H:H,L20,J:J) -> 537
A21: 31 | B21: =TEXT(A21,"0000") -> 0031 | C21: 111 | D21: 89.86 | G21: 31 | H21: =TEXT(G21,"0000") -> 0031 | I21: 112 | J21: 58.82 | L21: 3396 | M21: =SUMIF(B:B,L21,D:D)+SUMIF(H:H,L21,J:J) -> 702.78
A22: 31 | B22: =TEXT(A22,"0000") -> 0031 | C22: 112 | D22: 56.82 | G22: 31 | H22: =TEXT(G22,"0000") -> 0031 | I22: 130 | J22: 18.84 | L22: 3398 | M22: =SUMIF(B:B,L22,D:D)+SUMIF(H:H,L22,J:J) -> 102.32
A23: 31 | B23: =TEXT(A23,"0000") -> 0031 | C23: 130 | D23: 20.88 | G23: 31 | H23: =TEXT(G23,"0000") -> 0031 | I23: 254 | J23: 0.5 | L23: 3400 | M23: =SUMIF(B:B,L23,D:D)+SUMIF(H:H,L23,J:J) -> 91.18
A24: 31 | B24: =TEXT(A24,"0000") -> 0031 | C24: 254 | D24: 0.5 | G24: 40 | H24: =TEXT(G24,"0000") -> 0040 | I24: 102 | J24: 7.5 | L24: 3401 | M24: =SUMIF(B:B,L24,D:D)+SUMIF(H:H,L24,J:J) -> 395.41
A25: 40 | B25: =TEXT(A25,"0000") -> 0040 | C25: 102 | D25: 6.7 | G25: 40 | H25: =TEXT(G25,"0000") -> 0040 | I25: 112 | J25: 3.97 | L25: 3413 | M25: =SUMIF(B:B,L25,D:D)+SUMIF(H:H,L25,J:J) -> 391.82
A26: 40 | B26: =TEXT(A26,"0000") -> 0040 | C26: 112 | D26: 3.48 | G26: 40 | H26: =TEXT(G26,"0000") -> 0040 | I26: 130 | J26: 0.84 | L26: 3421 | M26: =SUMIF(B:B,L26,D:D)+SUMIF(H:H,L26,J:J) -> 597.46
A27: 40 | B27: =TEXT(A27,"0000") -> 0040 | C27: 130 | D27: 1.23 | G27: 51 | H27: =TEXT(G27,"0000") -> 0051 | I27: 101 | J27: 161.65 | L27: 3431 | M27: =SUMIF(B:B,L27,D:D)+SUMIF(H:H,L27,J:J) -> 997.39
A28: 51 | B28: =TEXT(A28,"0000") -> 0051 | C28: 101 | D28: 159.46 | G28: 51 | H28: =TEXT(G28,"0000") -> 0051 | I28: 102 | J28: 99.93 | L28: 3441 | M28: =SUMIF(B:B,L28,D:D)+SUMIF(H:H,L28,J:J) -> 522.78
A29: 51 | B29: =TEXT(A29,"0000") -> 0051 | C29: 102 | D29: 95.2 | G29: 51 | H29: =TEXT(G29,"0000") -> 0051 | I29: 111 | J29: 22.5 | L29: 3924 | M29: =SUMIF(B:B,L29,D:D)+SUMIF(H:H,L29,J:J) -> 407.17
A30: 51 | B30: =TEXT(A30,"0000") -> 0051 | C30: 111 | D30: 20.5 | G30: 51 | H30: =TEXT(G30,"0000") -> 0051 | I30: 112 | J30: 14.5 | L30: 3941 | M30: =SUMIF(B:B,L30,D:D)+SUMIF(H:H,L30,J:J) -> 224.44
A31: 51 | B31: =TEXT(A31,"0000") -> 0051 | C31: 112 | D31: 15 | G31: 51 | H31: =TEXT(G31,"0000") -> 0051 | I31: 130 | J31: 75.27 | L31: 3961 | M31: =SUMIF(B:B,L31,D:D)+SUMIF(H:H,L31,J:J) -> 0
A32: 51 | B32: =TEXT(A32,"0000") -> 0051 | C32: 130 | D32: 77.35 | G32: 51 | H32: =TEXT(G32,"0000") -> 0051 | I32: 254 | J32: 1.5 | L32: 3971 | M32: =SUMIF(B:B,L32,D:D)+SUMIF(H:H,L32,J:J) -> 627.37
A33: 51 | B33: =TEXT(A33,"0000") -> 0051 | C33: 254 | D33: 1.5 | G33: 61 | H33: =TEXT(G33,"0000") -> 0061 | I33: 101 | J33: 142.33 | L33: 4001 | M33: =SUMIF(B:B,L33,D:D)+SUMIF(H:H,L33,J:J) -> 639.52
A34: 61 | B34: =TEXT(A34,"0000") -> 0061 | C34: 101 | D34: 152.86 | G34: 61 | H34: =TEXT(G34,"0000") -> 0061 | I34: 102 | J34: 89.69 | L34: 4002 | M34: =SUMIF(B:B,L34,D:D)+SUMIF(H:H,L34,J:J) -> 875.02
A35: 61 | B35: =TEXT(A35,"0000") -> 0061 | C35: 102 | D35: 87.2 | G35: 61 | H35: =TEXT(G35,"0000") -> 0061 | I35: 111 | J35: 78 | L35: 4012 | M35: =SUMIF(B:B,L35,D:D)+SUMIF(H:H,L35,J:J) -> 531.06
A36: 61 | B36: =TEXT(A36,"0000") -> 0061 | C36: 111 | D36: 69.99 | G36: 61 | H36: =TEXT(G36,"0000") -> 0061 | I36: 112 | J36: 50.8 | L36: 4013 | M36: =SUMIF(B:B,L36,D:D)+SUMIF(H:H,L36,J:J) -> 991.76
A37: 61 | B37: =TEXT(A37,"0000") -> 0061 | C37: 112 | D37: 52.79 | G37: 61 | H37: =TEXT(G37,"0000") -> 0061 | I37: 130 | J37: 23.39 | L37: 4020 | M37: =SUMIF(B:B,L37,D:D)+SUMIF(H:H,L37,J:J) -> 1235.6
A38: 61 | B38: =TEXT(A38,"0000") -> 0061 | C38: 130 | D38: 23.24 | G38: 61 | H38: =TEXT(G38,"0000") -> 0061 | I38: 254 | J38: 2 | L38: 4030 | M38: =SUMIF(B:B,L38,D:D)+SUMIF(H:H,L38,J:J) -> 242.8
A39: 61 | B39: =TEXT(A39,"0000") -> 0061 | C39: 254 | D39: 2 | G39: 71 | H39: =TEXT(G39,"0000") -> 0071 | I39: 101 | J39: 85.16 | L39: 4031 | M39: =SUMIF(B:B,L39,D:D)+SUMIF(H:H,L39,J:J) -> 398.09
A40: 71 | B40: =TEXT(A40,"0000") -> 0071 | C40: 101 | D40: 89.11 | G40: 71 | H40: =TEXT(G40,"0000") -> 0071 | I40: 102 | J40: 70.73 | L40: 4041 | M40: =SUMIF(B:B,L40,D:D)+SUMIF(H:H,L40,J:J) -> 95.06
A41: 71 | B41: =TEXT(A41,"0000") -> 0071 | C41: 102 | D41: 70.05 | G41: 71 | H41: =TEXT(G41,"0000") -> 0071 | I41: 111 | J41: 40.56 | L41: 4050 | M41: =SUMIF(B:B,L41,D:D)+SUMIF(H:H,L41,J:J) -> 634
A42: 71 | B42: =TEXT(A42,"0000") -> 0071 | C42: 111 | D42: 37.55 | G42: 71 | H42: =TEXT(G42,"0000") -> 0071 | I42: 112 | J42: 37.51 | L42: 4051 | M42: =SUMIF(B:B,L42,D:D)+SUMIF(H:H,L42,J:J) -> 622.18
A43: 71 | B43: =TEXT(A43,"0000") -> 0071 | C43: 112 | D43: 38.49 | G43: 71 | H43: =TEXT(G43,"0000") -> 0071 | I43: 130 | J43: 153.51 | L43: 4061 | M43: =SUMIF(B:B,L43,D:D)+SUMIF(H:H,L43,J:J) -> 925.99
A44: 71 | B44: =TEXT(A44,"0000") -> 0071 | C44: 130 | D44: 159.64 | G44: 81 | H44: =TEXT(G44,"0000") -> 0081 | I44: 103 | J44: 1048.19 | L44: 4080 | M44: =SUMIF(B:B,L44,D:D)+SUMIF(H:H,L44,J:J) -> 0
A45: 81 | B45: =TEXT(A45,"0000") -> 0081 | C45: 103 | D45: 1077.74 | G45: 81 | H45: =TEXT(G45,"0000") -> 0081 | I45: 112 | J45: 0.06 | L45: 4081 | M45: =SUMIF(B:B,L45,D:D)+SUMIF(H:H,L45,J:J) -> 123.2
... A52: 100 | B52: =TEXT(A52,"0000") -> 0100 | C52: 254 | D52: 10 | G52: 100 | H52: =TEXT(G52,"0000") -> 0100 | I52: 255 | J52: 4.5 | L52: 4131 | M52: =SUMIF(B:B,L52,D:D)+SUMIF(H:H,L52,J:J) -> 122.12
A53: 100 | B53: =TEXT(A53,"0000") -> 0100 | C53: 255 | D53: 3 | G53: 101 | H53: =TEXT(G53,"0000") -> 0101 | I53: 101 | J53: 100.37 | L53: Total | M53: =SUM(M2:M52) -> 21356.26
A54: 101 | B54: =TEXT(A54,"0000") -> 0101 | C54: 101 | D54: 102.3 | G54: 101 | H54: =TEXT(G54,"0000") -> 0101 | I54: 102 | J54: 55.87
A55: 101 | B55: =TEXT(A55,"0000") -> 0101 | C55: 102 | D55: 55.7 | G55: 101 | H55: =TEXT(G55,"0000") -> 0101 | I55: 111 | J55: 86.62
A56: 101 | B56: =TEXT(A56,"0000") -> 0101 | C56: 111 | D56: 77.05 | G56: 101 | H56: =TEXT(G56,"0000") -> 0101 | I56: 112 | J56: 42.5
A57: 101 | B57: =TEXT(A57,"0000") -> 0101 | C57: 112 | D57: 41.5 | G57: 101 | H57: =TEXT(G57,"0000") -> 0101 | I57: 130 | J57: 23.73
A58: 101 | B58: =TEXT(A58,"0000") -> 0101 | C58: 130 | D58: 22.49 | G58: 101 | H58: =TEXT(G58,"0000") -> 0101 | I58: 254 | J58: 9.5
A59: 101 | B59: =TEXT(A59,"0000") -> 0101 | C59: 254 | D59: 11.5 | G59: 101 | H59: =TEXT(G59,"0000") -> 0101 | I59: 255 | J59: 1.5
A60: 101 | B60: =TEXT(A60,"0000") -> 0101 | C60: 255 | D60: 1.5 | G60: 111 | H60: =TEXT(G60,"0000") -> 0111 | I60: 101 | J60: 126.82
A61: 111 | B61: =TEXT(A61,"0000") -> 0111 | C61: 101 | D61: 133.23 | G61: 111 | H61: =TEXT(G61,"0000") -> 0111 | I61: 102 | J61: 56.91
A62: 111 | B62: =TEXT(A62,"0000") -> 0111 | C62: 102 | D62: 59.84 | G62: 111 | H62: =TEXT(G62,"0000") -> 0111 | I62: 111 | J62: 66.64
A63: 111 | B63: =TEXT(A63,"0000") -> 0111 | C63: 111 | D63: 58.57 | G63: 111 | H63: =TEXT(G63,"0000") -> 0111 | I63: 112 | J63: 43.41
A64: 111 | B64: =TEXT(A64,"0000") -> 0111 | C64: 112 | D64: 40.91 | G64: 111 | H64: =TEXT(G64,"0000") -> 0111 | I64: 130 | J64: 38.53
A65: 111 | B65: =TEXT(A65,"0000") -> 0111 | C65: 130 | D65: 39.74 | G65: 121 | H65: =TEXT(G65,"0000") -> 0121 | I65: 102 | J65: 205.05
... A1207: 9063 | B1207: =TEXT(A1207,"0000") -> 9063 | C1207: 255 | D1207: 7.86 | G1207: 7004 | H1207: =TEXT(G1207,"0000") -> 7004 | I1207: 113 | J1207: 6.53
G1208: 9034 | H1208: =TEXT(G1208,"0000") -> 9034 | I1208: 111 | J1208: 4.19
G1209: 9034 | H1209: =TEXT(G1209,"0000") -> 9034 | I1209: 113 | J1209: 4
G1210: 9034 | H1210: =TEXT(G1210,"0000") -> 9034 | I1210: 255 | J1210: 2.48
G1211: 9063 | H1211: =TEXT(G1211,"0000") -> 9063 | I1211: 111 | J1211: 0.83
G1212: 9063 | H1212: =TEXT(G1212,"0000") -> 9063 | I1212: 112 | J1212: 4.73
G1213: 9063 | H1213: =TEXT(G1213,"0000") -> 9063 | I1213: 113 | J1213: 9.11
G1214: 9063 | H1214: =TEXT(G1214,"0000") -> 9063 | I1214: 255 | J1214: 8.03
J1217: -96277.7
J1218: =+J1215+J1217 -> -96277.7

Sheet 0040
A1: 50 | B1: (Insert district number in cell A1, enter, then strike F9. Your district data then pulls from Calculation Detail Sheets) | R1: 50 | S1: (Insert district number in cell A1, enter, then strike F9. Your district data then pulls from Calculation Detail Sheets)
A2: Revenue Estimate Worksheet: Palm Beach Preparatory Middle School 0040 | I2: =RIGHT(A2,4) -> 0040 | R2: =Revenue_Estimate_Worksheet_for___________Charter_School -> Revenue Estimate Worksheet: Palm Beach Preparatory Middle School 0040
A3: Based on the 2025-26 Third Calculation Worksheet | R3: Based on the 2025-26 FEFP Second Calculation
A4: School District: | D4: Palm Beach | H4: =Consolidated!H4 -> 46143 | R4: School District: | T4: Palm Beach
A5: 1A. 2025-26 FEFP State and Local Funding | R5: 1A. 2025-26 FEFP State and Local Funding
A6: Base Student Allocation | E6: =Consolidated!$C$8 -> 5372.6 | G6: Comparable Wage Factor: | I6: =Consolidated!$H$8 -> 1.0355 | R6: Base Student Allocation | T6: =E6 -> 5372.6 | V6: Comparable Wage Factor: | X6: 1.0355
G7: Small District Factor | I7: =Consolidated!$H$9 -> 1 | O7: =IF(AND(C13>=C15, C13>=C17), "E", "-") -> - | V7: Small District Factor | X7: 1
J8: 2025-26 | O8: =IF(AND(C15>C17, C15>C13), "M", "-") -> M | Y8: 2025-26
C9: =Consolidated!C$11 -> Oct 2025 | D9: =Consolidated!D$11 -> Feb 2026 | G9: Program | I9: Weighted FTE | J9: Base Funding | O9: =IF(AND(C17>C15, C17>C13), "H", "-") -> - | V9: Program | X9: Weighted FTE | Y9: Base Funding
A10: Program | C10: FTE | D10: FTE | E10: Total FTE | G10: Cost Factor | I10: (2) x (3) | J10: (WFTE x BSA x CWF x SDF) | R10: Program | T10: Number of FTE | V10: Cost Factor | X10: (2) x (3) | Y10: (WFTE x BSA x CWF x SDF)
A11: (1) | E11: (2) | G11: (3) | I11: (4) | J11: (5) | R11: (1) | T11: (2) | V11: (3) | X11: (4) | Y11: (5)
A12: 101 Basic K-3 | C12: =SUMIFS(CountData!D:D,CountData!B:B,$I$2,CountData!C:C,$O12) -> 0 | D12: =SUMIFS(CountData!J:J,CountData!H:H,$I$2,CountData!I:I,$O12) -> 0 | E12: =IF($D$28=0,C12*2,C12+D12) -> 0 | G12: =Consolidated!$F14 -> 1.108 | H12: =Consolidated!$H$9 -> 1 | I12: =ROUND(E12*G12,4) -> 0 | J12: =ROUND(ROUND(ROUND(I12*$E$6,4)*($I$6),2)*(MAX($I$7,1)),2) -> 0 | O12: =LEFT(R12,3) -> 101 | R12: 101 Basic K-3 | T12: =IF($I$111=1,E12,0) -> 0 | V12: 1 | X12: =ROUND(T12*V12,4) -> 0 | Y12: =ROUND(ROUND(ROUND(X12*$E$6,4)*($I$6),2)*(MAX($I$7,1)),2) -> 0
A13: 111 Basic K-3 with ESE Services | C13: =SUMIFS(CountData!D:D,CountData!B:B,$I$2,CountData!C:C,$O13) -> 0 | D13: =SUMIFS(CountData!J:J,CountData!H:H,$I$2,CountData!I:I,$O13) -> 0 | E13: =IF($D$28=0,C13*2,C13+D13) -> 0 | G13: =Consolidated!$F15 -> 1.108 | H13: =Consolidated!$H$9 -> 1 | I13: =ROUND(E13*G13,4) -> 0 | J13: =ROUND(ROUND(ROUND(I13*$E$6,4)*($I$6),2)*(MAX($I$7,1)),2) -> 0 | O13: =LEFT(R13,3) -> 111 | R13: 111 Basic K-3 with ESE Services | T13: =IF($I$111=1,E13,0) -> 0 | V13: 1 | X13: =ROUND(T13*V13,4) -> 0 | Y13: =ROUND(ROUND(ROUND(X13*$E$6,4)*($I$6),2)*(MAX($I$7,1)),2) -> 0
A14: 102 Basic 4-8 | C14: =SUMIFS(CountData!D:D,CountData!B:B,$I$2,CountData!C:C,$O14) -> 6.7 | D14: =SUMIFS(CountData!J:J,CountData!H:H,$I$2,CountData!I:I,$O14) -> 7.5 | E14: =IF($D$28=0,C14*2,C14+D14) -> 14.2 | G14: =Consolidated!$F16 -> 1 | H14: =Consolidated!$H$9 -> 1 | I14: =ROUND(E14*G14,4) -> 14.2 | J14: =ROUND(ROUND(ROUND(I14*$E$6,4)*($I$6),2)*(MAX($I$7,1)),2) -> 78999.25 | O14: =LEFT(R14,3) -> 102 | R14: 102 Basic 4-8 | T14: =IF($I$111=1,E14,0) -> 0 | V14: 1 | X14: =ROUND(T14*V14,4) -> 0 | Y14: =ROUND(ROUND(ROUND(X14*$E$6,4)*($I$6),2)*(MAX($I$7,1)),2) -> 0
A15: 112 Basic 4-8 with ESE Services | C15: =SUMIFS(CountData!D:D,CountData!B:B,$I$2,CountData!C:C,$O15) -> 3.48 | D15: =SUMIFS(CountData!J:J,CountData!H:H,$I$2,CountData!I:I,$O15) -> 3.97 | E15: =IF($D$28=0,C15*2,C15+D15) -> 7.45 | G15: =Consolidated!$F17 -> 1 | H15: =Consolidated!$H$9 -> 1 | I15: =ROUND(E15*G15,4) -> 7.45 | J15: =ROUND(ROUND(ROUND(I15*$E$6,4)*($I$6),2)*(MAX($I$7,1)),2) -> 41446.79 | O15: =LEFT(R15,3) -> 112 | R15: 112 Basic 4-8 with ESE Services | T15: =IF($I$111=1,E15,0) -> 0 | V15: 1 | X15: =ROUND(T15*V15,4) -> 0 | Y15: =ROUND(ROUND(ROUND(X15*$E$6,4)*($I$6),2)*(MAX($I$7,1)),2) -> 0
A16: 103 Basic 9-12 | C16: =SUMIFS(CountData!D:D,CountData!B:B,$I$2,CountData!C:C,$O16) -> 0 | D16: =SUMIFS(CountData!J:J,CountData!H:H,$I$2,CountData!I:I,$O16) -> 0 | E16: =IF($D$28=0,C16*2,C16+D16) -> 0 | G16: =Consolidated!$F18 -> 0.972 | H16: =Consolidated!$H$9 -> 1 | I16: =ROUND(E16*G16,4) -> 0 | J16: =ROUND(ROUND(ROUND(I16*$E$6,4)*($I$6),2)*(MAX($I$7,1)),2) -> 0 | O16: =LEFT(R16,3) -> 103 | R16: 103 Basic 9-12 | T16: =IF($I$111=1,E16,0) -> 0 | V16: 1 | X16: =ROUND(T16*V16,4) -> 0 | Y16: =ROUND(ROUND(ROUND(X16*$E$6,4)*($I$6),2)*(MAX($I$7,1)),2) -> 0
A17: 113 Basic 9-12 with ESE Services | C17: =SUMIFS(CountData!D:D,CountData!B:B,$I$2,CountData!C:C,$O17) -> 0 | D17: =SUMIFS(CountData!J:J,CountData!H:H,$I$2,CountData!I:I,$O17) -> 0 | E17: =IF($D$28=0,C17*2,C17+D17) -> 0 | G17: =Consolidated!$F19 -> 0.972 | H17: =Consolidated!$H$9 -> 1 | I17: =ROUND(E17*G17,4) -> 0 | J17: =ROUND(ROUND(ROUND(I17*$E$6,4)*($I$6),2)*(MAX($I$7,1)),2) -> 0 | O17: =LEFT(R17,3) -> 113 | R17: 113 Basic 9-12 with ESE Services | T17: =IF($I$111=1,E17,0) -> 0 | V17: 1 | X17: =ROUND(T17*V17,4) -> 0 | Y17: =ROUND(ROUND(ROUND(X17*$E$6,4)*($I$6),2)*(MAX($I$7,1)),2) -> 0
A18: 254 ESE Level 4 (Grade Level PK-3) | C18: =SUMIFS(CountData!D:D,CountData!B:B,$I$2,CountData!C:C,$O18) -> 0 | D18: =SUMIFS(CountData!J:J,CountData!H:H,$I$2,CountData!I:I,$O18) -> 0 | E18: =IF($D$28=0,C18*2,C18+D18) -> 0 | G18: =Consolidated!$F20 -> 3.609 | H18: =Consolidated!$H$9 -> 1 | I18: =ROUND(E18*G18,4) -> 0 | J18: =ROUND(ROUND(ROUND(I18*$E$6,4)*($I$6),2)*(MAX($I$7,1)),2) -> 0 | O18: =IF(O$7="E",LEFT(R$18,3),"") | R18: 254 ESE Level 4 (Grade Level PK-3) | T18: =IF($I$111=1,E18,0) -> 0 | V18: 1 | X18: =ROUND(T18*V18,4) -> 0 | Y18: =ROUND(ROUND(ROUND(X18*$E$6,4)*($I$6),2)*(MAX($I$7,1)),2) -> 0
A19: 254 ESE Level 4 (Grade Level 4-8) | C19: =SUMIFS(CountData!D:D,CountData!B:B,$I$2,CountData!C:C,$O19) -> 0 | D19: =SUMIFS(CountData!J:J,CountData!H:H,$I$2,CountData!I:I,$O19) -> 0 | E19: =IF($D$28=0,C19*2,C19+D19) -> 0 | G19: =Consolidated!$F21 -> 3.609 | H19: =Consolidated!$H$9 -> 1 | I19: =ROUND(E19*G19,4) -> 0 | J19: =ROUND(ROUND(ROUND(I19*$E$6,4)*($I$6),2)*(MAX($I$7,1)),2) -> 0 | O19: =IF(O$8="M",LEFT(R$19,3),"") -> 254 | R19: 254 ESE Level 4 (Grade Level 4-8) | T19: =IF($I$111=1,E19,0) -> 0 | V19: 1 | X19: =ROUND(T19*V19,4) -> 0 | Y19: =ROUND(ROUND(ROUND(X19*$E$6,4)*($I$6),2)*(MAX($I$7,1)),2) -> 0
A20: 254 ESE Level 4 (Grade Level 9-12) | C20: =SUMIFS(CountData!D:D,CountData!B:B,$I$2,CountData!C:C,$O20) -> 0 | D20: =SUMIFS(CountData!J:J,CountData!H:H,$I$2,CountData!I:I,$O20) -> 0 | E20: =IF($D$28=0,C20*2,C20+D20) -> 0 | G20: =Consolidated!$F22 -> 3.609 | H20: =Consolidated!$H$9 -> 1 | I20: =ROUND(E20*G20,4) -> 0 | J20: =ROUND(ROUND(ROUND(I20*$E$6,4)*($I$6),2)*(MAX($I$7,1)),2) -> 0 | O20: =IF(O$9="H",LEFT(R$20,3),"") | R20: 254 ESE Level 4 (Grade Level 9-12) | T20: =IF($I$111=1,E20,0) -> 0 | V20: 1 | X20: =ROUND(T20*V20,4) -> 0 | Y20: =ROUND(ROUND(ROUND(X20*$E$6,4)*($I$6),2)*(MAX($I$7,1)),2) -> 0
A21: 255 ESE Level 5 (Grade Level PK-3) | C21: =SUMIFS(CountData!D:D,CountData!B:B,$I$2,CountData!C:C,$O21) -> 0 | D21: =SUMIFS(CountData!J:J,CountData!H:H,$I$2,CountData!I:I,$O21) -> 0 | E21: =IF($D$28=0,C21*2,C21+D21) -> 0 | G21: =Consolidated!$F23 -> 6.064 | H21: =Consolidated!$H$9 -> 1 | I21: =ROUND(E21*G21,4) -> 0 | J21: =ROUND(ROUND(ROUND(I21*$E$6,4)*($I$6),2)*(MAX($I$7,1)),2) -> 0 | O21: =IF(O$7="E",LEFT(R$21,3),"") | R21: 255 ESE Level 5 (Grade Level PK-3) | T21: =IF($I$111=1,E21,0) -> 0 | V21: 1 | X21: =ROUND(T21*V21,4) -> 0 | Y21: =ROUND(ROUND(ROUND(X21*$E$6,4)*($I$6),2)*(MAX($I$7,1)),2) -> 0
A22: 255 ESE Level 5 (Grade Level 4-8) | C22: =SUMIFS(CountData!D:D,CountData!B:B,$I$2,CountData!C:C,$O22) -> 0 | D22: =SUMIFS(CountData!J:J,CountData!H:H,$I$2,CountData!I:I,$O22) -> 0 | E22: =IF($D$28=0,C22*2,C22+D22) -> 0 | G22: =Consolidated!$F24 -> 6.064 | H22: =Consolidated!$H$9 -> 1 | I22: =ROUND(E22*G22,4) -> 0 | J22: =ROUND(ROUND(ROUND(I22*$E$6,4)*($I$6),2)*(MAX($I$7,1)),2) -> 0 | O22: =IF(O$8="M",LEFT(R$22,3),"") -> 255 | R22: 255 ESE Level 5 (Grade Level 4-8) | T22: =IF($I$111=1,E22,0) -> 0 | V22: 1 | X22: =ROUND(T22*V22,4) -> 0 | Y22: =ROUND(ROUND(ROUND(X22*$E$6,4)*($I$6),2)*(MAX($I$7,1)),2) -> 0
A23: 255 ESE Level 5 (Grade Level 9-12) | C23: =SUMIFS(CountData!D:D,CountData!B:B,$I$2,CountData!C:C,$O23) -> 0 | D23: =SUMIFS(CountData!J:J,CountData!H:H,$I$2,CountData!I:I,$O23) -> 0 | E23: =IF($D$28=0,C23*2,C23+D23) -> 0 | G23: =Consolidated!$F25 -> 6.064 | H23: =Consolidated!$H$9 -> 1 | I23: =ROUND(E23*G23,4) -> 0 | J23: =ROUND(ROUND(ROUND(I23*$E$6,4)*($I$6),2)*(MAX($I$7,1)),2) -> 0 | O23: =IF(O$9="H",LEFT(R$23,3),"") | R23: 255 ESE Level 5 (Grade Level 9-12) | T23: =IF($I$111=1,E23,0) -> 0 | V23: 1 | X23: =ROUND(T23*V23,4) -> 0 | Y23: =ROUND(ROUND(ROUND(X23*$E$6,4)*($I$6),2)*(MAX($I$7,1)),2) -> 0
A24: 130 ESOL (Grade Level PK-3) | C24: =SUMIFS(CountData!D:D,CountData!B:B,$I$2,CountData!C:C,$O24) -> 0 | D24: =SUMIFS(CountData!J:J,CountData!H:H,$I$2,CountData!I:I,$O24) -> 0 | E24: =IF($D$28=0,C24*2,C24+D24) -> 0 | G24: =Consolidated!$F26 -> 1.165 | H24: =Consolidated!$H$9 -> 1 | I24: =ROUND(E24*G24,4) -> 0 | J24: =ROUND(ROUND(ROUND(I24*$E$6,4)*($I$6),2)*(MAX($I$7,1)),2) -> 0 | O24: =IF(O$7="E",LEFT(R$24,3),"") | R24: 130 ESOL (Grade Level PK-3) | T24: =IF($I$111=1,E24,0) -> 0 | V24: 1 | X24: =ROUND(T24*V24,4) -> 0 | Y24: =ROUND(ROUND(ROUND(X24*$E$6,4)*($I$6),2)*(MAX($I$7,1)),2) -> 0
A25: 130 ESOL (Grade Level 4-8) | C25: =SUMIFS(CountData!D:D,CountData!B:B,$I$2,CountData!C:C,$O25) -> 1.23 | D25: =SUMIFS(CountData!J:J,CountData!H:H,$I$2,CountData!I:I,$O25) -> 0.84 | E25: =IF($D$28=0,C25*2,C25+D25) -> 2.07 | G25: =Consolidated!$F27 -> 1.165 | H25: =Consolidated!$H$9 -> 1 | I25: =ROUND(E25*G25,4) -> 2.4116 | J25: =ROUND(ROUND(ROUND(I25*$E$6,4)*($I$6),2)*(MAX($I$7,1)),2) -> 13416.52 | O25: =IF(O$8="M",LEFT(R$25,3),"") -> 130 | R25: 130 ESOL (Grade Level 4-8) | T25: =IF($I$111=1,E25,0) -> 0 | V25: 1 | X25: =ROUND(T25*V25,4) -> 0 | Y25: =ROUND(ROUND(ROUND(X25*$E$6,4)*($I$6),2)*(MAX($I$7,1)),2) -> 0
A26: 130 ESOL (Grade Level 9-12) | C26: =SUMIFS(CountData!D:D,CountData!B:B,$I$2,CountData!C:C,$O26) -> 0 | D26: =SUMIFS(CountData!J:J,CountData!H:H,$I$2,CountData!I:I,$O26) -> 0 | E26: =IF($D$28=0,C26*2,C26+D26) -> 0 | G26: =Consolidated!$F28 -> 1.165 | H26: =Consolidated!$H$9 -> 1 | I26: =ROUND(E26*G26,4) -> 0 | J26: =ROUND(ROUND(ROUND(I26*$E$6,4)*($I$6),2)*(MAX($I$7,1)),2) -> 0 | O26: =IF(O$9="H",LEFT(R$26,3),"") | R26: 130 ESOL (Grade Level 9-12) | T26: =IF($I$111=1,E26,0) -> 0 | V26: 1 | X26: =ROUND(T26*V26,4) -> 0 | Y26: =ROUND(ROUND(ROUND(X26*$E$6,4)*($I$6),2)*(MAX($I$7,1)),2) -> 0
A27: 300 Career Education (Grades 9-12) | C27: =SUMIFS(CountData!D:D,CountData!B:B,$I$2,CountData!C:C,$O27) -> 0 | D27: =SUMIFS(CountData!J:J,CountData!H:H,$I$2,CountData!I:I,$O27) -> 0 | E27: =IF($D$28=0,C27*2,C27+D27) -> 0 | G27: =Consolidated!$F29 -> 1.081 | H27: =Consolidated!$H$9 -> 1 | I27: =ROUND(E27*G27,4) -> 0 | J27: =ROUND(ROUND(ROUND(I27*$E$6,4)*($I$6),2)*(MAX($I$7,1)),2) -> 0 | O27: =LEFT(R27,3) -> 300 | R27: 300 Career Education (Grades 9-12) | T27: =IF($I$111=1,E27,0) -> 0 | V27: 1 | X27: =ROUND(T27*V27,4) -> 0 | Y27: =ROUND(ROUND(ROUND(X27*$E$6,4)*($I$6),2)*(MAX($I$7,1)),2) -> 0
A28: Totals | C28: =SUM(C12:C27) -> 11.41 | D28: =SUM(D12:D27) -> 12.31 | E28: =SUM(E12:E27) -> 23.72 | I28: =SUM(I12:I27) -> 24.0616 | J28: =SUM(J12:J27) -> 133862.56 | R28: Totals | T28: =SUM(T12:T27) -> 0 | X28: =SUM(X12:X27) -> 0 | Y28: =SUM(Y12:Y27) -> 0
A29: Letters in Parentheses Refer to Notes at Bottom of Worksheet: | R29: Letters in Parentheses Refer to Notes at Bottom of Worksheet:
A30: Additional FTE | E30: Number of FTE Charter schools should contact their school district sponsor regarding eligible FTE. Please note that “Number of FTE” is NOT equivalent to number of students enrolled in these courses or programs. | J30: 2025-26 Base Funding (WFTE x BSA x CWF x SDF) | R30: Additional FTE | T30: Number of FTE Charter schools should contact their school district sponsor regarding eligible FTE. Please note that “Number of FTE” is NOT equivalent to number of students enrolled in these courses or programs. Please refer to footnote (a) below. | Y30: 2025-26 Base Funding (WFTE x BSA x CWF x SDF)
A31: Small District ESE Supplement | J31: =ROUND(ROUND(ROUND(I31*$E$6,4)*($I$6),0)*(MAX($I$7,1)),0) -> 0 | R31: Small District ESE Supplement | Y31: =J31 -> 0
A32: Total Additional FTE | G32: =SUM(I31:I31) -> 0 | H32: Additional Base Funds | J32: =SUM(J31:J31) -> 0 | R32: Total Additional FTE | V32: 0 | W32: Additional Base Funds | Y32: =SUM(Y31:Y31) -> 0
A33: Total Funded Weighted FTE | G33: =G32+I28 -> 24.0616 | H33: Total Base Funding | J33: =SUM(J32,J28) -> 133862.56 | R33: Total Funded Weighted FTE | V33: =V32+X28 -> 0 | W33: Total Base Funding | Y33: =SUM(Y32,Y28) -> 0
A35: 1B. Classroom Teacher and Other Instructional Personnel Salary Increase Maintenance and Growth Portions of the Salary Increase funds are part of the total Conference Base Funding and are not treated as a separate allocation. Amounts are split out here for informative purposes and for the purposes of providing a total that may be used for calculating the adminstrative fee. | R35: 1B. Classroom Teacher and Other Instructional Personnel Salary Increase Maintenance and Growth Portions of the Salary Increase funds are part of the total Conference Base Funding and are not treated as a separate allocation. Amounts are split out here for informative purposes and for the purposes of providing a total that may be used for calculating the adminstrative fee.
A36: Maintenance Portion (6.67% of Conference Base Funding) | F36: (a) | G36: 204869.52 | H36: X | I36: 0.0667 | J36: =ROUND(G36*I36,2) -> 13664.8 | R36: Maintenance Portion (6.67% of Conference Base Funding) | V36: =Y28 -> 0 | W36: X | X36: 0.0667 | Y36: =ROUND(V36*X36,2) -> 0
A37: Growth Portion (0.54% of Conference Base Funding) | F37: (a) | G37: 204869.52 | H37: X | I37: 0.0054 | J37: =ROUND(G37*I37,2) -> 1106.3 | R37: Growth Portion (0.54% of Conference Base Funding) | V37: =Y28 -> 0 | W37: X | X37: 0.0054 | Y37: =ROUND(V37*X37,2) -> 0
A38: Total Salary Increase Allocation | J38: =SUM(J36:J37) -> 14771.1 | R38: Total Salary Increase Allocation | Y38: =Y36+Y37 -> 0
A40: 2. ESE Guaranteed Allocation: | C40: Oct 2025 FTE | D40: Feb 2026 FTE | E40: Total FTE | G40: Grade Level | H40: Matrix Level | I40: Guarantee Per Student | R40: 2. ESE Guaranteed Allocation: | T40: FTE | V40: Grade Level | W40: Matrix Level | X40: Guarantee Per Student
A41: Additional Funding from the ESE Guaranteed Allocation. Enter the FTE from 111,112 and 113 by grade and matrix level. Students who do not have a matrix level should be considered 251. This total should equal all FTE from programs 111, 112 and 113 above, less any 113 gifted FTE. | C41: 0 | E41: =IF($D$50=0,C41*2,C41+D41) -> 0 | G41: PK-3 | H41: 251 | I41: =Consolidated!$H59 -> 1047 | J41: =ROUND(E41*I41,2) -> 0 | R41: Additional Funding from the ESE Guaranteed Allocation. Enter the FTE from 111,112, & 113 by grade and matrix level. Students who do not have a matrix level should be considered 251. This total should equal all FTE from programs 111, 112 & 113 above. | V41: PK-3 | W41: 251 | X41: =I41 -> 1047 | Y41: =ROUND(T41*X41,2) -> 0
C42: 0 | E42: =IF($D$50=0,C42*2,C42+D42) -> 0 | G42: PK-3 | H42: 252 | I42: =Consolidated!$H60 -> 3380 | J42: =ROUND(E42*I42,2) -> 0 | V42: PK-3 | W42: 252 | X42: =I42 -> 3380 | Y42: =ROUND(T42*X42,2) -> 0
C43: 0 | E43: =IF($D$50=0,C43*2,C43+D43) -> 0 | G43: PK-3 | H43: 253 | I43: =Consolidated!$H61 -> 6896 | J43: =ROUND(E43*I43,2) -> 0 | V43: PK-3 | W43: 253 | X43: =I43 -> 6896 | Y43: =ROUND(T43*X43,2) -> 0
C44: 3 | E44: =IF($D$50=0,C44*2,C44+D44) -> 6 | G44: 4-8 | H44: 251 | I44: =Consolidated!$H62 -> 1173 | J44: =ROUND(E44*I44,2) -> 7038 | V44: 4-8 | W44: 251 | X44: =I44 -> 1173 | Y44: =ROUND(T44*X44,2) -> 0
C45: 0.5 | E45: =IF($D$50=0,C45*2,C45+D45) -> 1 | G45: 4-8 | H45: 252 | I45: =Consolidated!$H63 -> 3506 | J45: =ROUND(E45*I45,2) -> 3506 | V45: 4-8 | W45: 252 | X45: =I45 -> 3506 | Y45: =ROUND(T45*X45,2) -> 0
C46: 0 | E46: =IF($D$50=0,C46*2,C46+D46) -> 0 | G46: 4-8 | H46: 253 | I46: =Consolidated!$H64 -> 7023 | J46: =ROUND(E46*I46,2) -> 0 | V46: 4-8 | W46: 253 | X46: =I46 -> 7023 | Y46: =ROUND(T46*X46,2) -> 0
C47: 0 | D47: 0 | E47: =IF($D$50=0,C47*2,C47+D47) -> 0 | G47: 9-12 | H47: 251 | I47: =Consolidated!$H65 -> 835 | J47: =ROUND(E47*I47,2) -> 0 | V47: 9-12 | W47: 251 | X47: =I47 -> 835 | Y47: =ROUND(T47*X47,2) -> 0
C48: 0 | D48: 0 | E48: =IF($D$50=0,C48*2,C48+D48) -> 0 | G48: 9-12 | H48: 252 | I48: =Consolidated!$H66 -> 3168 | J48: =ROUND(E48*I48,2) -> 0 | V48: 9-12 | W48: 252 | X48: =I48 -> 3168 | Y48: =ROUND(T48*X48,2) -> 0
C49: 0 | D49: 0 | E49: =IF($D$50=0,C49*2,C49+D49) -> 0 | G49: 9-12 | H49: 253 | I49: =Consolidated!$H67 -> 6685 | J49: =ROUND(E49*I49,2) -> 0 | V49: 9-12 | W49: 253 | X49: =I49 -> 6685 | Y49: =ROUND(T49*X49,2) -> 0
A50: Total FTE with ESE Services | C50: =SUM(C41:C49) -> 3.5 | D50: =SUM(D41:D49) -> 0 | E50: =SUM(E41:E49) -> 7 | G50: Total ESE Guarantee | J50: =SUM(J41:J49) -> 10544 | R50: Total FTE with ESE Services | T50: =SUM(T42:T49) -> 0 | V50: Total ESE Guarantee | Y50: =SUM(Y41:Y49) -> 0
R51: 3A. Divide school's Unweighted FTE (UFTE) total computed in Section 1, cell C28 above by the district's total UFTE to obtain school's
A52: 3A. Divide school's Unweighted FTE (UFTE) total computed in Section 1, cell C28 above by the district's total UFTE to obtain school's | R52: UFTE share. Charter School UFTE: | T52: =T28 -> 0 | U52: ÷ | W52: District's Total UFTE: | X52: =I53 -> 207782.75
A53: UFTE share. Charter School UFTE: | C53: =E28 -> 23.72 | D53: ÷ | G53: District's Total UFTE: | I53: =Consolidated!H$71 -> 207782.75 | W53: = | X53: =ROUND(T52/X52,6) -> 0
H54: = | I54: =IFERROR(ROUND(C53/I53,6),0) -> 0.000114 | R54: 3B. Divide school's Weighted FTE (WFTE) total computed in Section 1, cell E39 above by the district's total WFTE to obtain school's
A55: 3B. Divide school's Weighted FTE (WFTE) total computed in Section 1, cell E33 above by the district's total WFTE to obtain school's | R55: WFTE share. Charter School WFTE: | T55: =Y33 -> 0 | U55: ÷ | W55: District's Total WFTE: | X55: =I56 -> 221179.84
A56: WFTE share. Charter School WFTE: | C56: =G33 -> 24.0616 | D56: ÷ | G56: District's Total WFTE: | I56: =Consolidated!H$74 -> 221179.84 | W56: = | X56: =ROUND(T55/X55,6) -> 0
H57: = | I57: =IFERROR(ROUND(C56/I56,6),0) -> 0.000109 | R57: 3C. Divide school's Unweighted FTE (UFTE) total computed in Section 1, cell C28 above by the district's total non-scholarship UFTE to obtain school's
A58: 3C. Divide school's Unweighted FTE (UFTE) total computed in Section 1, cell C28 above by the district's total non-scholarship UFTE to obtain school's | R58: UFTE share. Charter School UFTE: | T58: =T28 -> 0 | U58: ÷ | V58: District's Total Non-Scholarship UFTE: | X58: =I59 -> 178931.75
A59: UFTE share. Charter School UFTE: | C59: =E28 -> 23.72 | D59: ÷ | F59: District's Total Non-Scholarship UFTE: | I59: =Consolidated!H$77 -> 178931.75 | W59: = | X59: =ROUND(T58/X58,6) -> 0
H60: = | I60: =IFERROR(ROUND(C59/I59,6),0) -> 0.000133 | R60: 3D. Divide school's Unweighted FTE (UFTE) total computed in Section 1, cell C28 above by the district's total non-virtual UFTE to obtain school's
A61: 3D. Divide school's Unweighted FTE (UFTE) total computed in Section 1, cell C28 above by the district's total non-virtual UFTE to obtain school's | R61: UFTE share. Charter School UFTE: | T61: =T28 -> 0 | U61: ÷ | V61: District's Total Non-Virtual UFTE: | X61: =I62 -> 207463.82
A62: UFTE share. Charter School UFTE: | C62: =E28 -> 23.72 | D62: ÷ | F62: District's Total Non-Virtual UFTE: | I62: =Consolidated!H$80 -> 207463.82 | W62: = | X62: =ROUND(T61/X61,6) -> 0
H63: = | I63: =IFERROR(ROUND(C62/I62,6),0) -> 0.000114 | R63: 3E. Divide school's Unweighted FTE (UFTE) total computed in Section 1, cell C28 above by the district's total non-scholarship and non-virtual UFTE to obtain school's
A64: 3E. Divide school's Unweighted FTE (UFTE) total computed in Section 1, cell C28 above by the district's total non-scholarship and non-virtual UFTE to obtain school's | R64: UFTE share. Charter School UFTE: | T64: =T28 -> 0 | U64: ÷ | V64: District's Total Non-Virtual and Non-Scholarship UFTE: | X64: =I65 -> 178612.82
A65: UFTE share. Charter School UFTE: | C65: =E28 -> 23.72 | D65: ÷ District's Total Non-Scholarship Non-Virtual UFTE: | I65: =Consolidated!H$83 -> 178612.82 | W65: = | X65: =ROUND(T64/X64,6) -> 0
H66: = | I66: =IFERROR(ROUND(C65/I65,6),0) -> 0.000133
R67: 4. Educational Enrichment Share (Non-Virtual UFTE share) | V67: =G68 -> 45629593 | W67: x | X67: =X62 -> 0 | Y67: =ROUND(V67*X67,2) -> 0
A68: 4. Educational Enrichment Share (Non-Virtual UFTE share) | F68: (e) | G68: =Consolidated!F$86 -> 45629593 | H68: x | I68: =I63 -> 0.000114 | J68: =ROUND(G68*I68,2) -> 5201.77 | R68: 5. Discretionary Millage Compression Allocation
A69: 5. Discretionary Millage Compression Allocation | R69: .748 Mills | V69: =G70 -> 0 | W69: x | X69: =X53 -> 0 | Y69: =ROUND(V69*X69,2) -> 0
A70: .748 Mills (UFTE share) | F70: (b) | G70: =Consolidated!F$89 -> 0 | H70: x | I70: =I54 -> 0.000114 | J70: =ROUND(G70*I70,2) -> 0 | R70: 6. Safe Schools Allocation (Non-Virtual and Scholarship UFTE share) | V70: =G71 -> 18934058 | W70: x | X70: =X65 -> 0 | Y70: =ROUND(V70*X70,2) -> 0
A71: 6. Safe Schools Allocation (Non-Virtual and Non-Scholarship UFTE share) | F71: (f) | G71: =Consolidated!F$91 -> 18934058 | H71: x | I71: =I66 -> 0.000133 | J71: =ROUND(G71*I71,2) -> 2518.23 | R71: 7. Mental Health Assistance Allocation (Non-Scholarship UFTE share) | V71: =G72 -> 11300012 | W71: x | X71: =X59 -> 0 | Y71: =ROUND(V71*X71,2) -> 0
A72: 7. Mental Health Assistance Allocation (Non-Scholarship UFTE share) | F72: (d) | G72: =Consolidated!F$93 -> 11300012 | H72: x | I72: =I60 -> 0.000133 | J72: =ROUND(G72*I72,2) -> 1502.9 | R72: 8. Academic Acceleration Options Supplement (Value share)
A73: 8. Academic Acceleration Options Supplement (Value share) | F73: (g) | R73: Acceleration Value | T73: Acceleration Value Charter schools should contact their school district sponsor regarding eligible value. Please note that “Acceleration Value” is NOT equivalent to number of students enrolled in these courses or programs. Please refer to footnote (a) below.
A74: Acceleration Value | E74: Acceleration Value Charter schools should contact their school district sponsor regarding eligible value. Please note that “Acceleration Value” is NOT equivalent to number of students enrolled in these courses or programs. Please refer to footnote (g) below. | R74: Advanced Placement
A75: Advanced Placement | R75: International Baccalaureate
A76: International Baccalaureate | R76: Advanced International Certificate
A77: Advanced International Certificate | R77: Industry Certified Career Education
A78: Industry Certified Career Education | R78: Early High School Graduation
A79: Early High School Graduation | R79: Dual Enrollment
A80: Dual Enrollment | X80: School total value | Y80: =SUM(Y74:Y79) -> 0
I81: School total value | J81: =SUM(J75:J80) -> 0 | X81: District total value | Y81: =J82 -> 12903.05
I82: District total value | J82: =Consolidated!J$104 -> 12903.05
R83: School Academic Acceleration Option Supplement | V83: =G84 -> 58502790 | W83: x | X83: =IFERROR(ROUND(Y80/Y81,6),0) -> 0 | Y83: =ROUND(V83*X83,2) -> 0
A84: School Academic Acceleration Option Supplement | G84: =Consolidated!F$106 -> 58502790 | H84: x | I84: =IFERROR(ROUND(J81/J82,6),0) -> 0 | J84: =ROUND(G84*I84,2) -> 0 | R84: 9. ESE Guaranteed Allocation
A85: 9. Discretionary Local Effort (WFTE share) | F85: (c) | G85: =Consolidated!F$108 -> 268816278 | H85: x | I85: =I57 -> 0.000109 | J85: =ROUND(G85*I85,2) -> 29300.97 | R85: 10. Discretionary Local Effort (WFTE share) | V85: =G85 -> 268816278 | W85: x | X85: =X56 -> 0 | Y85: =ROUND(V85*X85,2) -> 0
A86: 10. Proration to Funds Available (WFTE share) | F86: (c) | G86: 0 | H86: x | I86: =I57 -> 0.000109 | J86: =ROUND(G86*I86,2) -> 0 | R86: 11. Proration to Funds Available (WFTE share) | V86: 0 | W86: x | X86: =X56 -> 0 | Y86: =ROUND(V86*X86,2) -> 0
A87: 11. Educational Enrollment Stabilization Program (UFTE share) | F87: (b) | G87: 0 | H87: x | I87: =I54 -> 0.000114 | J87: =ROUND(G87*I87,2) -> 0 | R87: 12. Educational Enrollment Stabilization Program (UFTE share) | V87: 0 | W87: x | X87: =X53 -> 0 | Y87: =ROUND(V87*X87,2) -> 0
A88: 12. Class Size Reduction Funds: | R88: 13. Class Size Reduction Funds:
B89: Weighted FTE (not including Add-On) | D89: X CWF X | G89: Allocation factors | R89: Weighted FTE (not including Add-On) | T89: X CWF X | V89: Allocation factors
A90: PK - 3 | B90: =I12+I13+I18+I21+I24 -> 0 | D90: =I6 -> 1.0355 | G90: =Consolidated!F$118 -> 958.42 | H90: = | I90: =ROUND(B90*D90*G90,2) -> 0 | R90: PK - 3 | S90: =X12+X13+X18+X21+X24 -> 0 | T90: =X6 -> 1.0355 | V90: =G90 -> 958.42 | W90: = | X90: =ROUND(S90*T90*V90,2) -> 0
A91: 4-8 | B91: =I14+I15+I19+I22+I25 -> 24.0616 | D91: =I6 -> 1.0355 | G91: =Consolidated!F$119 -> 915.09 | H91: = | I91: =ROUND(B91*D91*G91,2) -> 22800.19 | R91: 4-8 | S91: =X14+X15+X19+X22+X25 -> 0 | T91: =X6 -> 1.0355 | V91: =G91 -> 915.09 | W91: = | X91: =ROUND(S91*T91*V91,2) -> 0
A92: 9-12 | B92: =I16+I17+I20+I23+I26+I27 -> 0 | D92: =I6 -> 1.0355 | G92: =Consolidated!F$120 -> 917.3 | H92: = | I92: =ROUND(B92*D92*G92,2) -> 0 | R92: 9-12 | S92: =X16+X17+X20+X23+X26+X27 -> 0 | T92: =X6 -> 1.0355 | V92: =G92 -> 917.3 | W92: = | X92: =ROUND(S92*T92*V92,2) -> 0
A93: Total * | B93: =SUM(B90:B92) -> 24.0616 | E93: Total Class Size Reduction Funds | J93: =IF(A1=75,0,I92+I91+I90) -> 22800.19 | R93: Total * | S93: =SUM(S90:S92) -> 0 | T93: Total Class Size Reduction Funds | Y93: =IF(R1=75,0,X92+X91+X90) -> 0
A94: (*Total FTE should equal total in Section 1, column (4) and should not include any additional FTE from Section 1.) | R94: (*Total FTE should equal total in Section 1, column (4) and should not include any additional FTE from Section 1.)
A95: 13. Student Transportation | F95: (h) | R95: 14. Student Transportation
C96: Oct 2025 FTE | D96: Feb 2026 FTE | E96: Average FTE | R96: Enter All Adjusted Fundable Riders | T96: =IF(I111=1,E97,0) -> 0 | W96: x | X96: =I97 -> 586 | Y96: =ROUND(X96*T96,2) -> 0
A97: Enter All Adjusted Fundable Riders | C97: 4 | D97: 0 | E97: =(C97+D97) -> 4 | H97: x | I97: =Consolidated!G$127 -> 586 | J97: =ROUND(I97*E97,2) -> 2344 | R97: Enter All Adjusted ESE Riders | T97: =IF(I112=1,E98,0) -> 0 | W97: x | X97: =I98 -> 1811 | Y97: =ROUND(X97*T97,2) -> 0
A98: Enter All Adjusted ESE Riders | C98: 0 | E98: =(C98+D98)/2 -> 0 | H98: x | I98: =Consolidated!G$128 -> 1811 | J98: =ROUND(I98*E98,2) -> 0
A100: 14. Federally Connected Student Supplement | F100: (i) | R100: 15. Federally Connected Student Supplement
A101: Impact Aid Student Type | D101: Number of Students | G101: Exempt Property Allocation | I101: Impact Aid Student Allocation | J101: Total | R101: Impact Aid Student Type | T101: Number of Students | V101: Exempt Property Allocation | X101: Impact Aid Student Allocation | Y101: Total
A102: Military and Indian Lands | G102: 0 | I102: 0 | J102: =ROUND((I102+G102)*E102,0) -> 0 | R102: Military and Indian Lands | T102: 0 | V102: 0 | X102: 0 | Y102: =ROUND((X102+V102)*T102,0) -> 0
A103: Civilians on Federal Lands | G103: =ROUND(G102/2,2) -> 0 | I103: 0 | J103: =ROUND((I103+G103)*E103,0) -> 0 | R103: Civilians on Federal Lands | T103: 0 | V103: =ROUND(V102/2,2) -> 0 | X103: 0 | Y103: =ROUND((X103+V103)*T103,0) -> 0
...

Sheet 0571
A1: 50 | B1: (Insert district number in cell A1, enter, then strike F9. Your district data then pulls from Calculation Detail Sheets) | R1: 50 | S1: (Insert district number in cell A1, enter, then strike F9. Your district data then pulls from Calculation Detail Sheets)
A2: Revenue Estimate Worksheet: Palmetto Park - 0571 | I2: =RIGHT(A2,4) -> 0571 | R2: =Revenue_Estimate_Worksheet_for___________Charter_School -> Revenue Estimate Worksheet: Palmetto Park - 0571
A3: Based on the 2025-26 Third Calculation Worksheet | R3: Based on the 2025-26 FEFP Second Calculation
A4: School District: | D4: Palm Beach | H4: =Consolidated!H4 -> 46143 | R4: School District: | T4: Palm Beach
A5: 1A. 2025-26 FEFP State and Local Funding | R5: 1A. 2025-26 FEFP State and Local Funding
A6: Base Student Allocation | E6: =Consolidated!$C$8 -> 5372.6 | G6: Comparable Wage Factor: | I6: =Consolidated!$H$8 -> 1.0355 | R6: Base Student Allocation | T6: =E6 -> 5372.6 | V6: Comparable Wage Factor: | X6: 1.0355
G7: Small District Factor | I7: =Consolidated!$H$9 -> 1 | O7: =IF(AND(C13>=C15, C13>=C17), "E", "-") -> - | V7: Small District Factor | X7: 1
J8: 2025-26 | O8: =IF(AND(C15>C17, C15>C13), "M", "-") -> - | Y8: 2025-26
C9: =Consolidated!C$11 -> Oct 2025 | D9: =Consolidated!D$11 -> Feb 2026 | G9: Program | I9: Weighted FTE | J9: Base Funding | O9: =IF(AND(C17>C15, C17>C13), "H", "-") -> H | V9: Program | X9: Weighted FTE | Y9: Base Funding
A10: Program | C10: FTE | D10: FTE | E10: Total FTE | G10: Cost Factor | I10: (2) x (3) | J10: (WFTE x BSA x CWF x SDF) | R10: Program | T10: Number of FTE | V10: Cost Factor | X10: (2) x (3) | Y10: (WFTE x BSA x CWF x SDF)
A11: (1) | E11: (2) | G11: (3) | I11: (4) | J11: (5) | R11: (1) | T11: (2) | V11: (3) | X11: (4) | Y11: (5)
A12: 101 Basic K-3 | C12: =SUMIFS(CountData!D:D,CountData!B:B,$I$2,CountData!C:C,$O12) -> 0 | D12: =SUMIFS(CountData!J:J,CountData!H:H,$I$2,CountData!I:I,$O12) -> 0 | E12: =IF($D$28=0,C12*2,C12+D12) -> 0 | G12: =Consolidated!$F14 -> 1.108 | H12: =Consolidated!$H$9 -> 1 | I12: =ROUND(E12*G12,4) -> 0 | J12: =ROUND(ROUND(ROUND(I12*$E$6,4)*($I$6),2)*(MAX($I$7,1)),2) -> 0 | O12: =LEFT(R12,3) -> 101 | R12: 101 Basic K-3 | T12: =IF($I$111=1,E12,0) -> 0 | V12: 1 | X12: =ROUND(T12*V12,4) -> 0 | Y12: =ROUND(ROUND(ROUND(X12*$E$6,4)*($I$6),2)*(MAX($I$7,1)),2) -> 0
A13: 111 Basic K-3 with ESE Services | C13: =SUMIFS(CountData!D:D,CountData!B:B,$I$2,CountData!C:C,$O13) -> 0 | D13: =SUMIFS(CountData!J:J,CountData!H:H,$I$2,CountData!I:I,$O13) -> 0 | E13: =IF($D$28=0,C13*2,C13+D13) -> 0 | G13: =Consolidated!$F15 -> 1.108 | H13: =Consolidated!$H$9 -> 1 | I13: =ROUND(E13*G13,4) -> 0 | J13: =ROUND(ROUND(ROUND(I13*$E$6,4)*($I$6),2)*(MAX($I$7,1)),2) -> 0 | O13: =LEFT(R13,3) -> 111 | R13: 111 Basic K-3 with ESE Services | T13: =IF($I$111=1,E13,0) -> 0 | V13: 1 | X13: =ROUND(T13*V13,4) -> 0 | Y13: =ROUND(ROUND(ROUND(X13*$E$6,4)*($I$6),2)*(MAX($I$7,1)),2) -> 0
A14: 102 Basic 4-8 | C14: =SUMIFS(CountData!D:D,CountData!B:B,$I$2,CountData!C:C,$O14) -> 2.85 | D14: =SUMIFS(CountData!J:J,CountData!H:H,$I$2,CountData!I:I,$O14) -> 2.56 | E14: =IF($D$28=0,C14*2,C14+D14) -> 5.41 | G14: =Consolidated!$F16 -> 1 | H14: =Consolidated!$H$9 -> 1 | I14: =ROUND(E14*G14,4) -> 5.41 | J14: =ROUND(ROUND(ROUND(I14*$E$6,4)*($I$6),2)*(MAX($I$7,1)),2) -> 30097.6 | O14: =LEFT(R14,3) -> 102 | R14: 102 Basic 4-8 | T14: =IF($I$111=1,E14,0) -> 0 | V14: 1 | X14: =ROUND(T14*V14,4) -> 0 | Y14: =ROUND(ROUND(ROUND(X14*$E$6,4)*($I$6),2)*(MAX($I$7,1)),2) -> 0
A15: 112 Basic 4-8 with ESE Services | C15: =SUMIFS(CountData!D:D,CountData!B:B,$I$2,CountData!C:C,$O15) -> 0.46 | D15: =SUMIFS(CountData!J:J,CountData!H:H,$I$2,CountData!I:I,$O15) -> 0.48 | E15: =IF($D$28=0,C15*2,C15+D15) -> 0.94 | G15: =Consolidated!$F17 -> 1 | H15: =Consolidated!$H$9 -> 1 | I15: =ROUND(E15*G15,4) -> 0.94 | J15: =ROUND(ROUND(ROUND(I15*$E$6,4)*($I$6),2)*(MAX($I$7,1)),2) -> 5229.53 | O15: =LEFT(R15,3) -> 112 | R15: 112 Basic 4-8 with ESE Services | T15: =IF($I$111=1,E15,0) -> 0 | V15: 1 | X15: =ROUND(T15*V15,4) -> 0 | Y15: =ROUND(ROUND(ROUND(X15*$E$6,4)*($I$6),2)*(MAX($I$7,1)),2) -> 0
A16: 103 Basic 9-12 | C16: =SUMIFS(CountData!D:D,CountData!B:B,$I$2,CountData!C:C,$O16) -> 27.28 | D16: =SUMIFS(CountData!J:J,CountData!H:H,$I$2,CountData!I:I,$O16) -> 54.84 | E16: =IF($D$28=0,C16*2,C16+D16) -> 82.12 | G16: =Consolidated!$F18 -> 0.972 | H16: =Consolidated!$H$9 -> 1 | I16: =ROUND(E16*G16,4) -> 79.8206 | J16: =ROUND(ROUND(ROUND(I16*$E$6,4)*($I$6),2)*(MAX($I$7,1)),2) -> 444068.12 | O16: =LEFT(R16,3) -> 103 | R16: 103 Basic 9-12 | T16: =IF($I$111=1,E16,0) -> 0 | V16: 1 | X16: =ROUND(T16*V16,4) -> 0 | Y16: =ROUND(ROUND(ROUND(X16*$E$6,4)*($I$6),2)*(MAX($I$7,1)),2) -> 0
A17: 113 Basic 9-12 with ESE Services | C17: =SUMIFS(CountData!D:D,CountData!B:B,$I$2,CountData!C:C,$O17) -> 9.43 | D17: =SUMIFS(CountData!J:J,CountData!H:H,$I$2,CountData!I:I,$O17) -> 20.6 | E17: =IF($D$28=0,C17*2,C17+D17) -> 30.03 | G17: =Consolidated!$F19 -> 0.972 | H17: =Consolidated!$H$9 -> 1 | I17: =ROUND(E17*G17,4) -> 29.1892 | J17: =ROUND(ROUND(ROUND(I17*$E$6,4)*($I$6),2)*(MAX($I$7,1)),2) -> 162389.07 | O17: =LEFT(R17,3) -> 113 | R17: 113 Basic 9-12 with ESE Services | T17: =IF($I$111=1,E17,0) -> 0 | V17: 1 | X17: =ROUND(T17*V17,4) -> 0 | Y17: =ROUND(ROUND(ROUND(X17*$E$6,4)*($I$6),2)*(MAX($I$7,1)),2) -> 0
A18: 254 ESE Level 4 (Grade Level PK-3) | C18: =SUMIFS(CountData!D:D,CountData!B:B,$I$2,CountData!C:C,$O18) -> 0 | D18: =SUMIFS(CountData!J:J,CountData!H:H,$I$2,CountData!I:I,$O18) -> 0 | E18: =IF($D$28=0,C18*2,C18+D18) -> 0 | G18: =Consolidated!$F20 -> 3.609 | H18: =Consolidated!$H$9 -> 1 | I18: =ROUND(E18*G18,4) -> 0 | J18: =ROUND(ROUND(ROUND(I18*$E$6,4)*($I$6),2)*(MAX($I$7,1)),2) -> 0 | O18: =IF(O$7="E",LEFT(R$18,3),"") | R18: 254 ESE Level 4 (Grade Level PK-3) | T18: =IF($I$111=1,E18,0) -> 0 | V18: 1 | X18: =ROUND(T18*V18,4) -> 0 | Y18: =ROUND(ROUND(ROUND(X18*$E$6,4)*($I$6),2)*(MAX($I$7,1)),2) -> 0
A19: 254 ESE Level 4 (Grade Level 4-8) | C19: =SUMIFS(CountData!D:D,CountData!B:B,$I$2,CountData!C:C,$O19) -> 0 | D19: =SUMIFS(CountData!J:J,CountData!H:H,$I$2,CountData!I:I,$O19) -> 0 | E19: =IF($D$28=0,C19*2,C19+D19) -> 0 | G19: =Consolidated!$F21 -> 3.609 | H19: =Consolidated!$H$9 -> 1 | I19: =ROUND(E19*G19,4) -> 0 | J19: =ROUND(ROUND(ROUND(I19*$E$6,4)*($I$6),2)*(MAX($I$7,1)),2) -> 0 | O19: =IF(O$8="M",LEFT(R$19,3),"") | R19: 254 ESE Level 4 (Grade Level 4-8) | T19: =IF($I$111=1,E19,0) -> 0 | V19: 1 | X19: =ROUND(T19*V19,4) -> 0 | Y19: =ROUND(ROUND(ROUND(X19*$E$6,4)*($I$6),2)*(MAX($I$7,1)),2) -> 0
A20: 254 ESE Level 4 (Grade Level 9-12) | C20: =SUMIFS(CountData!D:D,CountData!B:B,$I$2,CountData!C:C,$O20) -> 0 | D20: =SUMIFS(CountData!J:J,CountData!H:H,$I$2,CountData!I:I,$O20) -> 0 | E20: =IF($D$28=0,C20*2,C20+D20) -> 0 | G20: =Consolidated!$F22 -> 3.609 | H20: =Consolidated!$H$9 -> 1 | I20: =ROUND(E20*G20,4) -> 0 | J20: =ROUND(ROUND(ROUND(I20*$E$6,4)*($I$6),2)*(MAX($I$7,1)),2) -> 0 | O20: =IF(O$9="H",LEFT(R$20,3),"") -> 254 | R20: 254 ESE Level 4 (Grade Level 9-12) | T20: =IF($I$111=1,E20,0) -> 0 | V20: 1 | X20: =ROUND(T20*V20,4) -> 0 | Y20: =ROUND(ROUND(ROUND(X20*$E$6,4)*($I$6),2)*(MAX($I$7,1)),2) -> 0
A21: 255 ESE Level 5 (Grade Level PK-3) | C21: =SUMIFS(CountData!D:D,CountData!B:B,$I$2,CountData!C:C,$O21) -> 0 | D21: =SUMIFS(CountData!J:J,CountData!H:H,$I$2,CountData!I:I,$O21) -> 0 | E21: =IF($D$28=0,C21*2,C21+D21) -> 0 | G21: =Consolidated!$F23 -> 6.064 | H21: =Consolidated!$H$9 -> 1 | I21: =ROUND(E21*G21,4) -> 0 | J21: =ROUND(ROUND(ROUND(I21*$E$6,4)*($I$6),2)*(MAX($I$7,1)),2) -> 0 | O21: =IF(O$7="E",LEFT(R$21,3),"") | R21: 255 ESE Level 5 (Grade Level PK-3) | T21: =IF($I$111=1,E21,0) -> 0 | V21: 1 | X21: =ROUND(T21*V21,4) -> 0 | Y21: =ROUND(ROUND(ROUND(X21*$E$6,4)*($I$6),2)*(MAX($I$7,1)),2) -> 0
A22: 255 ESE Level 5 (Grade Level 4-8) | C22: =SUMIFS(CountData!D:D,CountData!B:B,$I$2,CountData!C:C,$O22) -> 0 | D22: =SUMIFS(CountData!J:J,CountData!H:H,$I$2,CountData!I:I,$O22) -> 0 | E22: =IF($D$28=0,C22*2,C22+D22) -> 0 | G22: =Consolidated!$F24 -> 6.064 | H22: =Consolidated!$H$9 -> 1 | I22: =ROUND(E22*G22,4) -> 0 | J22: =ROUND(ROUND(ROUND(I22*$E$6,4)*($I$6),2)*(MAX($I$7,1)),2) -> 0 | O22: =IF(O$8="M",LEFT(R$22,3),"") | R22: 255 ESE Level 5 (Grade Level 4-8) | T22: =IF($I$111=1,E22,0) -> 0 | V22: 1 | X22: =ROUND(T22*V22,4) -> 0 | Y22: =ROUND(ROUND(ROUND(X22*$E$6,4)*($I$6),2)*(MAX($I$7,1)),2) -> 0
A23: 255 ESE Level 5 (Grade Level 9-12) | C23: =SUMIFS(CountData!D:D,CountData!B:B,$I$2,CountData!C:C,$O23) -> 0 | D23: =SUMIFS(CountData!J:J,CountData!H:H,$I$2,CountData!I:I,$O23) -> 0 | E23: =IF($D$28=0,C23*2,C23+D23) -> 0 | G23: =Consolidated!$F25 -> 6.064 | H23: =Consolidated!$H$9 -> 1 | I23: =ROUND(E23*G23,4) -> 0 | J23: =ROUND(ROUND(ROUND(I23*$E$6,4)*($I$6),2)*(MAX($I$7,1)),2) -> 0 | O23: =IF(O$9="H",LEFT(R$23,3),"") -> 255 | R23: 255 ESE Level 5 (Grade Level 9-12) | T23: =IF($I$111=1,E23,0) -> 0 | V23: 1 | X23: =ROUND(T23*V23,4) -> 0 | Y23: =ROUND(ROUND(ROUND(X23*$E$6,4)*($I$6),2)*(MAX($I$7,1)),2) -> 0
A24: 130 ESOL (Grade Level PK-3) | C24: =SUMIFS(CountData!D:D,CountData!B:B,$I$2,CountData!C:C,$O24) -> 0 | D24: =SUMIFS(CountData!J:J,CountData!H:H,$I$2,CountData!I:I,$O24) -> 0 | E24: =IF($D$28=0,C24*2,C24+D24) -> 0 | G24: =Consolidated!$F26 -> 1.165 | H24: =Consolidated!$H$9 -> 1 | I24: =ROUND(E24*G24,4) -> 0 | J24: =ROUND(ROUND(ROUND(I24*$E$6,4)*($I$6),2)*(MAX($I$7,1)),2) -> 0 | O24: =IF(O$7="E",LEFT(R$24,3),"") | R24: 130 ESOL (Grade Level PK-3) | T24: =IF($I$111=1,E24,0) -> 0 | V24: 1 | X24: =ROUND(T24*V24,4) -> 0 | Y24: =ROUND(ROUND(ROUND(X24*$E$6,4)*($I$6),2)*(MAX($I$7,1)),2) -> 0
A25: 130 ESOL (Grade Level 4-8) | C25: =SUMIFS(CountData!D:D,CountData!B:B,$I$2,CountData!C:C,$O25) -> 0 | D25: =SUMIFS(CountData!J:J,CountData!H:H,$I$2,CountData!I:I,$O25) -> 0 | E25: =IF($D$28=0,C25*2,C25+D25) -> 0 | G25: =Consolidated!$F27 -> 1.165 | H25: =Consolidated!$H$9 -> 1 | I25: =ROUND(E25*G25,4) -> 0 | J25: =ROUND(ROUND(ROUND(I25*$E$6,4)*($I$6),2)*(MAX($I$7,1)),2) -> 0 | O25: =IF(O$8="M",LEFT(R$25,3),"") | R25: 130 ESOL (Grade Level 4-8) | T25: =IF($I$111=1,E25,0) -> 0 | V25: 1 | X25: =ROUND(T25*V25,4) -> 0 | Y25: =ROUND(ROUND(ROUND(X25*$E$6,4)*($I$6),2)*(MAX($I$7,1)),2) -> 0
A26: 130 ESOL (Grade Level 9-12) | C26: =SUMIFS(CountData!D:D,CountData!B:B,$I$2,CountData!C:C,$O26) -> 1.49 | D26: =SUMIFS(CountData!J:J,CountData!H:H,$I$2,CountData!I:I,$O26) -> 5.25 | E26: =IF($D$28=0,C26*2,C26+D26) -> 6.74 | G26: =Consolidated!$F28 -> 1.165 | H26: =Consolidated!$H$9 -> 1 | I26: =ROUND(E26*G26,4) -> 7.8521 | J26: =ROUND(ROUND(ROUND(I26*$E$6,4)*($I$6),2)*(MAX($I$7,1)),2) -> 43683.8 | O26: =IF(O$9="H",LEFT(R$26,3),"") -> 130 | R26: 130 ESOL (Grade Level 9-12) | T26: =IF($I$111=1,E26,0) -> 0 | V26: 1 | X26: =ROUND(T26*V26,4) -> 0 | Y26: =ROUND(ROUND(ROUND(X26*$E$6,4)*($I$6),2)*(MAX($I$7,1)),2) -> 0
A27: 300 Career Education (Grades 9-12) | C27: =SUMIFS(CountData!D:D,CountData!B:B,$I$2,CountData!C:C,$O27) -> 0 | D27: =SUMIFS(CountData!J:J,CountData!H:H,$I$2,CountData!I:I,$O27) -> 0.76 | E27: =IF($D$28=0,C27*2,C27+D27) -> 0.76 | G27: =Consolidated!$F29 -> 1.081 | H27: =Consolidated!$H$9 -> 1 | I27: =ROUND(E27*G27,4) -> 0.8216 | J27: =ROUND(ROUND(ROUND(I27*$E$6,4)*($I$6),2)*(MAX($I$7,1)),2) -> 4570.83 | O27: =LEFT(R27,3) -> 300 | R27: 300 Career Education (Grades 9-12) | T27: =IF($I$111=1,E27,0) -> 0 | V27: 1 | X27: =ROUND(T27*V27,4) -> 0 | Y27: =ROUND(ROUND(ROUND(X27*$E$6,4)*($I$6),2)*(MAX($I$7,1)),2) -> 0
A28: Totals | C28: =SUM(C12:C27) -> 41.51 | D28: =SUM(D12:D27) -> 84.49 | E28: =SUM(E12:E27) -> 126 | I28: =SUM(I12:I27) -> 124.0335 | J28: =SUM(J12:J27) -> 690038.95 | R28: Totals | T28: =SUM(T12:T27) -> 0 | X28: =SUM(X12:X27) -> 0 | Y28: =SUM(Y12:Y27) -> 0
A29: Letters in Parentheses Refer to Notes at Bottom of Worksheet: | R29: Letters in Parentheses Refer to Notes at Bottom of Worksheet:
A30: Additional FTE | E30: Number of FTE Charter schools should contact their school district sponsor regarding eligible FTE. Please note that “Number of FTE” is NOT equivalent to number of students enrolled in these courses or programs. | J30: 2025-26 Base Funding (WFTE x BSA x CWF x SDF) | R30: Additional FTE | T30: Number of FTE Charter schools should contact their school district sponsor regarding eligible FTE. Please note that “Number of FTE” is NOT equivalent to number of students enrolled in these courses or programs. Please refer to footnote (a) below. | Y30: 2025-26 Base Funding (WFTE x BSA x CWF x SDF)
A31: Small District ESE Supplement | J31: =ROUND(ROUND(ROUND(I31*$E$6,4)*($I$6),0)*(MAX($I$7,1)),0) -> 0 | R31: Small District ESE Supplement | Y31: =J31 -> 0
A32: Total Additional FTE | G32: =SUM(I31:I31) -> 0 | H32: Additional Base Funds | J32: =SUM(J31:J31) -> 0 | R32: Total Additional FTE | V32: =SUM(T31:V31) -> 0 | W32: Additional Base Funds | Y32: =SUM(Y31:Y31) -> 0
A33: Total Funded Weighted FTE | G33: =G32+I28 -> 124.0335 | H33: Total Base Funding | J33: =SUM(J32,J28) -> 690038.95 | R33: Total Funded Weighted FTE | V33: =V32+X28 -> 0 | W33: Total Base Funding | Y33: =SUM(Y32,Y28) -> 0
A35: 1B. Classroom Teacher and Other Instructional Personnel Salary Increase Maintenance and Growth Portions of the Salary Increase funds are part of the total Conference Base Funding and are not treated as a separate allocation. Amounts are split out here for informative purposes and for the purposes of providing a total that may be used for calculating the adminstrative fee. | R35: 1B. Classroom Teacher and Other Instructional Personnel Salary Increase Maintenance and Growth Portions of the Salary Increase funds are part of the total Conference Base Funding and are not treated as a separate allocation. Amounts are split out here for informative purposes and for the purposes of providing a total that may be used for calculating the adminstrative fee.
A36: Maintenance Portion (6.67% of Conference Base Funding) | F36: (a) | G36: 281971.68 | H36: X | I36: 0.0667 | J36: =ROUND(G36*I36,2) -> 18807.51 | R36: Maintenance Portion (6.67% of Conference Base Funding) | V36: 61196.59 | W36: X | X36: 0.0667 | Y36: =ROUND(V36*X36,2) -> 4081.81
A37: Growth Portion (0.54% of Conference Base Funding) | F37: (a) | G37: 281971.68 | H37: X | I37: 0.0054 | J37: =ROUND(G37*I37,2) -> 1522.65 | R37: Growth Portion (0.54% of Conference Base Funding) | V37: 61196.59 | W37: X | X37: 0.0054 | Y37: =ROUND(V37*X37,2) -> 330.46
A38: Total Salary Increase Allocation | J38: =SUM(J36:J37) -> 20330.16 | R38: Total Salary Increase Allocation | Y38: =Y36+Y37 -> 4412.27
A40: 2. ESE Guaranteed Allocation: | C40: Oct 2025 FTE | D40: Feb 2026 FTE | E40: Total FTE | G40: Grade Level | H40: Matrix Level | I40: Guarantee Per Student | R40: 2. ESE Guaranteed Allocation: | T40: FTE | V40: Grade Level | W40: Matrix Level | X40: Guarantee Per Student
A41: Additional Funding from the ESE Guaranteed Allocation. Enter the FTE from 111,112 and 113 by grade and matrix level. Students who do not have a matrix level should be considered 251. This total should equal all FTE from programs 111, 112 and 113 above, less any 113 gifted FTE. | C41: 0 | D41: 0 | E41: =IF($D$50=0,C41*2,C41+D41) -> 0 | G41: PK-3 | H41: 251 | I41: =Consolidated!$H59 -> 1047 | J41: =ROUND(E41*I41,2) -> 0 | R41: Additional Funding from the ESE Guaranteed Allocation. Enter the FTE from 111,112, & 113 by grade and matrix level. Students who do not have a matrix level should be considered 251. This total should equal all FTE from programs 111, 112 & 113 above. | V41: PK-3 | W41: 251 | X41: =Consolidated!$H59 -> 1047 | Y41: =ROUND(T41*X41,2) -> 0
C42: 0 | D42: 0 | E42: =IF($D$50=0,C42*2,C42+D42) -> 0 | G42: PK-3 | H42: 252 | I42: =Consolidated!$H60 -> 3380 | J42: =ROUND(E42*I42,2) -> 0 | V42: PK-3 | W42: 252 | X42: =Consolidated!$H60 -> 3380 | Y42: =ROUND(T42*X42,2) -> 0
C43: 0 | D43: 0 | E43: =IF($D$50=0,C43*2,C43+D43) -> 0 | G43: PK-3 | H43: 253 | I43: =Consolidated!$H61 -> 6896 | J43: =ROUND(E43*I43,2) -> 0 | V43: PK-3 | W43: 253 | X43: =Consolidated!$H61 -> 6896 | Y43: =ROUND(T43*X43,2) -> 0
C44: 0.5 | D44: 0 | E44: =IF($D$50=0,C44*2,C44+D44) -> 1 | G44: 4-8 | H44: 251 | I44: =Consolidated!$H62 -> 1173 | J44: =ROUND(E44*I44,2) -> 1173 | V44: 4-8 | W44: 251 | X44: =Consolidated!$H62 -> 1173 | Y44: =ROUND(T44*X44,2) -> 0
C45: 0 | D45: 0 | E45: =IF($D$50=0,C45*2,C45+D45) -> 0 | G45: 4-8 | H45: 252 | I45: =Consolidated!$H63 -> 3506 | J45: =ROUND(E45*I45,2) -> 0 | V45: 4-8 | W45: 252 | X45: =Consolidated!$H63 -> 3506 | Y45: =ROUND(T45*X45,2) -> 0
C46: 0 | D46: 0 | E46: =IF($D$50=0,C46*2,C46+D46) -> 0 | G46: 4-8 | H46: 253 | I46: =Consolidated!$H64 -> 7023 | J46: =ROUND(E46*I46,2) -> 0 | V46: 4-8 | W46: 253 | X46: =Consolidated!$H64 -> 7023 | Y46: =ROUND(T46*X46,2) -> 0
C47: 8.93 | D47: 0 | E47: =IF($D$50=0,C47*2,C47+D47) -> 17.86 | G47: 9-12 | H47: 251 | I47: =Consolidated!$H65 -> 835 | J47: =ROUND(E47*I47,2) -> 14913.1 | V47: 9-12 | W47: 251 | X47: =Consolidated!$H65 -> 835 | Y47: =ROUND(T47*X47,2) -> 0
C48: 0 | D48: 0 | E48: =IF($D$50=0,C48*2,C48+D48) -> 0 | G48: 9-12 | H48: 252 | I48: =Consolidated!$H66 -> 3168 | J48: =ROUND(E48*I48,2) -> 0 | V48: 9-12 | W48: 252 | X48: =Consolidated!$H66 -> 3168 | Y48: =ROUND(T48*X48,2) -> 0
C49: 0.5 | D49: 0 | E49: =IF($D$50=0,C49*2,C49+D49) -> 1 | G49: 9-12 | H49: 253 | I49: =Consolidated!$H67 -> 6685 | J49: =ROUND(E49*I49,2) -> 6685 | V49: 9-12 | W49: 253 | X49: =Consolidated!$H67 -> 6685 | Y49: =ROUND(T49*X49,2) -> 0
A50: Total FTE with ESE Services | C50: =SUM(C41:C49) -> 9.93 | D50: =SUM(D41:D49) -> 0 | E50: =SUM(E41:E49) -> 19.86 | G50: Total ESE Guarantee | J50: =SUM(J41:J49) -> 22771.1 | R50: Total FTE with ESE Services | T50: =SUM(T42:T49) -> 0 | V50: Total ESE Guarantee | Y50: =SUM(Y41:Y49) -> 0
R51: 3A. Divide school's Unweighted FTE (UFTE) total computed in Section 1, cell C28 above by the district's total UFTE to obtain school's
A52: 3A. Divide school's Unweighted FTE (UFTE) total computed in Section 1, cell C28 above by the district's total UFTE to obtain school's | R52: UFTE share. Charter School UFTE: | T52: =T28 -> 0 | U52: ÷ | W52: District's Total UFTE: | X52: =I53 -> 207782.75
A53: UFTE share. Charter School UFTE: | C53: =E28 -> 126 | D53: ÷ | H53: District's Total UFTE: | I53: =Consolidated!H$71 -> 207782.75 | W53: = | X53: =ROUND(T52/X52,6) -> 0
H54: = | I54: =IFERROR(ROUND(C53/I53,6),0) -> 0.000606 | R54: 3B. Divide school's Weighted FTE (WFTE) total computed in Section 1, cell E39 above by the district's total WFTE to obtain school's
A55: 3B. Divide school's Weighted FTE (WFTE) total computed in Section 1, cell E33 above by the district's total WFTE to obtain school's | R55: WFTE share. Charter School WFTE: | T55: =C56 -> 124.0335 | U55: ÷ | W55: District's Total WFTE: | X55: =I56 -> 221179.84
A56: WFTE share. Charter School WFTE: | C56: =G33 -> 124.0335 | D56: ÷ | H56: District's Total WFTE: | I56: =Consolidated!H$74 -> 221179.84 | W56: = | X56: =ROUND(T55/X55,6) -> 0.000561
H57: = | I57: =IFERROR(ROUND(C56/I56,6),0) -> 0.000561 | R57: 3C. Divide school's Unweighted FTE (UFTE) total computed in Section 1, cell C28 above by the district's total non-scholarship UFTE to obtain school's
A58: 3C. Divide school's Unweighted FTE (UFTE) total computed in Section 1, cell C28 above by the district's total non-scholarship UFTE to obtain school's | R58: UFTE share. Charter School UFTE: | T58: =T28 -> 0 | U58: ÷ | V58: District's Total Non-Scholarship UFTE: | X58: =I59 -> 178931.75
A59: UFTE share. Charter School UFTE: | C59: =E28 -> 126 | D59: ÷ | F59: District's Total Non-Scholarship UFTE: | I59: =Consolidated!H$77 -> 178931.75 | W59: = | X59: =ROUND(T58/X58,6) -> 0
H60: = | I60: =IFERROR(ROUND(C59/I59,6),0) -> 0.000704 | R60: 3D. Divide school's Unweighted FTE (UFTE) total computed in Section 1, cell C28 above by the district's total non-virtual UFTE to obtain school's
A61: 3D. Divide school's Unweighted FTE (UFTE) total computed in Section 1, cell C28 above by the district's total non-virtual UFTE to obtain school's | R61: UFTE share. Charter School UFTE: | T61: =T28 -> 0 | U61: ÷ | V61: District's Total Non-Virtual UFTE: | X61: =I62 -> 207463.82
A62: UFTE share. Charter School UFTE: | C62: =E28 -> 126 | D62: ÷ | F62: District's Total Non-Virtual UFTE: | I62: =Consolidated!H$80 -> 207463.82 | W62: = | X62: =ROUND(T61/X61,6) -> 0
H63: = | I63: =IFERROR(ROUND(C62/I62,6),0) -> 0.000607 | R63: 3E. Divide school's Unweighted FTE (UFTE) total computed in Section 1, cell C28 above by the district's total non-scholarship and non-virtual UFTE to obtain school's
A64: 3E. Divide school's Unweighted FTE (UFTE) total computed in Section 1, cell C28 above by the district's total non-scholarship and non-virtual UFTE to obtain school's | R64: UFTE share. Charter School UFTE: | T64: =T28 -> 0 | U64: ÷ | V64: District's Total Non-Virtual and Non-Scholarship UFTE: | X64: =I65 -> 178612.82
A65: UFTE share. Charter School UFTE: | C65: =E28 -> 126 | D65: ÷ District's Total Non-Scholarship Non-Virtual UFTE: | I65: =Consolidated!H$83 -> 178612.82 | W65: = | X65: =ROUND(T64/X64,6) -> 0
H66: = | I66: =IFERROR(ROUND(C65/I65,6),0) -> 0.000705
R67: 4. Educational Enrichment Share (Non-Virtual UFTE share) | V67: =G68 -> 45629593 | W67: x | X67: =X62 -> 0 | Y67: =ROUND(V67*X67,2) -> 0
A68: 4. Educational Enrichment Share (Non-Virtual UFTE share) | F68: (e) | G68: =Consolidated!F$86 -> 45629593 | H68: x | I68: =I63 -> 0.000607 | J68: =ROUND(G68*I68,2) -> 27697.16 | R68: 5. Discretionary Millage Compression Allocation
A69: 5. Discretionary Millage Compression Allocation | R69: .748 Mills | V69: =G70 -> 0 | W69: x | X69: =X53 -> 0 | Y69: =ROUND(V69*X69,2) -> 0
A70: .748 Mills (UFTE share) | F70: (b) | G70: =Consolidated!F$89 -> 0 | H70: x | I70: =I54 -> 0.000606 | J70: =ROUND(G70*I70,2) -> 0 | R70: 6. Safe Schools Allocation (Non-Virtual and Scholarship UFTE share) | V70: =G71 -> 18934058 | W70: x | X70: =X65 -> 0 | Y70: =ROUND(V70*X70,2) -> 0
A71: 6. Safe Schools Allocation (Non-Virtual and Non-Scholarship UFTE share) | F71: (f) | G71: =Consolidated!F$91 -> 18934058 | H71: x | I71: =I66 -> 0.000705 | J71: =ROUND(G71*I71,2) -> 13348.51 | R71: 7. Mental Health Assistance Allocation (Non-Scholarship UFTE share) | V71: =G72 -> 11300012 | W71: x | X71: =X59 -> 0 | Y71: =ROUND(V71*X71,2) -> 0
A72: 7. Mental Health Assistance Allocation (Non-Scholarship UFTE share) | F72: (d) | G72: =Consolidated!F$93 -> 11300012 | H72: x | I72: =I60 -> 0.000704 | J72: =ROUND(G72*I72,2) -> 7955.21 | R72: 8. Academic Acceleration Options Supplement (Value share)
A73: 8. Academic Acceleration Options Supplement (Value share) | F73: (g) | R73: Acceleration Value | T73: Acceleration Value Charter schools should contact their school district sponsor regarding eligible value. Please note that “Acceleration Value” is NOT equivalent to number of students enrolled in these courses or programs. Please refer to footnote (a) below.
A74: Acceleration Value | E74: Acceleration Value Charter schools should contact their school district sponsor regarding eligible value. Please note that “Acceleration Value” is NOT equivalent to number of students enrolled in these courses or programs. Please refer to footnote (g) below. | R74: Advanced Placement
A75: Advanced Placement | R75: International Baccalaureate
A76: International Baccalaureate | R76: Advanced International Certificate
A77: Advanced International Certificate | R77: Industry Certified Career Education
A78: Industry Certified Career Education | R78: Early High School Graduation
A79: Early High School Graduation | R79: Dual Enrollment
A80: Dual Enrollment | X80: School total value | Y80: =SUM(Y74:Y79) -> 0
I81: School total value | J81: =SUM(J75:J80) -> 0 | X81: District total value | Y81: =J82 -> 12903.05
I82: District total value | J82: =Consolidated!J$104 -> 12903.05
R83: School Academic Acceleration Option Supplement | V83: =G84 -> 58502790 | W83: x | X83: =IFERROR(ROUND(Y80/Y81,6),0) -> 0 | Y83: =ROUND(V83*X83,2) -> 0
A84: School Academic Acceleration Option Supplement | G84: =Consolidated!F$106 -> 58502790 | H84: x | I84: =IFERROR(ROUND(J81/J82,6),0) -> 0 | J84: =ROUND(G84*I84,2) -> 0 | R84: 9. ESE Guaranteed Allocation
A85: 9. Discretionary Local Effort (WFTE share) | F85: (c) | G85: =Consolidated!F$108 -> 268816278 | H85: x | I85: =I57 -> 0.000561 | J85: =ROUND(G85*I85,2) -> 150805.93 | R85: 10. Discretionary Local Effort (WFTE share) | V85: =G85 -> 268816278 | W85: x | X85: =X56 -> 0.000561 | Y85: =ROUND(V85*X85,2) -> 150805.93
A86: 10. Proration to Funds Available (WFTE share) | F86: (c) | G86: 0 | H86: x | I86: =I57 -> 0.000561 | J86: =ROUND(G86*I86,2) -> 0 | R86: 11. Proration to Funds Available (WFTE share) | V86: =G86 -> 0 | W86: x | X86: =X56 -> 0.000561 | Y86: =ROUND(V86*X86,2) -> 0
A87: 11. Educational Enrollment Stabilization Program (UFTE share) | F87: (b) | G87: 0 | H87: x | I87: =I54 -> 0.000606 | J87: =ROUND(G87*I87,2) -> 0 | R87: 12. Educational Enrollment Stabilization Program (UFTE share) | V87: =G87 -> 0 | W87: x | X87: =X53 -> 0 | Y87: =ROUND(V87*X87,2) -> 0
A88: 12. Class Size Reduction Funds: | R88: 13. Class Size Reduction Funds:
B89: Weighted FTE (not including Add-On) | D89: X CWF X | G89: Allocation factors | R89: Weighted FTE (not including Add-On) | T89: X CWF X | V89: Allocation factors
A90: PK - 3 | B90: =I12+I13+I18+I21+I24 -> 0 | D90: =I6 -> 1.0355 | G90: =Consolidated!F$118 -> 958.42 | H90: = | I90: =ROUND(B90*D90*G90,2) -> 0 | R90: PK - 3 | S90: =X12+X13+X18+X21+X24 -> 0 | T90: =X6 -> 1.0355 | V90: =G90 -> 958.42 | W90: = | X90: =ROUND(S90*T90*V90,2) -> 0
A91: 4-8 | B91: =I14+I15+I19+I22+I25 -> 6.35 | D91: =I6 -> 1.0355 | G91: =Consolidated!F$119 -> 915.09 | H91: = | I91: =ROUND(B91*D91*G91,2) -> 6017.11 | R91: 4-8 | S91: =X14+X15+X19+X22+X25 -> 0 | T91: =X6 -> 1.0355 | V91: =G91 -> 915.09 | W91: = | X91: =ROUND(S91*T91*V91,2) -> 0
A92: 9-12 | B92: =I16+I17+I20+I23+I26+I27 -> 117.6835 | D92: =I6 -> 1.0355 | G92: =Consolidated!F$120 -> 917.3 | H92: = | I92: =ROUND(B92*D92*G92,2) -> 111783.34 | R92: 9-12 | S92: =X16+X17+X20+X23+X26+X27 -> 0 | T92: =X6 -> 1.0355 | V92: =G92 -> 917.3 | W92: = | X92: =ROUND(S92*T92*V92,2) -> 0
A93: Total * | B93: =SUM(B90:B92) -> 124.0335 | E93: Total Class Size Reduction Funds | J93: =IF(A1=75,0,I92+I91+I90) -> 117800.45 | R93: Total * | S93: =SUM(S90:S92) -> 0 | T93: Total Class Size Reduction Funds | Y93: =IF(R1=75,0,X92+X91+X90) -> 0
A94: (*Total FTE should equal total in Section 1, column (4) and should not include any additional FTE from Section 1.) | R94: (*Total FTE should equal total in Section 1, column (4) and should not include any additional FTE from Section 1.)
A95: 13. Student Transportation | F95: (h) | R95: 14. Student Transportation
C96: Oct 2025 FTE | D96: Feb 2026 FTE | E96: Average FTE | R96: Enter All Adjusted Fundable Riders | T96: =IF(I111=1,E97,0) -> 0 | W96: x | X96: =I97 -> 586 | Y96: =ROUND(X96*T96,2) -> 0
A97: Enter All Adjusted Fundable Riders | C97: 20 | D97: 0 | E97: =(C97+D97) -> 20 | H97: x | I97: =Consolidated!G$127 -> 586 | J97: =ROUND(I97*E97,2) -> 11720 | R97: Enter All Adjusted ESE Riders | T97: =IF(I112=1,E98,0) -> 0 | W97: x | X97: =I98 -> 1811 | Y97: =ROUND(X97*T97,2) -> 0
A98: Enter All Adjusted ESE Riders | C98: 0 | E98: =(C98+D98)/2 -> 0 | H98: x | I98: =Consolidated!G$128 -> 1811 | J98: =ROUND(I98*E98,2) -> 0
A100: 14. Federally Connected Student Supplement | F100: (i) | R100: 15. Federally Connected Student Supplement
A101: Impact Aid Student Type | D101: Number of Students | G101: Exempt Property Allocation | I101: Impact Aid Student Allocation | J101: Total | R101: Impact Aid Student Type | T101: Number of Students | V101: Exempt Property Allocation | X101: Impact Aid Student Allocation | Y101: Total
A102: Military and Indian Lands | G102: 0 | I102: 0 | J102: =ROUND((I102+G102)*E102,0) -> 0 | R102: Military and Indian Lands | T102: 0 | V102: 0 | X102: 0 | Y102: =ROUND((X102+V102)*T102,0) -> 0
A103: Civilians on Federal Lands | G103: =ROUND(G102/2,2) -> 0 | I103: 0 | J103: =ROUND((I103+G103)*E103,0) -> 0 | R103: Civilians on Federal Lands | T103: 0 | V103: =ROUND(V102/2,2) -> 0 | X103: 0 | Y103: =ROUND((X103+V103)*T103,0) -> 0
...

Sheet 0100
A1: 50 | B1: (Insert district number in cell A1, enter, then strike F9. Your district data then pulls from Calculation Detail Sheets) | R1: 50 | S1: (Insert district number in cell A1, enter, then strike F9. Your district data then pulls from Calculation Detail Sheets)
A2: Revenue Estimate Worksheet: The Learning Center Highschool 0100 | I2: =RIGHT(A2,4) -> 0100 | R2: =Revenue_Estimate_Worksheet_for___________Charter_School -> Revenue Estimate Worksheet: The Learning Center Highschool 0100
A3: Based on the 2025-26 Third Calculation Worksheet | R3: Based on the 2025-26 FEFP Second Calculation
A4: School District: | D4: Palm Beach | H4: =Consolidated!H4 -> 46143 | R4: School District: | T4: Palm Beach
A5: 1A. 2025-26 FEFP State and Local Funding | R5: 1A. 2025-26 FEFP State and Local Funding
A6: Base Student Allocation | E6: =Consolidated!$C$8 -> 5372.6 | G6: Comparable Wage Factor: | I6: =Consolidated!$H$8 -> 1.0355 | R6: Base Student Allocation | T6: =E6 -> 5372.6 | V6: Comparable Wage Factor: | X6: 1.0355
G7: Small District Factor | I7: =Consolidated!$H$9 -> 1 | O7: =IF(AND(C13>=C15, C13>=C17), "E", "-") -> - | V7: Small District Factor | X7: 1
J8: 2025-26 | O8: =IF(AND(C15>C17, C15>C13), "M", "-") -> - | Y8: 2025-26
C9: =Consolidated!C$11 -> Oct 2025 | D9: =Consolidated!D$11 -> Feb 2026 | G9: Program | I9: Weighted FTE | J9: Base Funding | O9: =IF(AND(C17>C15, C17>C13), "H", "-") -> H | V9: Program | X9: Weighted FTE | Y9: Base Funding
A10: Program | C10: FTE | D10: FTE | E10: Total FTE | G10: Cost Factor | I10: (2) x (3) | J10: (WFTE x BSA x CWF x SDF) | R10: Program | T10: Number of FTE | V10: Cost Factor | X10: (2) x (3) | Y10: (WFTE x BSA x CWF x SDF)
A11: (1) | E11: (2) | G11: (3) | I11: (4) | J11: (5) | R11: (1) | T11: (2) | V11: (3) | X11: (4) | Y11: (5)
A12: 101 Basic K-3 | C12: =SUMIFS(CountData!D:D,CountData!B:B,$I$2,CountData!C:C,$O12) -> 0 | D12: =SUMIFS(CountData!J:J,CountData!H:H,$I$2,CountData!I:I,$O12) -> 0 | E12: =IF($D$28=0,C12*2,C12+D12) -> 0 | G12: =Consolidated!$F14 -> 1.108 | H12: =Consolidated!$H$9 -> 1 | I12: =ROUND(E12*G12,4) -> 0 | J12: =ROUND(ROUND(ROUND(I12*$E$6,4)*($I$6),2)*(MAX($I$7,1)),2) -> 0 | O12: =LEFT(R12,3) -> 101 | R12: 101 Basic K-3 | T12: =IF($I$111=1,E12,0) -> 0 | V12: 1 | X12: =ROUND(T12*V12,4) -> 0 | Y12: =ROUND(ROUND(ROUND(X12*$E$6,4)*($I$6),2)*(MAX($I$7,1)),2) -> 0
A13: 111 Basic K-3 with ESE Services | C13: =SUMIFS(CountData!D:D,CountData!B:B,$I$2,CountData!C:C,$O13) -> 0 | D13: =SUMIFS(CountData!J:J,CountData!H:H,$I$2,CountData!I:I,$O13) -> 0 | E13: =IF($D$28=0,C13*2,C13+D13) -> 0 | G13: =Consolidated!$F15 -> 1.108 | H13: =Consolidated!$H$9 -> 1 | I13: =ROUND(E13*G13,4) -> 0 | J13: =ROUND(ROUND(ROUND(I13*$E$6,4)*($I$6),2)*(MAX($I$7,1)),2) -> 0 | O13: =LEFT(R13,3) -> 111 | R13: 111 Basic K-3 with ESE Services | T13: =IF($I$111=1,E13,0) -> 0 | V13: 1 | X13: =ROUND(T13*V13,4) -> 0 | Y13: =ROUND(ROUND(ROUND(X13*$E$6,4)*($I$6),2)*(MAX($I$7,1)),2) -> 0
A14: 102 Basic 4-8 | C14: =SUMIFS(CountData!D:D,CountData!B:B,$I$2,CountData!C:C,$O14) -> 0 | D14: =SUMIFS(CountData!J:J,CountData!H:H,$I$2,CountData!I:I,$O14) -> 0 | E14: =IF($D$28=0,C14*2,C14+D14) -> 0 | G14: =Consolidated!$F16 -> 1 | H14: =Consolidated!$H$9 -> 1 | I14: =ROUND(E14*G14,4) -> 0 | J14: =ROUND(ROUND(ROUND(I14*$E$6,4)*($I$6),2)*(MAX($I$7,1)),2) -> 0 | O14: =LEFT(R14,3) -> 102 | R14: 102 Basic 4-8 | T14: =IF($I$111=1,E14,0) -> 0 | V14: 1 | X14: =ROUND(T14*V14,4) -> 0 | Y14: =ROUND(ROUND(ROUND(X14*$E$6,4)*($I$6),2)*(MAX($I$7,1)),2) -> 0
A15: 112 Basic 4-8 with ESE Services | C15: =SUMIFS(CountData!D:D,CountData!B:B,$I$2,CountData!C:C,$O15) -> 0 | D15: =SUMIFS(CountData!J:J,CountData!H:H,$I$2,CountData!I:I,$O15) -> 0 | E15: =IF($D$28=0,C15*2,C15+D15) -> 0 | G15: =Consolidated!$F17 -> 1 | H15: =Consolidated!$H$9 -> 1 | I15: =ROUND(E15*G15,4) -> 0 | J15: =ROUND(ROUND(ROUND(I15*$E$6,4)*($I$6),2)*(MAX($I$7,1)),2) -> 0 | O15: =LEFT(R15,3) -> 112 | R15: 112 Basic 4-8 with ESE Services | T15: =IF($I$111=1,E15,0) -> 0 | V15: 1 | X15: =ROUND(T15*V15,4) -> 0 | Y15: =ROUND(ROUND(ROUND(X15*$E$6,4)*($I$6),2)*(MAX($I$7,1)),2) -> 0
A16: 103 Basic 9-12 | C16: =SUMIFS(CountData!D:D,CountData!B:B,$I$2,CountData!C:C,$O16) -> 0 | D16: =SUMIFS(CountData!J:J,CountData!H:H,$I$2,CountData!I:I,$O16) -> 0 | E16: =IF($D$28=0,C16*2,C16+D16) -> 0 | G16: =Consolidated!$F18 -> 0.972 | H16: =Consolidated!$H$9 -> 1 | I16: =ROUND(E16*G16,4) -> 0 | J16: =ROUND(ROUND(ROUND(I16*$E$6,4)*($I$6),2)*(MAX($I$7,1)),2) -> 0 | O16: =LEFT(R16,3) -> 103 | R16: 103 Basic 9-12 | T16: =IF($I$111=1,E16,0) -> 0 | V16: 1 | X16: =ROUND(T16*V16,4) -> 0 | Y16: =ROUND(ROUND(ROUND(X16*$E$6,4)*($I$6),2)*(MAX($I$7,1)),2) -> 0
A17: 113 Basic 9-12 with ESE Services | C17: =SUMIFS(CountData!D:D,CountData!B:B,$I$2,CountData!C:C,$O17) -> 0.5 | D17: =SUMIFS(CountData!J:J,CountData!H:H,$I$2,CountData!I:I,$O17) -> 0 | E17: =IF($D$28=0,C17*2,C17+D17) -> 0.5 | G17: =Consolidated!$F19 -> 0.972 | H17: =Consolidated!$H$9 -> 1 | I17: =ROUND(E17*G17,4) -> 0.486 | J17: =ROUND(ROUND(ROUND(I17*$E$6,4)*($I$6),2)*(MAX($I$7,1)),2) -> 2703.78 | O17: =LEFT(R17,3) -> 113 | R17: 113 Basic 9-12 with ESE Services | T17: =IF($I$111=1,E17,0) -> 0.5 | V17: 1 | X17: =ROUND(T17*V17,4) -> 0.5 | Y17: =ROUND(ROUND(ROUND(X17*$E$6,4)*($I$6),2)*(MAX($I$7,1)),2) -> 2781.66
A18: 254 ESE Level 4 (Grade Level PK-3) | C18: =SUMIFS(CountData!D:D,CountData!B:B,$I$2,CountData!C:C,$O18) -> 0 | D18: =SUMIFS(CountData!J:J,CountData!H:H,$I$2,CountData!I:I,$O18) -> 0 | E18: =IF($D$28=0,C18*2,C18+D18) -> 0 | G18: =Consolidated!$F20 -> 3.609 | H18: =Consolidated!$H$9 -> 1 | I18: =ROUND(E18*G18,4) -> 0 | J18: =ROUND(ROUND(ROUND(I18*$E$6,4)*($I$6),2)*(MAX($I$7,1)),2) -> 0 | O18: =IF(O$7="E",LEFT(R$18,3),"") | R18: 254 ESE Level 4 (Grade Level PK-3) | T18: =IF($I$111=1,E18,0) -> 0 | V18: 1 | X18: =ROUND(T18*V18,4) -> 0 | Y18: =ROUND(ROUND(ROUND(X18*$E$6,4)*($I$6),2)*(MAX($I$7,1)),2) -> 0
A19: 254 ESE Level 4 (Grade Level 4-8) | C19: =SUMIFS(CountData!D:D,CountData!B:B,$I$2,CountData!C:C,$O19) -> 0 | D19: =SUMIFS(CountData!J:J,CountData!H:H,$I$2,CountData!I:I,$O19) -> 0 | E19: =IF($D$28=0,C19*2,C19+D19) -> 0 | G19: =Consolidated!$F21 -> 3.609 | H19: =Consolidated!$H$9 -> 1 | I19: =ROUND(E19*G19,4) -> 0 | J19: =ROUND(ROUND(ROUND(I19*$E$6,4)*($I$6),2)*(MAX($I$7,1)),2) -> 0 | O19: =IF(O$8="M",LEFT(R$19,3),"") | R19: 254 ESE Level 4 (Grade Level 4-8) | T19: =IF($I$111=1,E19,0) -> 0 | V19: 1 | X19: =ROUND(T19*V19,4) -> 0 | Y19: =ROUND(ROUND(ROUND(X19*$E$6,4)*($I$6),2)*(MAX($I$7,1)),2) -> 0
A20: 254 ESE Level 4 (Grade Level 9-12) | C20: =SUMIFS(CountData!D:D,CountData!B:B,$I$2,CountData!C:C,$O20) -> 10 | D20: =SUMIFS(CountData!J:J,CountData!H:H,$I$2,CountData!I:I,$O20) -> 9 | E20: =IF($D$28=0,C20*2,C20+D20) -> 19 | G20: =Consolidated!$F22 -> 3.609 | H20: =Consolidated!$H$9 -> 1 | I20: =ROUND(E20*G20,4) -> 68.571 | J20: =ROUND(ROUND(ROUND(I20*$E$6,4)*($I$6),2)*(MAX($I$7,1)),2) -> 381482.92 | O20: =IF(O$9="H",LEFT(R$20,3),"") -> 254 | R20: 254 ESE Level 4 (Grade Level 9-12) | T20: =IF($I$111=1,E20,0) -> 19 | V20: 1 | X20: =ROUND(T20*V20,4) -> 19 | Y20: =ROUND(ROUND(ROUND(X20*$E$6,4)*($I$6),2)*(MAX($I$7,1)),2) -> 105703.22
A21: 255 ESE Level 5 (Grade Level PK-3) | C21: =SUMIFS(CountData!D:D,CountData!B:B,$I$2,CountData!C:C,$O21) -> 0 | D21: =SUMIFS(CountData!J:J,CountData!H:H,$I$2,CountData!I:I,$O21) -> 0 | E21: =IF($D$28=0,C21*2,C21+D21) -> 0 | G21: =Consolidated!$F23 -> 6.064 | H21: =Consolidated!$H$9 -> 1 | I21: =ROUND(E21*G21,4) -> 0 | J21: =ROUND(ROUND(ROUND(I21*$E$6,4)*($I$6),2)*(MAX($I$7,1)),2) -> 0 | O21: =IF(O$7="E",LEFT(R$21,3),"") | R21: 255 ESE Level 5 (Grade Level PK-3) | T21: =IF($I$111=1,E21,0) -> 0 | V21: 1 | X21: =ROUND(T21*V21,4) -> 0 | Y21: =ROUND(ROUND(ROUND(X21*$E$6,4)*($I$6),2)*(MAX($I$7,1)),2) -> 0
A22: 255 ESE Level 5 (Grade Level 4-8) | C22: =SUMIFS(CountData!D:D,CountData!B:B,$I$2,CountData!C:C,$O22) -> 0 | D22: =SUMIFS(CountData!J:J,CountData!H:H,$I$2,CountData!I:I,$O22) -> 0 | E22: =IF($D$28=0,C22*2,C22+D22) -> 0 | G22: =Consolidated!$F24 -> 6.064 | H22: =Consolidated!$H$9 -> 1 | I22: =ROUND(E22*G22,4) -> 0 | J22: =ROUND(ROUND(ROUND(I22*$E$6,4)*($I$6),2)*(MAX($I$7,1)),2) -> 0 | O22: =IF(O$8="M",LEFT(R$22,3),"") | R22: 255 ESE Level 5 (Grade Level 4-8) | T22: =IF($I$111=1,E22,0) -> 0 | V22: 1 | X22: =ROUND(T22*V22,4) -> 0 | Y22: =ROUND(ROUND(ROUND(X22*$E$6,4)*($I$6),2)*(MAX($I$7,1)),2) -> 0
A23: 255 ESE Level 5 (Grade Level 9-12) | C23: =SUMIFS(CountData!D:D,CountData!B:B,$I$2,CountData!C:C,$O23) -> 3 | D23: =SUMIFS(CountData!J:J,CountData!H:H,$I$2,CountData!I:I,$O23) -> 4.5 | E23: =IF($D$28=0,C23*2,C23+D23) -> 7.5 | G23: =Consolidated!$F25 -> 6.064 | H23: =Consolidated!$H$9 -> 1 | I23: =ROUND(E23*G23,4) -> 45.48 | J23: =ROUND(ROUND(ROUND(I23*$E$6,4)*($I$6),2)*(MAX($I$7,1)),2) -> 253020.13 | O23: =IF(O$9="H",LEFT(R$23,3),"") -> 255 | R23: 255 ESE Level 5 (Grade Level 9-12) | T23: =IF($I$111=1,E23,0) -> 7.5 | V23: 1 | X23: =ROUND(T23*V23,4) -> 7.5 | Y23: =ROUND(ROUND(ROUND(X23*$E$6,4)*($I$6),2)*(MAX($I$7,1)),2) -> 41724.95
A24: 130 ESOL (Grade Level PK-3) | C24: =SUMIFS(CountData!D:D,CountData!B:B,$I$2,CountData!C:C,$O24) -> 0 | D24: =SUMIFS(CountData!J:J,CountData!H:H,$I$2,CountData!I:I,$O24) -> 0 | E24: =IF($D$28=0,C24*2,C24+D24) -> 0 | G24: =Consolidated!$F26 -> 1.165 | H24: =Consolidated!$H$9 -> 1 | I24: =ROUND(E24*G24,4) -> 0 | J24: =ROUND(ROUND(ROUND(I24*$E$6,4)*($I$6),2)*(MAX($I$7,1)),2) -> 0 | O24: =IF(O$7="E",LEFT(R$24,3),"") | R24: 130 ESOL (Grade Level PK-3) | T24: =IF($I$111=1,E24,0) -> 0 | V24: 1 | X24: =ROUND(T24*V24,4) -> 0 | Y24: =ROUND(ROUND(ROUND(X24*$E$6,4)*($I$6),2)*(MAX($I$7,1)),2) -> 0
A25: 130 ESOL (Grade Level 4-8) | C25: =SUMIFS(CountData!D:D,CountData!B:B,$I$2,CountData!C:C,$O25) -> 0 | D25: =SUMIFS(CountData!J:J,CountData!H:H,$I$2,CountData!I:I,$O25) -> 0 | E25: =IF($D$28=0,C25*2,C25+D25) -> 0 | G25: =Consolidated!$F27 -> 1.165 | H25: =Consolidated!$H$9 -> 1 | I25: =ROUND(E25*G25,4) -> 0 | J25: =ROUND(ROUND(ROUND(I25*$E$6,4)*($I$6),2)*(MAX($I$7,1)),2) -> 0 | O25: =IF(O$8="M",LEFT(R$25,3),"") | R25: 130 ESOL (Grade Level 4-8) | T25: =IF($I$111=1,E25,0) -> 0 | V25: 1 | X25: =ROUND(T25*V25,4) -> 0 | Y25: =ROUND(ROUND(ROUND(X25*$E$6,4)*($I$6),2)*(MAX($I$7,1)),2) -> 0
A26: 130 ESOL (Grade Level 9-12) | C26: =SUMIFS(CountData!D:D,CountData!B:B,$I$2,CountData!C:C,$O26) -> 0 | D26: =SUMIFS(CountData!J:J,CountData!H:H,$I$2,CountData!I:I,$O26) -> 0 | E26: =IF($D$28=0,C26*2,C26+D26) -> 0 | G26: =Consolidated!$F28 -> 1.165 | H26: =Consolidated!$H$9 -> 1 | I26: =ROUND(E26*G26,4) -> 0 | J26: =ROUND(ROUND(ROUND(I26*$E$6,4)*($I$6),2)*(MAX($I$7,1)),2) -> 0 | O26: =IF(O$9="H",LEFT(R$26,3),"") -> 130 | R26: 130 ESOL (Grade Level 9-12) | T26: =IF($I$111=1,E26,0) -> 0 | V26: 1 | X26: =ROUND(T26*V26,4) -> 0 | Y26: =ROUND(ROUND(ROUND(X26*$E$6,4)*($I$6),2)*(MAX($I$7,1)),2) -> 0
A27: 300 Career Education (Grades 9-12) | C27: =SUMIFS(CountData!D:D,CountData!B:B,$I$2,CountData!C:C,$O27) -> 0 | D27: =SUMIFS(CountData!J:J,CountData!H:H,$I$2,CountData!I:I,$O27) -> 0 | E27: =IF($D$28=0,C27*2,C27+D27) -> 0 | G27: =Consolidated!$F29 -> 1.081 | H27: =Consolidated!$H$9 -> 1 | I27: =ROUND(E27*G27,4) -> 0 | J27: =ROUND(ROUND(ROUND(I27*$E$6,4)*($I$6),2)*(MAX($I$7,1)),2) -> 0 | O27: =LEFT(R27,3) -> 300 | R27: 300 Career Education (Grades 9-12) | T27: =IF($I$111=1,E27,0) -> 0 | V27: 1 | X27: =ROUND(T27*V27,4) -> 0 | Y27: =ROUND(ROUND(ROUND(X27*$E$6,4)*($I$6),2)*(MAX($I$7,1)),2) -> 0
A28: Totals | C28: =SUM(C12:C27) -> 13.5 | D28: =SUM(D12:D27) -> 13.5 | E28: =SUM(E12:E27) -> 27 | I28: =SUM(I12:I27) -> 114.537 | J28: =SUM(J12:J27) -> 637206.83 | R28: Totals | T28: =SUM(T12:T27) -> 27 | X28: =SUM(X12:X27) -> 27 | Y28: =SUM(Y12:Y27) -> 150209.83
A29: Letters in Parentheses Refer to Notes at Bottom of Worksheet: | R29: Letters in Parentheses Refer to Notes at Bottom of Worksheet:
A30: Additional FTE | E30: Number of FTE Charter schools should contact their school district sponsor regarding eligible FTE. Please note that “Number of FTE” is NOT equivalent to number of students enrolled in these courses or programs. | J30: 2025-26 Base Funding (WFTE x BSA x CWF x SDF) | R30: Additional FTE | T30: Number of FTE Charter schools should contact their school district sponsor regarding eligible FTE. Please note that “Number of FTE” is NOT equivalent to number of students enrolled in these courses or programs. Please refer to footnote (a) below. | Y30: 2025-26 Base Funding (WFTE x BSA x CWF x SDF)
A31: Small District ESE Supplement | J31: =ROUND(ROUND(ROUND(I31*$E$6,4)*($I$6),0)*(MAX($I$7,1)),0) -> 0 | R31: Small District ESE Supplement | Y31: =J31 -> 0
A32: Total Additional FTE | G32: =SUM(I31:I31) -> 0 | H32: Additional Base Funds | J32: =SUM(J31:J31) -> 0 | R32: Total Additional FTE | V32: =SUM(T31:V31) -> 0 | W32: Additional Base Funds | Y32: =SUM(Y31:Y31) -> 0
A33: Total Funded Weighted FTE | G33: =G32+I28 -> 114.537 | H33: Total Base Funding | J33: =SUM(J32,J28) -> 637206.83 | R33: Total Funded Weighted FTE | V33: =V32+X28 -> 27 | W33: Total Base Funding | Y33: =SUM(Y32,Y28) -> 150209.83
A35: 1B. Classroom Teacher and Other Instructional Personnel Salary Increase Maintenance and Growth Portions of the Salary Increase funds are part of the total Conference Base Funding and are not treated as a separate allocation. Amounts are split out here for informative purposes and for the purposes of providing a total that may be used for calculating the adminstrative fee. | R35: 1B. Classroom Teacher and Other Instructional Personnel Salary Increase Maintenance and Growth Portions of the Salary Increase funds are part of the total Conference Base Funding and are not treated as a separate allocation. Amounts are split out here for informative purposes and for the purposes of providing a total that may be used for calculating the adminstrative fee.
A36: Maintenance Portion (6.67% of Conference Base Funding) | F36: (a) | G36: 191517.55 | H36: X | I36: 0.0667 | J36: =ROUND(G36*I36,2) -> 12774.22 | R36: Maintenance Portion (6.67% of Conference Base Funding) | V36: 61196.59 | W36: X | X36: 0.0667 | Y36: =J36 -> 12774.22
A37: Growth Portion (0.54% of Conference Base Funding) | F37: (a) | G37: 191517.55 | H37: X | I37: 0.0054 | J37: =ROUND(G37*I37,2) -> 1034.19 | R37: Growth Portion (0.54% of Conference Base Funding) | V37: 61196.59 | W37: X | X37: 0.0054 | Y37: =J37 -> 1034.19
A38: Total Salary Increase Allocation | J38: =SUM(J36:J37) -> 13808.41 | R38: Total Salary Increase Allocation | Y38: =Y36+Y37 -> 13808.41
A40: 2. ESE Guaranteed Allocation: | C40: Oct 2025 FTE | D40: Feb 2026 FTE | E40: Total FTE | G40: Grade Level | H40: Matrix Level | I40: Guarantee Per Student | R40: 2. ESE Guaranteed Allocation: | T40: FTE | V40: Grade Level | W40: Matrix Level | X40: Guarantee Per Student
A41: Additional Funding from the ESE Guaranteed Allocation. Enter the FTE from 111,112 and 113 by grade and matrix level. Students who do not have a matrix level should be considered 251. This total should equal all FTE from programs 111, 112 and 113 above, less any 113 gifted FTE. | C41: 0 | D41: 0 | E41: =IF($D$50=0,C41*2,C41+D41) -> 0 | G41: PK-3 | H41: 251 | I41: =Consolidated!$H59 -> 1047 | J41: =ROUND(E41*I41,2) -> 0 | R41: Additional Funding from the ESE Guaranteed Allocation. Enter the FTE from 111,112, & 113 by grade and matrix level. Students who do not have a matrix level should be considered 251. This total should equal all FTE from programs 111, 112 & 113 above. | V41: PK-3 | W41: 251 | X41: =Consolidated!$H59 -> 1047 | Y41: =ROUND(T41*X41,2) -> 0
C42: 0 | D42: 0 | E42: =IF($D$50=0,C42*2,C42+D42) -> 0 | G42: PK-3 | H42: 252 | I42: =Consolidated!$H60 -> 3380 | J42: =ROUND(E42*I42,2) -> 0 | V42: PK-3 | W42: 252 | X42: =Consolidated!$H60 -> 3380 | Y42: =ROUND(T42*X42,2) -> 0
C43: 0 | D43: 0 | E43: =IF($D$50=0,C43*2,C43+D43) -> 0 | G43: PK-3 | H43: 253 | I43: =Consolidated!$H61 -> 6896 | J43: =ROUND(E43*I43,2) -> 0 | V43: PK-3 | W43: 253 | X43: =Consolidated!$H61 -> 6896 | Y43: =ROUND(T43*X43,2) -> 0
C44: 0 | D44: 0 | E44: =IF($D$50=0,C44*2,C44+D44) -> 0 | G44: 4-8 | H44: 251 | I44: =Consolidated!$H62 -> 1173 | J44: =ROUND(E44*I44,2) -> 0 | V44: 4-8 | W44: 251 | X44: =Consolidated!$H62 -> 1173 | Y44: =ROUND(T44*X44,2) -> 0
C45: 0 | D45: 0 | E45: =IF($D$50=0,C45*2,C45+D45) -> 0 | G45: 4-8 | H45: 252 | I45: =Consolidated!$H63 -> 3506 | J45: =ROUND(E45*I45,2) -> 0 | V45: 4-8 | W45: 252 | X45: =Consolidated!$H63 -> 3506 | Y45: =ROUND(T45*X45,2) -> 0
C46: 0 | D46: 0 | E46: =IF($D$50=0,C46*2,C46+D46) -> 0 | G46: 4-8 | H46: 253 | I46: =Consolidated!$H64 -> 7023 | J46: =ROUND(E46*I46,2) -> 0 | V46: 4-8 | W46: 253 | X46: =Consolidated!$H64 -> 7023 | Y46: =ROUND(T46*X46,2) -> 0
C47: 0.5 | D47: 0 | E47: =IF($D$50=0,C47*2,C47+D47) -> 1 | G47: 9-12 | H47: 251 | I47: =Consolidated!$H65 -> 835 | J47: =ROUND(E47*I47,2) -> 835 | V47: 9-12 | W47: 251 | X47: =Consolidated!$H65 -> 835 | Y47: =ROUND(T47*X47,2) -> 0
C48: 0 | D48: 0 | E48: =IF($D$50=0,C48*2,C48+D48) -> 0 | G48: 9-12 | H48: 252 | I48: =Consolidated!$H66 -> 3168 | J48: =ROUND(E48*I48,2) -> 0 | V48: 9-12 | W48: 252 | X48: =Consolidated!$H66 -> 3168 | Y48: =ROUND(T48*X48,2) -> 0
C49: 0 | D49: 0 | E49: =IF($D$50=0,C49*2,C49+D49) -> 0 | G49: 9-12 | H49: 253 | I49: =Consolidated!$H67 -> 6685 | J49: =ROUND(E49*I49,2) -> 0 | V49: 9-12 | W49: 253 | X49: =Consolidated!$H67 -> 6685 | Y49: =ROUND(T49*X49,2) -> 0
A50: Total FTE with ESE Services | C50: =SUM(C41:C49) -> 0.5 | D50: =SUM(D41:D49) -> 0 | E50: =SUM(E41:E49) -> 1 | G50: Total ESE Guarantee | J50: =SUM(J41:J49) -> 835 | R50: Total FTE with ESE Services | T50: =SUM(T42:T49) -> 0 | V50: Total ESE Guarantee | Y50: =SUM(Y41:Y49) -> 0
R51: 3A. Divide school's Unweighted FTE (UFTE) total computed in Section 1, cell C28 above by the district's total UFTE to obtain school's
A52: 3A. Divide school's Unweighted FTE (UFTE) total computed in Section 1, cell C28 above by the district's total UFTE to obtain school's | R52: UFTE share. Charter School UFTE: | T52: =T28 -> 27 | U52: ÷ | W52: District's Total UFTE: | X52: =I53 -> 207782.75
A53: UFTE share. Charter School UFTE: | C53: =E28 -> 27 | D53: ÷ | H53: District's Total UFTE: | I53: =Consolidated!H$71 -> 207782.75 | W53: = | X53: =ROUND(T52/X52,6) -> 0.00013
H54: = | I54: =IFERROR(ROUND(C53/I53,6),0) -> 0.00013 | R54: 3B. Divide school's Weighted FTE (WFTE) total computed in Section 1, cell E39 above by the district's total WFTE to obtain school's
A55: 3B. Divide school's Weighted FTE (WFTE) total computed in Section 1, cell E33 above by the district's total WFTE to obtain school's | R55: WFTE share. Charter School WFTE: | T55: =X28 -> 27 | U55: ÷ | W55: District's Total WFTE: | X55: =I56 -> 221179.84
A56: WFTE share. Charter School WFTE: | C56: =G33 -> 114.537 | D56: ÷ | H56: District's Total WFTE: | I56: =Consolidated!H$74 -> 221179.84 | W56: = | X56: =ROUND(T55/X55,6) -> 0.000122
H57: = | I57: =IFERROR(ROUND(C56/I56,6),0) -> 0.000518 | R57: 3C. Divide school's Unweighted FTE (UFTE) total computed in Section 1, cell C28 above by the district's total non-scholarship UFTE to obtain school's
A58: 3C. Divide school's Unweighted FTE (UFTE) total computed in Section 1, cell C28 above by the district's total non-scholarship UFTE to obtain school's | R58: UFTE share. Charter School UFTE: | T58: =T28 -> 27 | U58: ÷ | V58: District's Total Non-Scholarship UFTE: | X58: =I59 -> 178931.75
A59: UFTE share. Charter School UFTE: | C59: =E28 -> 27 | D59: ÷ | F59: District's Total Non-Scholarship UFTE: | I59: =Consolidated!H$77 -> 178931.75 | W59: = | X59: =ROUND(T58/X58,6) -> 0.000151
H60: = | I60: =IFERROR(ROUND(C59/I59,6),0) -> 0.000151 | R60: 3D. Divide school's Unweighted FTE (UFTE) total computed in Section 1, cell C28 above by the district's total non-virtual UFTE to obtain school's
A61: 3D. Divide school's Unweighted FTE (UFTE) total computed in Section 1, cell C28 above by the district's total non-virtual UFTE to obtain school's | R61: UFTE share. Charter School UFTE: | T61: =T28 -> 27 | U61: ÷ | V61: District's Total Non-Virtual UFTE: | X61: =I62 -> 207463.82
A62: UFTE share. Charter School UFTE: | C62: =E28 -> 27 | D62: ÷ | F62: District's Total Non-Virtual UFTE: | I62: =Consolidated!H$80 -> 207463.82 | W62: = | X62: =ROUND(T61/X61,6) -> 0.00013
H63: = | I63: =IFERROR(ROUND(C62/I62,6),0) -> 0.00013 | R63: 3E. Divide school's Unweighted FTE (UFTE) total computed in Section 1, cell C28 above by the district's total non-scholarship and non-virtual UFTE to obtain school's
A64: 3E. Divide school's Unweighted FTE (UFTE) total computed in Section 1, cell C28 above by the district's total non-scholarship and non-virtual UFTE to obtain school's | R64: UFTE share. Charter School UFTE: | T64: =T28 -> 27 | U64: ÷ | V64: District's Total Non-Virtual and Non-Scholarship UFTE: | X64: =I65 -> 178612.82
A65: UFTE share. Charter School UFTE: | C65: =E28 -> 27 | D65: ÷ District's Total Non-Scholarship Non-Virtual UFTE: | I65: =Consolidated!H$83 -> 178612.82 | W65: = | X65: =ROUND(T64/X64,6) -> 0.000151
H66: = | I66: =IFERROR(ROUND(C65/I65,6),0) -> 0.000151
R67: 4. Educational Enrichment Share (Non-Virtual UFTE share) | V67: =G68 -> 45629593 | W67: x | X67: =X62 -> 0.00013 | Y67: =ROUND(V67*X67,2) -> 5931.85
A68: 4. Educational Enrichment Share (Non-Virtual UFTE share) | F68: (e) | G68: =Consolidated!F$86 -> 45629593 | H68: x | I68: =I63 -> 0.00013 | J68: =ROUND(G68*I68,2) -> 5931.85 | R68: 5. Discretionary Millage Compression Allocation
A69: 5. Discretionary Millage Compression Allocation | R69: .748 Mills | V69: =G70 -> 0 | W69: x | X69: =X53 -> 0.00013 | Y69: =ROUND(V69*X69,2) -> 0
A70: .748 Mills (UFTE share) | F70: (b) | G70: =Consolidated!F$89 -> 0 | H70: x | I70: =I54 -> 0.00013 | J70: =ROUND(G70*I70,2) -> 0 | R70: 6. Safe Schools Allocation (Non-Virtual and Scholarship UFTE share) | V70: =G71 -> 18934058 | W70: x | X70: =X65 -> 0.000151 | Y70: =ROUND(V70*X70,2) -> 2859.04
A71: 6. Safe Schools Allocation (Non-Virtual and Non-Scholarship UFTE share) | F71: (f) | G71: =Consolidated!F$91 -> 18934058 | H71: x | I71: =I66 -> 0.000151 | J71: =ROUND(G71*I71,2) -> 2859.04 | R71: 7. Mental Health Assistance Allocation (Non-Scholarship UFTE share) | V71: =G72 -> 11300012 | W71: x | X71: =X59 -> 0.000151 | Y71: =ROUND(V71*X71,2) -> 1706.3
A72: 7. Mental Health Assistance Allocation (Non-Scholarship UFTE share) | F72: (d) | G72: =Consolidated!F$93 -> 11300012 | H72: x | I72: =I60 -> 0.000151 | J72: =ROUND(G72*I72,2) -> 1706.3 | R72: 8. Academic Acceleration Options Supplement (Value share)
A73: 8. Academic Acceleration Options Supplement (Value share) | F73: (g) | R73: Acceleration Value | T73: Acceleration Value Charter schools should contact their school district sponsor regarding eligible value. Please note that “Acceleration Value” is NOT equivalent to number of students enrolled in these courses or programs. Please refer to footnote (a) below.
A74: Acceleration Value | E74: Acceleration Value Charter schools should contact their school district sponsor regarding eligible value. Please note that “Acceleration Value” is NOT equivalent to number of students enrolled in these courses or programs. Please refer to footnote (g) below. | R74: Advanced Placement
A75: Advanced Placement | R75: International Baccalaureate
A76: International Baccalaureate | R76: Advanced International Certificate
A77: Advanced International Certificate | R77: Industry Certified Career Education
A78: Industry Certified Career Education | R78: Early High School Graduation
A79: Early High School Graduation | R79: Dual Enrollment
A80: Dual Enrollment | X80: School total value | Y80: =SUM(Y74:Y79) -> 0
I81: School total value | J81: =SUM(J75:J80) -> 0 | X81: District total value | Y81: =J82 -> 12903.05
I82: District total value | J82: =Consolidated!J$104 -> 12903.05
R83: School Academic Acceleration Option Supplement | V83: =G84 -> 58502790 | W83: x | X83: =IFERROR(ROUND(Y80/Y81,6),0) -> 0 | Y83: =ROUND(V83*X83,2) -> 0
A84: School Academic Acceleration Option Supplement | G84: =Consolidated!F$106 -> 58502790 | H84: x | I84: =IFERROR(ROUND(J81/J82,6),0) -> 0 | J84: =ROUND(G84*I84,2) -> 0 | R84: 9. ESE Guaranteed Allocation
A85: 9. Discretionary Local Effort (WFTE share) | F85: (c) | G85: =Consolidated!F$108 -> 268816278 | H85: x | I85: =I57 -> 0.000518 | J85: =ROUND(G85*I85,2) -> 139246.83 | R85: 10. Discretionary Local Effort (WFTE share) | V85: =G85 -> 268816278 | W85: x | X85: =X56 -> 0.000122 | Y85: =ROUND(V85*X85,2) -> 32795.59
A86: 10. Proration to Funds Available (WFTE share) | F86: (c) | G86: 0 | H86: x | I86: =I57 -> 0.000518 | J86: =ROUND(G86*I86,2) -> 0 | R86: 11. Proration to Funds Available (WFTE share) | V86: =G86 -> 0 | W86: x | X86: =X56 -> 0.000122 | Y86: =ROUND(V86*X86,2) -> 0
A87: 11. Educational Enrollment Stabilization Program (UFTE share) | F87: (b) | G87: 0 | H87: x | I87: =I54 -> 0.00013 | J87: =ROUND(G87*I87,2) -> 0 | R87: 12. Educational Enrollment Stabilization Program (UFTE share) | V87: =G87 -> 0 | W87: x | X87: =X53 -> 0.00013 | Y87: =ROUND(V87*X87,2) -> 0
A88: 12. Class Size Reduction Funds: | R88: 13. Class Size Reduction Funds:
B89: Weighted FTE (not including Add-On) | D89: X CWF X | G89: Allocation factors | R89: Weighted FTE (not including Add-On) | T89: X CWF X | V89: Allocation factors
A90: PK - 3 | B90: =I12+I13+I18+I21+I24 -> 0 | D90: =I6 -> 1.0355 | G90: =Consolidated!F$118 -> 958.42 | H90: = | I90: =ROUND(B90*D90*G90,2) -> 0 | R90: PK - 3 | S90: =X12+X13+X18+X21+X24 -> 0 | T90: =X6 -> 1.0355 | V90: =G90 -> 958.42 | W90: = | X90: =ROUND(S90*T90*V90,2) -> 0
A91: 4-8 | B91: =I14+I15+I19+I22+I25 -> 0 | D91: =I6 -> 1.0355 | G91: =Consolidated!F$119 -> 915.09 | H91: = | I91: =ROUND(B91*D91*G91,2) -> 0 | R91: 4-8 | S91: =X14+X15+X19+X22+X25 -> 0 | T91: =X6 -> 1.0355 | V91: =G91 -> 915.09 | W91: = | X91: =ROUND(S91*T91*V91,2) -> 0
A92: 9-12 | B92: =I16+I17+I20+I23+I26+I27 -> 114.537 | D92: =I6 -> 1.0355 | G92: =Consolidated!F$120 -> 917.3 | H92: = | I92: =ROUND(B92*D92*G92,2) -> 108794.59 | R92: 9-12 | S92: =X16+X17+X20+X23+X26+X27 -> 27 | T92: =X6 -> 1.0355 | V92: =G92 -> 917.3 | W92: = | X92: =ROUND(S92*T92*V92,2) -> 25646.33
A93: Total * | B93: =SUM(B90:B92) -> 114.537 | E93: Total Class Size Reduction Funds | J93: =IF(A1=75,0,I92+I91+I90) -> 108794.59 | R93: Total * | S93: =SUM(S90:S92) -> 27 | T93: Total Class Size Reduction Funds | Y93: =IF(R1=75,0,X92+X91+X90) -> 25646.33
A94: (*Total FTE should equal total in Section 1, column (4) and should not include any additional FTE from Section 1.) | R94: (*Total FTE should equal total in Section 1, column (4) and should not include any additional FTE from Section 1.)
A95: 13. Student Transportation | F95: (h) | R95: 14. Student Transportation
C96: Oct 2025 FTE | D96: Feb 2026 FTE | E96: Average FTE | R96: Enter All Adjusted Fundable Riders | T96: =IF(I111=1,E97,0) -> 0 | W96: x | X96: =I97 -> 586 | Y96: =ROUND(X96*T96,2) -> 0
A97: Enter All Adjusted Fundable Riders | C97: 0 | D97: 0 | E97: =(C97+D97)/2 -> 0 | H97: x | I97: =Consolidated!G$127 -> 586 | J97: =ROUND(I97*E97,2) -> 0 | R97: Enter All Adjusted ESE Riders | T97: =IF(I112=1,E98,0) -> 0 | W97: x | X97: =I98 -> 1811 | Y97: =ROUND(X97*T97,2) -> 0
A98: Enter All Adjusted ESE Riders | C98: 0 | E98: =(C98+D98)/2 -> 0 | H98: x | I98: =Consolidated!G$128 -> 1811 | J98: =ROUND(I98*E98,2) -> 0
A100: 14. Federally Connected Student Supplement | F100: (i) | R100: 15. Federally Connected Student Supplement
A101: Impact Aid Student Type | D101: Number of Students | G101: Exempt Property Allocation | I101: Impact Aid Student Allocation | J101: Total | R101: Impact Aid Student Type | T101: Number of Students | V101: Exempt Property Allocation | X101: Impact Aid Student Allocation | Y101: Total
A102: Military and Indian Lands | G102: 0 | I102: 0 | J102: =ROUND((I102+G102)*E102,0) -> 0 | R102: Military and Indian Lands | T102: 0 | V102: 0 | X102: 0 | Y102: =ROUND((X102+V102)*T102,0) -> 0
A103: Civilians on Federal Lands | G103: =ROUND(G102/2,2) -> 0 | I103: 0 | J103: =ROUND((I103+G103)*E103,0) -> 0 | R103: Civilians on Federal Lands | T103: 0 | V103: =ROUND(V102/2,2) -> 0 | X103: 0 | Y103: =ROUND((X103+V103)*T103,0) -> 0
...

Sheet 1461
A1: 50 | B1: (Insert district number in cell A1, enter, then strike F9. Your district data then pulls from Calculation Detail Sheets) | R1: 50 | S1: (Insert district number in cell A1, enter, then strike F9. Your district data then pulls from Calculation Detail Sheets)
A2: Revenue Estimate Worksheet: Inlet Grove Community High School - 1461 | I2: =RIGHT(A2,4) -> 1461 | R2: =Revenue_Estimate_Worksheet_for___________Charter_School -> Revenue Estimate Worksheet: Inlet Grove Community High School - 1461
A3: Based on the 2025-26 Third Calculation Worksheet | R3: Based on the 2025-26 FEFP Second Calculation
A4: School District: | D4: Palm Beach | H4: =Consolidated!H4 -> 46143 | R4: School District: | T4: Palm Beach
A5: 1A. 2025-26 FEFP State and Local Funding | R5: 1A. 2025-26 FEFP State and Local Funding
A6: Base Student Allocation | E6: =Consolidated!$C$8 -> 5372.6 | G6: Comparable Wage Factor: | I6: =Consolidated!$H$8 -> 1.0355 | R6: Base Student Allocation | T6: =E6 -> 5372.6 | V6: Comparable Wage Factor: | X6: 1.0355
G7: Small District Factor | I7: =Consolidated!$H$9 -> 1 | O7: =IF(AND(C13>=C15, C13>=C17), "E", "-") -> - | V7: Small District Factor | X7: 1
J8: 2025-26 | O8: =IF(AND(C15>C17, C15>C13), "M", "-") -> - | Y8: 2025-26
C9: =Consolidated!C$11 -> Oct 2025 | D9: =Consolidated!D$11 -> Feb 2026 | G9: Program | I9: Weighted FTE | J9: Base Funding | O9: =IF(AND(C17>C15, C17>C13), "H", "-") -> H | V9: Program | X9: Weighted FTE | Y9: Base Funding
A10: Program | C10: FTE | D10: FTE | E10: Total FTE | G10: Cost Factor | I10: (2) x (3) | J10: (WFTE x BSA x CWF x SDF) | R10: Program | T10: Number of FTE | V10: Cost Factor | X10: (2) x (3) | Y10: (WFTE x BSA x CWF x SDF)
A11: (1) | E11: (2) | G11: (3) | I11: (4) | J11: (5) | R11: (1) | T11: (2) | V11: (3) | X11: (4) | Y11: (5)
A12: 101 Basic K-3 | C12: =SUMIFS(CountData!D:D,CountData!B:B,$I$2,CountData!C:C,$O12) -> 0 | D12: =SUMIFS(CountData!J:J,CountData!H:H,$I$2,CountData!I:I,$O12) -> 0 | E12: =IF($D$28=0,C12*2,C12+D12) -> 0 | G12: =Consolidated!$F14 -> 1.108 | H12: =Consolidated!$H$9 -> 1 | I12: =ROUND(E12*G12,4) -> 0 | J12: =ROUND(ROUND(ROUND(I12*$E$6,4)*($I$6),2)*(MAX($I$7,1)),2) -> 0 | O12: =LEFT(R12,3) -> 101 | R12: 101 Basic K-3 | T12: =IF($I$111=1,E12,0) -> 0 | V12: 1 | X12: =ROUND(T12*V12,4) -> 0 | Y12: =ROUND(ROUND(ROUND(X12*$E$6,4)*($I$6),2)*(MAX($I$7,1)),2) -> 0
A13: 111 Basic K-3 with ESE Services | C13: =SUMIFS(CountData!D:D,CountData!B:B,$I$2,CountData!C:C,$O13) -> 0 | D13: =SUMIFS(CountData!J:J,CountData!H:H,$I$2,CountData!I:I,$O13) -> 0 | E13: =IF($D$28=0,C13*2,C13+D13) -> 0 | G13: =Consolidated!$F15 -> 1.108 | H13: =Consolidated!$H$9 -> 1 | I13: =ROUND(E13*G13,4) -> 0 | J13: =ROUND(ROUND(ROUND(I13*$E$6,4)*($I$6),2)*(MAX($I$7,1)),2) -> 0 | O13: =LEFT(R13,3) -> 111 | R13: 111 Basic K-3 with ESE Services | T13: =IF($I$111=1,E13,0) -> 0 | V13: 1 | X13: =ROUND(T13*V13,4) -> 0 | Y13: =ROUND(ROUND(ROUND(X13*$E$6,4)*($I$6),2)*(MAX($I$7,1)),2) -> 0
A14: 102 Basic 4-8 | C14: =SUMIFS(CountData!D:D,CountData!B:B,$I$2,CountData!C:C,$O14) -> 73.58 | D14: =SUMIFS(CountData!J:J,CountData!H:H,$I$2,CountData!I:I,$O14) -> 70.1 | E14: =IF($D$28=0,C14*2,C14+D14) -> 143.68 | G14: =Consolidated!$F16 -> 1 | H14: =Consolidated!$H$9 -> 1 | I14: =ROUND(E14*G14,4) -> 143.68 | J14: =ROUND(ROUND(ROUND(I14*$E$6,4)*($I$6),2)*(MAX($I$7,1)),2) -> 799338.87 | O14: =LEFT(R14,3) -> 102 | R14: 102 Basic 4-8 | T14: =IF($I$111=1,E14,0) -> 0 | V14: 1 | X14: =ROUND(T14*V14,4) -> 0 | Y14: =ROUND(ROUND(ROUND(X14*$E$6,4)*($I$6),2)*(MAX($I$7,1)),2) -> 0
A15: 112 Basic 4-8 with ESE Services | C15: =SUMIFS(CountData!D:D,CountData!B:B,$I$2,CountData!C:C,$O15) -> 9.99 | D15: =SUMIFS(CountData!J:J,CountData!H:H,$I$2,CountData!I:I,$O15) -> 10.01 | E15: =IF($D$28=0,C15*2,C15+D15) -> 20 | G15: =Consolidated!$F17 -> 1 | H15: =Consolidated!$H$9 -> 1 | I15: =ROUND(E15*G15,4) -> 20 | J15: =ROUND(ROUND(ROUND(I15*$E$6,4)*($I$6),2)*(MAX($I$7,1)),2) -> 111266.55 | O15: =LEFT(R15,3) -> 112 | R15: 112 Basic 4-8 with ESE Services | T15: =IF($I$111=1,E15,0) -> 0 | V15: 1 | X15: =ROUND(T15*V15,4) -> 0 | Y15: =ROUND(ROUND(ROUND(X15*$E$6,4)*($I$6),2)*(MAX($I$7,1)),2) -> 0
A16: 103 Basic 9-12 | C16: =SUMIFS(CountData!D:D,CountData!B:B,$I$2,CountData!C:C,$O16) -> 207.4 | D16: =SUMIFS(CountData!J:J,CountData!H:H,$I$2,CountData!I:I,$O16) -> 203.7 | E16: =IF($D$28=0,C16*2,C16+D16) -> 411.1 | G16: =Consolidated!$F18 -> 0.972 | H16: =Consolidated!$H$9 -> 1 | I16: =ROUND(E16*G16,4) -> 399.5892 | J16: =ROUND(ROUND(ROUND(I16*$E$6,4)*($I$6),2)*(MAX($I$7,1)),2) -> 2223045.5 | O16: =LEFT(R16,3) -> 103 | R16: 103 Basic 9-12 | T16: =IF($I$111=1,E16,0) -> 0 | V16: 1 | X16: =ROUND(T16*V16,4) -> 0 | Y16: =ROUND(ROUND(ROUND(X16*$E$6,4)*($I$6),2)*(MAX($I$7,1)),2) -> 0
A17: 113 Basic 9-12 with ESE Services | C17: =SUMIFS(CountData!D:D,CountData!B:B,$I$2,CountData!C:C,$O17) -> 34.73 | D17: =SUMIFS(CountData!J:J,CountData!H:H,$I$2,CountData!I:I,$O17) -> 32.42 | E17: =IF($D$28=0,C17*2,C17+D17) -> 67.15 | G17: =Consolidated!$F19 -> 0.972 | H17: =Consolidated!$H$9 -> 1 | I17: =ROUND(E17*G17,4) -> 65.2698 | J17: =ROUND(ROUND(ROUND(I17*$E$6,4)*($I$6),2)*(MAX($I$7,1)),2) -> 363117.26 | O17: =LEFT(R17,3) -> 113 | R17: 113 Basic 9-12 with ESE Services | T17: =IF($I$111=1,E17,0) -> 0 | V17: 1 | X17: =ROUND(T17*V17,4) -> 0 | Y17: =ROUND(ROUND(ROUND(X17*$E$6,4)*($I$6),2)*(MAX($I$7,1)),2) -> 0
A18: 254 ESE Level 4 (Grade Level PK-3) | C18: =SUMIFS(CountData!D:D,CountData!B:B,$I$2,CountData!C:C,$O18) -> 0 | D18: =SUMIFS(CountData!J:J,CountData!H:H,$I$2,CountData!I:I,$O18) -> 0 | E18: =IF($D$28=0,C18*2,C18+D18) -> 0 | G18: =Consolidated!$F20 -> 3.609 | H18: =Consolidated!$H$9 -> 1 | I18: =ROUND(E18*G18,4) -> 0 | J18: =ROUND(ROUND(ROUND(I18*$E$6,4)*($I$6),2)*(MAX($I$7,1)),2) -> 0 | O18: =IF(O$7="E",LEFT(R$18,3),"") | R18: 254 ESE Level 4 (Grade Level PK-3) | T18: =IF($I$111=1,E18,0) -> 0 | V18: 1 | X18: =ROUND(T18*V18,4) -> 0 | Y18: =ROUND(ROUND(ROUND(X18*$E$6,4)*($I$6),2)*(MAX($I$7,1)),2) -> 0
A19: 254 ESE Level 4 (Grade Level 4-8) | C19: =SUMIFS(CountData!D:D,CountData!B:B,$I$2,CountData!C:C,$O19) -> 0 | D19: =SUMIFS(CountData!J:J,CountData!H:H,$I$2,CountData!I:I,$O19) -> 0 | E19: =IF($D$28=0,C19*2,C19+D19) -> 0 | G19: =Consolidated!$F21 -> 3.609 | H19: =Consolidated!$H$9 -> 1 | I19: =ROUND(E19*G19,4) -> 0 | J19: =ROUND(ROUND(ROUND(I19*$E$6,4)*($I$6),2)*(MAX($I$7,1)),2) -> 0 | O19: =IF(O$8="M",LEFT(R$19,3),"") | R19: 254 ESE Level 4 (Grade Level 4-8) | T19: =IF($I$111=1,E19,0) -> 0 | V19: 1 | X19: =ROUND(T19*V19,4) -> 0 | Y19: =ROUND(ROUND(ROUND(X19*$E$6,4)*($I$6),2)*(MAX($I$7,1)),2) -> 0
A20: 254 ESE Level 4 (Grade Level 9-12) | C20: =SUMIFS(CountData!D:D,CountData!B:B,$I$2,CountData!C:C,$O20) -> 0 | D20: =SUMIFS(CountData!J:J,CountData!H:H,$I$2,CountData!I:I,$O20) -> 0 | E20: =IF($D$28=0,C20*2,C20+D20) -> 0 | G20: =Consolidated!$F22 -> 3.609 | H20: =Consolidated!$H$9 -> 1 | I20: =ROUND(E20*G20,4) -> 0 | J20: =ROUND(ROUND(ROUND(I20*$E$6,4)*($I$6),2)*(MAX($I$7,1)),2) -> 0 | O20: =IF(O$9="H",LEFT(R$20,3),"") -> 254 | R20: 254 ESE Level 4 (Grade Level 9-12) | T20: =IF($I$111=1,E20,0) -> 0 | V20: 1 | X20: =ROUND(T20*V20,4) -> 0 | Y20: =ROUND(ROUND(ROUND(X20*$E$6,4)*($I$6),2)*(MAX($I$7,1)),2) -> 0
A21: 255 ESE Level 5 (Grade Level PK-3) | C21: =SUMIFS(CountData!D:D,CountData!B:B,$I$2,CountData!C:C,$O21) -> 0 | D21: =SUMIFS(CountData!J:J,CountData!H:H,$I$2,CountData!I:I,$O21) -> 0 | E21: =IF($D$28=0,C21*2,C21+D21) -> 0 | G21: =Consolidated!$F23 -> 6.064 | H21: =Consolidated!$H$9 -> 1 | I21: =ROUND(E21*G21,4) -> 0 | J21: =ROUND(ROUND(ROUND(I21*$E$6,4)*($I$6),2)*(MAX($I$7,1)),2) -> 0 | O21: =IF(O$7="E",LEFT(R$21,3),"") | R21: 255 ESE Level 5 (Grade Level PK-3) | T21: =IF($I$111=1,E21,0) -> 0 | V21: 1 | X21: =ROUND(T21*V21,4) -> 0 | Y21: =ROUND(ROUND(ROUND(X21*$E$6,4)*($I$6),2)*(MAX($I$7,1)),2) -> 0
A22: 255 ESE Level 5 (Grade Level 4-8) | C22: =SUMIFS(CountData!D:D,CountData!B:B,$I$2,CountData!C:C,$O22) -> 0 | D22: =SUMIFS(CountData!J:J,CountData!H:H,$I$2,CountData!I:I,$O22) -> 0 | E22: =IF($D$28=0,C22*2,C22+D22) -> 0 | G22: =Consolidated!$F24 -> 6.064 | H22: =Consolidated!$H$9 -> 1 | I22: =ROUND(E22*G22,4) -> 0 | J22: =ROUND(ROUND(ROUND(I22*$E$6,4)*($I$6),2)*(MAX($I$7,1)),2) -> 0 | O22: =IF(O$8="M",LEFT(R$22,3),"") | R22: 255 ESE Level 5 (Grade Level 4-8) | T22: =IF($I$111=1,E22,0) -> 0 | V22: 1 | X22: =ROUND(T22*V22,4) -> 0 | Y22: =ROUND(ROUND(ROUND(X22*$E$6,4)*($I$6),2)*(MAX($I$7,1)),2) -> 0
A23: 255 ESE Level 5 (Grade Level 9-12) | C23: =SUMIFS(CountData!D:D,CountData!B:B,$I$2,CountData!C:C,$O23) -> 0 | D23: =SUMIFS(CountData!J:J,CountData!H:H,$I$2,CountData!I:I,$O23) -> 0 | E23: =IF($D$28=0,C23*2,C23+D23) -> 0 | G23: =Consolidated!$F25 -> 6.064 | H23: =Consolidated!$H$9 -> 1 | I23: =ROUND(E23*G23,4) -> 0 | J23: =ROUND(ROUND(ROUND(I23*$E$6,4)*($I$6),2)*(MAX($I$7,1)),2) -> 0 | O23: =IF(O$9="H",LEFT(R$23,3),"") -> 255 | R23: 255 ESE Level 5 (Grade Level 9-12) | T23: =IF($I$111=1,E23,0) -> 0 | V23: 1 | X23: =ROUND(T23*V23,4) -> 0 | Y23: =ROUND(ROUND(ROUND(X23*$E$6,4)*($I$6),2)*(MAX($I$7,1)),2) -> 0
A24: 130 ESOL (Grade Level PK-3) | C24: =SUMIFS(CountData!D:D,CountData!B:B,$I$2,CountData!C:C,$O24) -> 0 | D24: =SUMIFS(CountData!J:J,CountData!H:H,$I$2,CountData!I:I,$O24) -> 0 | E24: =IF($D$28=0,C24*2,C24+D24) -> 0 | G24: =Consolidated!$F26 -> 1.165 | H24: =Consolidated!$H$9 -> 1 | I24: =ROUND(E24*G24,4) -> 0 | J24: =ROUND(ROUND(ROUND(I24*$E$6,4)*($I$6),2)*(MAX($I$7,1)),2) -> 0 | O24: =IF(O$7="E",LEFT(R$24,3),"") | R24: 130 ESOL (Grade Level PK-3) | T24: =IF($I$111=1,E24,0) -> 0 | V24: 1 | X24: =ROUND(T24*V24,4) -> 0 | Y24: =ROUND(ROUND(ROUND(X24*$E$6,4)*($I$6),2)*(MAX($I$7,1)),2) -> 0
A25: 130 ESOL (Grade Level 4-8) | C25: =SUMIFS(CountData!D:D,CountData!B:B,$I$2,CountData!C:C,$O25) -> 0 | D25: =SUMIFS(CountData!J:J,CountData!H:H,$I$2,CountData!I:I,$O25) -> 0 | E25: =IF($D$28=0,C25*2,C25+D25) -> 0 | G25: =Consolidated!$F27 -> 1.165 | H25: =Consolidated!$H$9 -> 1 | I25: =ROUND(E25*G25,4) -> 0 | J25: =ROUND(ROUND(ROUND(I25*$E$6,4)*($I$6),2)*(MAX($I$7,1)),2) -> 0 | O25: =IF(O$8="M",LEFT(R$25,3),"") | R25: 130 ESOL (Grade Level 4-8) | T25: =IF($I$111=1,E25,0) -> 0 | V25: 1 | X25: =ROUND(T25*V25,4) -> 0 | Y25: =ROUND(ROUND(ROUND(X25*$E$6,4)*($I$6),2)*(MAX($I$7,1)),2) -> 0
A26: 130 ESOL (Grade Level 9-12) | C26: =SUMIFS(CountData!D:D,CountData!B:B,$I$2,CountData!C:C,$O26) -> 10.22 | D26: =SUMIFS(CountData!J:J,CountData!H:H,$I$2,CountData!I:I,$O26) -> 9.67 | E26: =IF($D$28=0,C26*2,C26+D26) -> 19.89 | G26: =Consolidated!$F28 -> 1.165 | H26: =Consolidated!$H$9 -> 1 | I26: =ROUND(E26*G26,4) -> 23.1719 | J26: =ROUND(ROUND(ROUND(I26*$E$6,4)*($I$6),2)*(MAX($I$7,1)),2) -> 128912.86 | O26: =IF(O$9="H",LEFT(R$26,3),"") -> 130 | R26: 130 ESOL (Grade Level 9-12) | T26: =IF($I$111=1,E26,0) -> 0 | V26: 1 | X26: =ROUND(T26*V26,4) -> 0 | Y26: =ROUND(ROUND(ROUND(X26*$E$6,4)*($I$6),2)*(MAX($I$7,1)),2) -> 0
A27: 300 Career Education (Grades 9-12) | C27: =SUMIFS(CountData!D:D,CountData!B:B,$I$2,CountData!C:C,$O27) -> 89.24 | D27: =SUMIFS(CountData!J:J,CountData!H:H,$I$2,CountData!I:I,$O27) -> 79.33 | E27: =IF($D$28=0,C27*2,C27+D27) -> 168.57 | G27: =Consolidated!$F29 -> 1.081 | H27: =Consolidated!$H$9 -> 1 | I27: =ROUND(E27*G27,4) -> 182.2242 | J27: =ROUND(ROUND(ROUND(I27*$E$6,4)*($I$6),2)*(MAX($I$7,1)),2) -> 1013772.9 | O27: =LEFT(R27,3) -> 300 | R27: 300 Career Education (Grades 9-12) | T27: =IF($I$111=1,E27,0) -> 0 | V27: 1 | X27: =ROUND(T27*V27,4) -> 0 | Y27: =ROUND(ROUND(ROUND(X27*$E$6,4)*($I$6),2)*(MAX($I$7,1)),2) -> 0
A28: Totals | C28: =SUM(C12:C27) -> 425.16 | D28: =SUM(D12:D27) -> 405.23 | E28: =SUM(E12:E27) -> 830.39 | I28: =SUM(I12:I27) -> 833.9351 | J28: =SUM(J12:J27) -> 4639453.9 | R28: Totals | T28: =SUM(T12:T27) -> 0 | X28: =SUM(X12:X27) -> 0 | Y28: =SUM(Y12:Y27) -> 0
A29: Letters in Parentheses Refer to Notes at Bottom of Worksheet: | R29: Letters in Parentheses Refer to Notes at Bottom of Worksheet:
A30: Additional FTE | E30: Number of FTE Charter schools should contact their school district sponsor regarding eligible FTE. Please note that “Number of FTE” is NOT equivalent to number of students enrolled in these courses or programs. | J30: 2025-26 Base Funding (WFTE x BSA x CWF x SDF) | R30: Additional FTE | T30: Number of FTE Charter schools should contact their school district sponsor regarding eligible FTE. Please note that “Number of FTE” is NOT equivalent to number of students enrolled in these courses or programs. Please refer to footnote (a) below. | Y30: 2025-26 Base Funding (WFTE x BSA x CWF x SDF)
A31: Small District ESE Supplement | J31: =ROUND(ROUND(ROUND(I31*$E$6,4)*($I$6),0)*(MAX($I$7,1)),0) -> 0 | R31: Small District ESE Supplement | Y31: =J31 -> 0
A32: Total Additional FTE | G32: =SUM(I31:I31) -> 0 | H32: Additional Base Funds | J32: =SUM(J31:J31) -> 0 | R32: Total Additional FTE | V32: =SUM(T31:V31) -> 0 | W32: Additional Base Funds | Y32: =SUM(Y31:Y31) -> 0
A33: Total Funded Weighted FTE | G33: =G32+I28 -> 833.9351 | H33: Total Base Funding | J33: =SUM(J32,J28) -> 4639453.9 | R33: Total Funded Weighted FTE | V33: =V32+X28 -> 0 | W33: Total Base Funding | Y33: =SUM(Y32,Y28) -> 0
A35: 1B. Classroom Teacher and Other Instructional Personnel Salary Increase Maintenance and Growth Portions of the Salary Increase funds are part of the total Conference Base Funding and are not treated as a separate allocation. Amounts are split out here for informative purposes and for the purposes of providing a total that may be used for calculating the adminstrative fee. | R35: 1B. Classroom Teacher and Other Instructional Personnel Salary Increase Maintenance and Growth Portions of the Salary Increase funds are part of the total Conference Base Funding and are not treated as a separate allocation. Amounts are split out here for informative purposes and for the purposes of providing a total that may be used for calculating the adminstrative fee.
A36: Maintenance Portion (6.67% of Conference Base Funding) | F36: (a) | G36: 3884600.5 | H36: X | I36: 0.0667 | J36: =ROUND(G36*I36,2) -> 259102.85 | R36: Maintenance Portion (6.67% of Conference Base Funding) | V36: 0 | W36: X | X36: 0.0667 | Y36: =ROUND(V36*X36,2) -> 0
A37: Growth Portion (0.54% of Conference Base Funding) | F37: (a) | G37: 3884600.5 | H37: X | I37: 0.0054 | J37: =ROUND(G37*I37,2) -> 20976.84 | R37: Growth Portion (0.54% of Conference Base Funding) | V37: 0 | W37: X | X37: 0.0054 | Y37: =ROUND(V37*X37,2) -> 0
A38: Total Salary Increase Allocation | J38: =SUM(J36:J37) -> 280079.69 | R38: Total Salary Increase Allocation | Y38: =Y36+Y37 -> 0
A40: 2. ESE Guaranteed Allocation: | C40: Oct 2025 FTE | D40: Feb 2026 FTE | E40: Total FTE | G40: Grade Level | H40: Matrix Level | I40: Guarantee Per Student | R40: 2. ESE Guaranteed Allocation: | T40: FTE | V40: Grade Level | W40: Matrix Level | X40: Guarantee Per Student
A41: Additional Funding from the ESE Guaranteed Allocation. Enter the FTE from 111,112 and 113 by grade and matrix level. Students who do not have a matrix level should be considered 251. This total should equal all FTE from programs 111, 112 and 113 above, less any 113 gifted FTE. | C41: 0 | D41: 0 | E41: =IF($D$50=0,C41*2,C41+D41) -> 0 | G41: PK-3 | H41: 251 | I41: =Consolidated!$H59 -> 1047 | J41: =ROUND(E41*I41,2) -> 0 | R41: Additional Funding from the ESE Guaranteed Allocation. Enter the FTE from 111,112, & 113 by grade and matrix level. Students who do not have a matrix level should be considered 251. This total should equal all FTE from programs 111, 112 & 113 above. | V41: PK-3 | W41: 251 | X41: =Consolidated!$H59 -> 1047 | Y41: =ROUND(T41*X41,2) -> 0
C42: 0 | D42: 0 | E42: =IF($D$50=0,C42*2,C42+D42) -> 0 | G42: PK-3 | H42: 252 | I42: =Consolidated!$H60 -> 3380 | J42: =ROUND(E42*I42,2) -> 0 | V42: PK-3 | W42: 252 | X42: =Consolidated!$H60 -> 3380 | Y42: =ROUND(T42*X42,2) -> 0
C43: 0 | D43: 0 | E43: =IF($D$50=0,C43*2,C43+D43) -> 0 | G43: PK-3 | H43: 253 | I43: =Consolidated!$H61 -> 6896 | J43: =ROUND(E43*I43,2) -> 0 | V43: PK-3 | W43: 253 | X43: =Consolidated!$H61 -> 6896 | Y43: =ROUND(T43*X43,2) -> 0
C44: 9.5 | D44: 0 | E44: =IF($D$50=0,C44*2,C44+D44) -> 19 | G44: 4-8 | H44: 251 | I44: =Consolidated!$H62 -> 1173 | J44: =ROUND(E44*I44,2) -> 22287 | V44: 4-8 | W44: 251 | X44: =Consolidated!$H62 -> 1173 | Y44: =ROUND(T44*X44,2) -> 0
C45: 0.5 | D45: 0 | E45: =IF($D$50=0,C45*2,C45+D45) -> 1 | G45: 4-8 | H45: 252 | I45: =Consolidated!$H63 -> 3506 | J45: =ROUND(E45*I45,2) -> 3506 | V45: 4-8 | W45: 252 | X45: =Consolidated!$H63 -> 3506 | Y45: =ROUND(T45*X45,2) -> 0
C46: 0 | D46: 0 | E46: =IF($D$50=0,C46*2,C46+D46) -> 0 | G46: 4-8 | H46: 253 | I46: =Consolidated!$H64 -> 7023 | J46: =ROUND(E46*I46,2) -> 0 | V46: 4-8 | W46: 253 | X46: =Consolidated!$H64 -> 7023 | Y46: =ROUND(T46*X46,2) -> 0
C47: 32.79 | D47: 0 | E47: =IF($D$50=0,C47*2,C47+D47) -> 65.58 | G47: 9-12 | H47: 251 | I47: =Consolidated!$H65 -> 835 | J47: =ROUND(E47*I47,2) -> 54759.3 | V47: 9-12 | W47: 251 | X47: =Consolidated!$H65 -> 835 | Y47: =ROUND(T47*X47,2) -> 0
C48: 2.05 | D48: 0 | E48: =IF($D$50=0,C48*2,C48+D48) -> 4.1 | G48: 9-12 | H48: 252 | I48: =Consolidated!$H66 -> 3168 | J48: =ROUND(E48*I48,2) -> 12988.8 | V48: 9-12 | W48: 252 | X48: =Consolidated!$H66 -> 3168 | Y48: =ROUND(T48*X48,2) -> 0
C49: 0 | D49: 0 | E49: =IF($D$50=0,C49*2,C49+D49) -> 0 | G49: 9-12 | H49: 253 | I49: =Consolidated!$H67 -> 6685 | J49: =ROUND(E49*I49,2) -> 0 | V49: 9-12 | W49: 253 | X49: =Consolidated!$H67 -> 6685 | Y49: =ROUND(T49*X49,2) -> 0
A50: Total FTE with ESE Services | C50: =SUM(C41:C49) -> 44.84 | D50: =SUM(D41:D49) -> 0 | E50: =SUM(E41:E49) -> 89.68 | G50: Total ESE Guarantee | J50: =SUM(J41:J49) -> 93541.1 | R50: Total FTE with ESE Services | T50: =SUM(T42:T49) -> 0 | V50: Total ESE Guarantee | Y50: =SUM(Y41:Y49) -> 0
R51: 3A. Divide school's Unweighted FTE (UFTE) total computed in Section 1, cell C28 above by the district's total UFTE to obtain school's
A52: 3A. Divide school's Unweighted FTE (UFTE) total computed in Section 1, cell C28 above by the district's total UFTE to obtain school's | R52: UFTE share. Charter School UFTE: | T52: =T28 -> 0 | U52: ÷ | W52: District's Total UFTE: | X52: =I53 -> 207782.75
A53: UFTE share. Charter School UFTE: | C53: =E28 -> 830.39 | D53: ÷ | H53: District's Total UFTE: | I53: =Consolidated!H$71 -> 207782.75 | W53: = | X53: =ROUND(T52/X52,6) -> 0
H54: = | I54: =IFERROR(ROUND(C53/I53,6),0) -> 0.003996 | R54: 3B. Divide school's Weighted FTE (WFTE) total computed in Section 1, cell E39 above by the district's total WFTE to obtain school's
A55: 3B. Divide school's Weighted FTE (WFTE) total computed in Section 1, cell E33 above by the district's total WFTE to obtain school's | R55: WFTE share. Charter School WFTE: | T55: =X28 -> 0 | U55: ÷ | W55: District's Total WFTE: | X55: =I56 -> 221179.84
A56: WFTE share. Charter School WFTE: | C56: =G33 -> 833.9351 | D56: ÷ | H56: District's Total WFTE: | I56: =Consolidated!H$74 -> 221179.84 | W56: = | X56: =ROUND(T55/X55,6) -> 0
H57: = | I57: =IFERROR(ROUND(C56/I56,6),0) -> 0.00377 | R57: 3C. Divide school's Unweighted FTE (UFTE) total computed in Section 1, cell C28 above by the district's total non-scholarship UFTE to obtain school's
A58: 3C. Divide school's Unweighted FTE (UFTE) total computed in Section 1, cell C28 above by the district's total non-scholarship UFTE to obtain school's | R58: UFTE share. Charter School UFTE: | T58: =T28 -> 0 | U58: ÷ | V58: District's Total Non-Scholarship UFTE: | X58: =I59 -> 178931.75
A59: UFTE share. Charter School UFTE: | C59: =E28 -> 830.39 | D59: ÷ | F59: District's Total Non-Scholarship UFTE: | I59: =Consolidated!H$77 -> 178931.75 | W59: = | X59: =ROUND(T58/X58,6) -> 0
H60: = | I60: =IFERROR(ROUND(C59/I59,6),0) -> 0.004641 | R60: 3D. Divide school's Unweighted FTE (UFTE) total computed in Section 1, cell C28 above by the district's total non-virtual UFTE to obtain school's
A61: 3D. Divide school's Unweighted FTE (UFTE) total computed in Section 1, cell C28 above by the district's total non-virtual UFTE to obtain school's | R61: UFTE share. Charter School UFTE: | T61: =T28 -> 0 | U61: ÷ | V61: District's Total Non-Virtual UFTE: | X61: =I62 -> 207463.82
A62: UFTE share. Charter School UFTE: | C62: =E28 -> 830.39 | D62: ÷ | F62: District's Total Non-Virtual UFTE: | I62: =Consolidated!H$80 -> 207463.82 | W62: = | X62: =ROUND(T61/X61,6) -> 0
H63: = | I63: =IFERROR(ROUND(C62/I62,6),0) -> 0.004003 | R63: 3E. Divide school's Unweighted FTE (UFTE) total computed in Section 1, cell C28 above by the district's total non-scholarship and non-virtual UFTE to obtain school's
A64: 3E. Divide school's Unweighted FTE (UFTE) total computed in Section 1, cell C28 above by the district's total non-scholarship and non-virtual UFTE to obtain school's | R64: UFTE share. Charter School UFTE: | T64: =T28 -> 0 | U64: ÷ | V64: District's Total Non-Virtual and Non-Scholarship UFTE: | X64: =I65 -> 178612.82
A65: UFTE share. Charter School UFTE: | C65: =E28 -> 830.39 | D65: ÷ District's Total Non-Scholarship Non-Virtual UFTE: | I65: =Consolidated!H$83 -> 178612.82 | W65: = | X65: =ROUND(T64/X64,6) -> 0
H66: = | I66: =IFERROR(ROUND(C65/I65,6),0) -> 0.004649
R67: 4. Educational Enrichment Share (Non-Virtual UFTE share) | V67: =G68 -> 45629593 | W67: x | X67: =X62 -> 0 | Y67: =ROUND(V67*X67,2) -> 0
A68: 4. Educational Enrichment Share (Non-Virtual UFTE share) | F68: (e) | G68: =Consolidated!F$86 -> 45629593 | H68: x | I68: =I63 -> 0.004003 | J68: =ROUND(G68*I68,2) -> 182655.26 | R68: 5. Discretionary Millage Compression Allocation
A69: 5. Discretionary Millage Compression Allocation | R69: .748 Mills | V69: =G70 -> 0 | W69: x | X69: =X53 -> 0 | Y69: =ROUND(V69*X69,2) -> 0
